Workbook

Sheet REPUESTOS
A1: MINISTERIO DE TRANSPORTE
A2: INSTITUTO NACIONAL DE VÍAS
A3: SUBDIRECCIÓN ADMINISTRATIVA
A4: PRESUPUESTO PROCESO MULTIMARCAS
A6: No. | B6: DESCRIPCION | C6: FORD RANGER | L6: FORD BRONCO | U6: RENAULT ALASKAN | AD6: RENAULT NEW KOLEOS | AM6: RENAULT OROCH | AV6: RENAULT CAMIONETA DUSTER | BE6: RENAULT TRAFIC | BN6: CHEVROLET TRACKER LS TURBO AC 1.2 5P 4X2 TM | BW6: CHEVROLET CAMIONETA DMAX 4X2 | CF6: CHEVROLET N300 | CO6: MONTERO MITSUBISHI | CX6: SUBARU FORESTER 2,0 | DG6: TOYOTA PRADO (2006 - 2008) | DP6: TOYOTA HILUX (2006 - 2013 y 2015) | DY6: TOYOTA FORTUNER | EH6: TOYOTA RAV 4 | EQ6: NISSAN FRONTIER NP 300 | EZ6: CHEVROLET COLORADO | FI6: WINGLE | FR6: HYUNDAI TUCSON | GA6: JMC | GJ6: REANULT KANGOO | GS6: RENAULT LOGAN | HB6: SUZUKI ALTO | HK6: VOLKSWAGUEN CRAFTER | HT6: FORD BATT UMG | IC6: FORD HUNTER TR12
C7: Adjudicado 2025 | D7: HYUNDAUTOS | E7: MOTOSPEED | F7: INVERNORTE | G7: PROMEDIO | H7: Mediana | I7: Media | J7: Valor Presente | K7: Margen de rentabilidad esperada en el sector 20,5% | L7: Adjudicado 2025 | M7: HYUNDAUTOS | N7: MOTOSPEED | O7: INVERNORTE | P7: PROMEDIO | Q7: Mediana | R7: Media | S7: Valor Presente | T7: Margen de rentabilidad esperada en el sector 20,5% | U7: Adjudicado 2025 | V7: HYUNDAUTOS | W7: MOTOSPEED | X7: INVERNORTE | Y7: PROMEDIO | Z7: Mediana | AA7: Media | AB7: Valor Presente | AC7: Margen de rentabilidad esperada en el sector 20,5% | AD7: Adjudicado 2025 | AE7: HYUNDAUTOS | AF7: MOTOSPEED | AG7: INVERNORTE | AH7: PROMEDIO | AI7: Mediana | AJ7: Media | AK7: Valor Presente | AL7: Margen de rentabilidad esperada en el sector 20,5% | AM7: Adjudicado 2025 | AN7: HYUNDAUTOS | AO7: MOTOSPEED | AP7: INVERNORTE | AQ7: PROMEDIO | AR7: Mediana | AS7: Media | AT7: Valor Presente | AU7: Margen de rentabilidad esperada en el sector 20,5% | AV7: Adjudicado 2025 | AW7: HYUNDAUTOS | AX7: MOTOSPEED | AY7: INVERNORTE | AZ7: PROMEDIO | BA7: Mediana | BB7: Media | BC7: Valor Presente | BD7: Margen de rentabilidad esperada en el sector 20,5% | BE7: Adjudicado 2025 | BF7: HYUNDAUTOS | BG7: MOTOSPEED | BH7: INVERNORTE | BI7: PROMEDIO | BJ7: Mediana | BK7: Media | BL7: Valor Presente | BM7: Margen de rentabilidad esperada en el sector 20,5% | BN7: Adjudicado 2025 | BO7: HYUNDAUTOS | BP7: MOTOSPEED | BQ7: INVERNORTE | BR7: PROMEDIO | BS7: Mediana | BT7: Media | BU7: Valor Presente | BV7: Margen de rentabilidad esperada en el sector 20,5% | BW7: Adjudicado 2025 | BX7: HYUNDAUTOS | BY7: MOTOSPEED | BZ7: INVERNORTE | CA7: PROMEDIO | CB7: Mediana | CC7: Media | CD7: Valor Presente | CE7: Margen de rentabilidad esperada en el sector 20,5% | CF7: Adjudicado 2025 | CG7: HYUNDAUTOS | CH7: MOTOSPEED | CI7: INVERNORTE | CJ7: PROMEDIO | CK7: Mediana | CL7: Media | CM7: Valor Presente | CN7: Margen de rentabilidad esperada en el sector 20,5% | CO7: Adjudicado 2025 | CP7: HYUNDAUTOS | CQ7: MOTOSPEED | CR7: INVERNORTE | CS7: PROMEDIO | CT7: Mediana | CU7: Media | CV7: Valor Presente | CW7: Margen de rentabilidad esperada en el sector 20,5% | CX7: Adjudicado 2025 | CY7: HYUNDAUTOS | CZ7: MOTOSPEED | DA7: INVERNORTE | DB7: PROMEDIO | DC7: Mediana | DD7: Media | DE7: Valor Presente | DF7: Margen de rentabilidad esperada en el sector 20,5% | DG7: Adjudicado 2025 | DH7: HYUNDAUTOS | DI7: MOTOSPEED | DJ7: INVERNORTE | DK7: PROMEDIO | DL7: Mediana | DM7: Media | DN7: Valor Presente | DO7: Margen de rentabilidad esperada en el sector 20,5% | DP7: Adjudicado 2025 | DQ7: HYUNDAUTOS | DR7: MOTOSPEED | DS7: INVERNORTE | DT7: PROMEDIO | DU7: Mediana | DV7: Media | DW7: Valor Presente | DX7: Margen de rentabilidad esperada en el sector 20,5% | DY7: Adjudicado 2025 | DZ7: HYUNDAUTOS | EA7: MOTOSPEED | EB7: INVERNORTE | EC7: PROMEDIO | ED7: Mediana | EE7: Media | EF7: Valor Presente | EG7: Margen de rentabilidad esperada en el sector 20,5% | EH7: Adjudicado 2025 | EI7: HYUNDAUTOS | EJ7: MOTOSPEED | EK7: INVERNORTE | EL7: PROMEDIO | EM7: Mediana | EN7: Media | EO7: Valor Presente | EP7: Margen de rentabilidad esperada en el sector 20,5% | EQ7: Adjudicado 2025 | ER7: HYUNDAUTOS | ES7: MOTOSPEED | ET7: INVERNORTE | EU7: PROMEDIO | EV7: Mediana | EW7: Media | EX7: Valor Presente | EY7: Margen de rentabilidad esperada en el sector 20,5% | EZ7: Adjudicado 2023 | FA7: HYUNDAUTOS | FB7: MOTOSPEED | FC7: INVERNORTE | FD7: PROMEDIO | FE7: Mediana | FF7: Media | FG7: Valor Presente | FH7: Margen de rentabilidad esperada en el sector 20,5% | FI7: Adjudicado 2023 | FJ7: HYUNDAUTOS | FK7: MOTOSPEED | FL7: INVERNORTE | FM7: PROMEDIO | FN7: Mediana | FO7: Media | FP7: Valor Presente | FQ7: Margen de rentabilidad esperada en el sector 20,5% | FR7: Adjudicado 2023 | FS7: HYUNDAUTOS | FT7: MOTOSPEED | FU7: INVERNORTE | FV7: PROMEDIO | FW7: Mediana | FX7: Media | FY7: Valor Presente | FZ7: Margen de rentabilidad esperada en el sector 20,5% | GA7: Adjudicado 2023 | GB7: HYUNDAUTOS | GC7: MOTOSPEED | GD7: INVERNORTE | GE7: PROMEDIO | GF7: Mediana | GG7: Media | GH7: Valor Presente | GI7: Margen de rentabilidad esperada en el sector 20,5% | GJ7: Adjudicado 2023 | GK7: HYUNDAUTOS | GL7: MOTOSPEED | GM7: INVERNORTE | GN7: PROMEDIO | GO7: Mediana | GP7: Media | GQ7: Valor Presente | GR7: Margen de rentabilidad esperada en el sector 20,5% | GS7: Adjudicado 2023 | GT7: HYUNDAUTOS | GU7: MOTOSPEED | GV7: INVERNORTE | GW7: PROMEDIO | GX7: Mediana | GY7: Media | GZ7: Valor Presente | HA7: Margen de rentabilidad esperada en el sector 20,5% | HB7: Adjudicado 2023 | HC7: HYUNDAUTOS | HD7: MOTOSPEED | HE7: INVERNORTE | HF7: PROMEDIO | HG7: Mediana | HH7: Media | HI7: Valor Presente | HJ7: Margen de rentabilidad esperada en el sector 20,5% | HK7: Adjudicado 2023 | HL7: HYUNDAUTOS | HM7: MOTOSPEED | HN7: INVERNORTE | HO7: PROMEDIO | HP7: Mediana | HQ7: Media | HR7: Valor Presente | HS7: Margen de rentabilidad esperada en el sector 20,5% | HT7: Adjudicado 2023 | HU7: HYUNDAUTOS | HV7: MOTOSPEED | HW7: INVERNORTE | HX7: PROMEDIO | HY7: Mediana | HZ7: Media | IA7: Valor Presente | IB7: Margen de rentabilidad esperada en el sector 20,5% | IC7: Adjudicado 2023 | ID7: HYUNDAUTOS | IE7: MOTOSPEED | IF7: INVERNORTE | IG7: PROMEDIO | IH7: Mediana | II7: Media | IJ7: Valor Presente | IK7: Margen de rentabilidad esperada en el sector 20,5% | IM7: PROMEDIO
A8: 1 | B8: LUBRICACIÓN 1 (CAMBIAR FILTRO DE ACEITE, ACEITE MOTOR, REVISAR FILTRO DE AIRE, INCLUYE INSUMOS Y MANO DE OBRA) | C8: =VLOOKUP(B8,[1]Hoja1!$B$9:$D$244,3,0) -> 536305 | D8: 1962000 | E8: 2848000 | F8: 2762600 | G8: =AVERAGE(C8:F8) -> 2027226.2 | H8: =MEDIAN(C8:F8) -> 2362300 | I8: =HARMEAN(C8:F8) -> 1295590.2 | J8: =C8*1.051 -> 563656.55 | K8: =+J8+(J8*20.5%) -> 679206.15 | L8: =VLOOKUP(B8,[1]Hoja1!$B$9:$L$244,11,0) -> 536305 | M8: 1992000 | N8: 2848000 | O8: 2705600 | P8: =AVERAGE(L8:O8) -> 2020476.2 | Q8: =MEDIAN(L8:O8) -> 2348800 | R8: =HARMEAN(L8:O8) -> 1295611.2 | S8: =L8*1.051 -> 563656.55 | T8: =+S8+(S8*20.5%) -> 679206.15 | U8: =VLOOKUP(B8,[1]Hoja1!$B$9:$T$9,19,0) -> 619236 | V8: 2265000 | W8: 2278400 | X8: 2164500 | Y8: =AVERAGE(U8:X8) -> 1831784 | Z8: =MEDIAN(U8:X8) -> 2214750 | AA8: =HARMEAN(U8:X8) -> 1352585.5 | AB8: =U8*1.051 -> 650817.04 | AC8: =+AB8+(AB8*20.5%) -> 784234.53 | AD8: =VLOOKUP(B8,[1]Hoja1!$B$9:$V$244,21,0) -> 536305 | AE8: 1916000 | AF8: 2164480 | AG8: 2056300 | AH8: =AVERAGE(AD8:AG8) -> 1668271.2 | AI8: =MEDIAN(AD8:AG8) -> 1986150 | AJ8: =HARMEAN(AD8:AG8) -> 1199455.5 | AK8: =AD8*1.051 -> 563656.55 | AL8: =+AK8+(AK8*20.5%) -> 679206.15 | AM8: =VLOOKUP(B8,[1]Hoja1!$B$9:$X$9,23,0) -> 543825 | AN8: 1943000 | AO8: 1936640 | AP8: 1820400 | AQ8: =AVERAGE(AM8:AP8) -> 1560966.2 | AR8: =MEDIAN(AM8:AP8) -> 1878520 | AS8: =HARMEAN(AM8:AP8) -> 1169870.1 | AT8: =AM8*1.051 -> 571560.07 | AU8: =+AT8+(AT8*20.5%) -> 688729.89 | AV8: =VLOOKUP(B8,[1]Hoja1!$B$9:$Z$244,25,0) -> 487550 | AW8: 1784000 | AX8: 1936640 | AY8: 1801100 | AZ8: =AVERAGE(AV8:AY8) -> 1502322.5 | BA8: =MEDIAN(AV8:AY8) -> 1792550 | BB8: =HARMEAN(AV8:AY8) -> 1086016.8 | BC8: =AV8*1.051 -> 512415.05 | BD8: =+BC8+(BC8*20.5%) -> 617460.14 | BE8: =VLOOKUP(B8,[1]Hoja1!$B$9:$AB$244,27,0) -> 536305 | BF8: 2146000 | BG8: 2278400 | BH8: 2255600 | BI8: =AVERAGE(BE8:BH8) -> 1804076.2 | BJ8: =MEDIAN(BE8:BH8) -> 2200800 | BK8: =HARMEAN(BE8:BH8) -> 1245004.7 | BL8: =BE8*1.051 -> 563656.55 | BM8: =+BL8+(BL8*20.5%) -> 679206.15 | BN8: =VLOOKUP(B8,[1]Hoja1!$B$9:$AD$244,29,0) -> 536305 | BO8: 1916000 | BP8: 2278400 | BQ8: 2210000 | BR8: =AVERAGE(BN8:BQ8) -> 1735176.2 | BS8: =MEDIAN(BN8:BQ8) -> 2063000 | BT8: =HARMEAN(BN8:BQ8) -> 1220284.4 | BU8: =BN8*1.051 -> 563656.55 | BV8: =+BU8+(BU8*20.5%) -> 679206.15 | BW8: =VLOOKUP(B8,[1]Hoja1!$B$9:$AF$244,31,0) -> 516709 | BX8: 1480000 | BY8: 1936640 | BZ8: 1839800 | CA8: =AVERAGE(BW8:BZ8) -> 1443287.2 | CB8: =MEDIAN(BW8:BZ8) -> 1659900 | CC8: =HARMEAN(BW8:BZ8) -> 1089652.1 | CD8: =BW8*1.051 -> 543061.16 | CE8: =+CD8+(CD8*20.5%) -> 654388.7 | CF8: =VLOOKUP(B8,[1]Hoja1!$B$9:$AJ$244,35,0) -> 487550 | CG8: 1400000 | CH8: 1316900 | CI8: 1211500 | CJ8: =AVERAGE(CF8:CI8) -> 1103987.5 | CK8: =MEDIAN(CF8:CI8) -> 1264200 | CL8: =HARMEAN(CF8:CI8) -> 919510.74 | CM8: =CF8*1.051 -> 512415.05 | CN8: =+CM8+(CM8*20.5%) -> 617460.14 | CO8: =VLOOKUP(B8,[1]Hoja1!$B$9:$AL$244,37,0) -> 487550 | CP8: 1750000 | CQ8: 1936640 | CR8: 1859200 | CS8: =AVERAGE(CO8:CR8) -> 1508347.5 | CT8: =MEDIAN(CO8:CR8) -> 1804600 | CU8: =HARMEAN(CO8:CR8) -> 1087924.9 | CV8: =CO8*1.051 -> 512415.05 | CW8: =+CV8+(CV8*20.5%) -> 617460.14 | CX8: =VLOOKUP(B8,[1]Hoja1!$B$9:$AN$244,39,0) -> 536305 | CY8: 1770000 | CZ8: 2164480 | DA8: 2013000 | DB8: =AVERAGE(CX8:DA8) -> 1620946.2 | DC8: =MEDIAN(CX8:DA8) -> 1891500 | DD8: =HARMEAN(CX8:DA8) -> 1180512.8 | DE8: =CX8*1.051 -> 563656.55 | DF8: =+DE8+(DE8*20.5%) -> 679206.15 | DG8: =VLOOKUP(B8,[1]Hoja1!$B$9:$AR$244,43,0) -> 598080 | DH8: 2051000 | DI8: 1708800 | DJ8: 1537900 | DK8: =AVERAGE(DG8:DJ8) -> 1473945 | DL8: =MEDIAN(DG8:DJ8) -> 1623350 | DM8: =HARMEAN(DG8:DJ8) -> 1178193.7 | DN8: =DG8*1.051 -> 628582.08 | DO8: =+DN8+(DN8*20.5%) -> 757441.41 | DP8: =VLOOKUP(B8,[1]Hoja1!$B$9:$AT$244,45,0) -> 598080 | DQ8: 2188000 | DR8: 1708800 | DS8: 1657500 | DT8: =AVERAGE(DP8:DS8) -> 1538095 | DU8: =MEDIAN(DP8:DS8) -> 1683150 | DV8: =HARMEAN(DP8:DS8) -> 1205698.2 | DW8: =DP8*1.051 -> 628582.08 | DX8: =+DW8+(DW8*20.5%) -> 757441.41 | DY8: =VLOOKUP(B8,[1]Hoja1!$B$9:$AV$244,47,0) -> 677824 | DZ8: 2330000 | EA8: 1936640 | EB8: 1878500 | EC8: =AVERAGE(DY8:EB8) -> 1705741 | ED8: =MEDIAN(DY8:EB8) -> 1907570 | EE8: =HARMEAN(DY8:EB8) -> 1354466.8 | EF8: =DY8*1.051 -> 712393.02 | EG8: =+EF8+(EF8*20.5%) -> 858433.59 | EH8: =VLOOKUP(B8,[1]Hoja1!$B$9:$AX$244,49,0) -> 732114 | EI8: 2615000 | EJ8: 2563200 | EK8: 2435000 | EL8: =AVERAGE(EH8:EK8) -> 2086328.5 | EM8: =MEDIAN(EH8:EK8) -> 2499100 | EN8: =HARMEAN(EH8:EK8) -> 1569161.8 | EO8: =EH8*1.051 -> 769451.81 | EP8: =+EO8+(EO8*20.5%) -> 927189.44 | EQ8: =VLOOKUP(B8,[1]Hoja1!$B$9:$AZ$244,51,0) -> 686317 | ER8: 2256000 | ES8: 2563200 | ET8: 2460700 | EU8: =AVERAGE(EQ8:ET8) -> 1991554.2 | EV8: =MEDIAN(EQ8:ET8) -> 2358350 | EW8: =HARMEAN(EQ8:ET8) -> 1483216.9 | EX8: =EQ8*1.2081 -> 829139.57 | EY8: =+EX8+(EX8*20.5%) -> 999113.18 | EZ8: =VLOOKUP(B8,'[2]RESPUESTOS '!$B$11:$BH$246,59,0) -> 373632 | FA8: 2265000 | FB8: 2034200 | FC8: 1993500 | FD8: =AVERAGE(EZ8:FC8) -> 1666583 | FE8: =MEDIAN(EZ8:FC8) -> 2013850 | FF8: =HARMEAN(EZ8:FC8) -> 972962.48 | FG8: =EZ8*1.2081 -> 451384.82 | FH8: =+FG8+(FG8*20.5%) -> 543918.71 | FI8: =VLOOKUP(B8,'[2]RESPUESTOS '!$B$11:$CJ$246,87,0) -> 406530 | FJ8: 2718000 | FK8: 2200000 | FL8: 2156000 | FM8: =AVERAGE(FI8:FL8) -> 1870132.5 | FN8: =MEDIAN(FI8:FL8) -> 2178000 | FO8: =HARMEAN(FI8:FL8) -> 1067769.2 | FP8: =FI8*1.2081 -> 491128.89 | FQ8: =+FP8+(FP8*20.5%) -> 591810.32 | FR8: =VLOOKUP(B8,'[2]RESPUESTOS '!$B$11:$BX$246,75,0) -> 380537 | FS8: 2265000 | FT8: 2034200 | FU8: 1973200 | FV8: =AVERAGE(FR8:FU8) -> 1663234.2 | FW8: =MEDIAN(FR8:FU8) -> 2003700 | FX8: =HARMEAN(FR8:FU8) -> 983344.31 | FY8: =FR8*1.2081 -> 459726.75 | FZ8: =+FY8+(FY8*20.5%) -> 553970.73 | GA8: =VLOOKUP(B8,'[2]RESPUESTOS '!$B$11:$CN$246,91,0) -> 425081 | GB8: 2605000 | GC8: 2145000 | GD8: 2059200 | GE8: =AVERAGE(GA8:GD8) -> 1808570.2 | GF8: =MEDIAN(GA8:GD8) -> 2102100 | GG8: =HARMEAN(GA8:GD8) -> 1084541.1 | GH8: =GA8*1.2081 -> 513540.36 | GI8: =+GH8+(GH8*20.5%) -> 618816.13 | GJ8: =VLOOKUP(B8,'[2]RESPUESTOS '!$B$11:$T$246,19,0) -> 309171 | GK8: 1770000 | GL8: 1725000 | GM8: 1673300 | GN8: =AVERAGE(GJ8:GM8) -> 1369367.8 | GO8: =MEDIAN(GJ8:GM8) -> 1699150 | GP8: =HARMEAN(GJ8:GM8) -> 803735.86 | GQ8: =GJ8*1.2081 -> 373509.49 | GR8: =+GQ8+(GQ8*20.5%) -> 450078.93 | GS8: =VLOOKUP(B8,'[2]RESPUESTOS '!$B$11:$H$246,7,0) -> 271938 | GT8: 1400000 | GU8: 1035000 | GV8: 993600 | GW8: =AVERAGE(GS8:GV8) -> 925134.5 | GX8: =MEDIAN(GS8:GV8) -> 1014300 | GY8: =HARMEAN(GS8:GV8) -> 628513.85 | GZ8: =GS8*1.2081 -> 328528.3 | HA8: =+GZ8+(GZ8*20.5%) -> 395876.6 | HB8: =VLOOKUP(B8,'[2]RESPUESTOS '!$B$11:$D$246,3,0) -> 270187 | HC8: 1400000 | HD8: 1035000 | HE8: 1004000 | HF8: =AVERAGE(HB8:HE8) -> 927296.75 | HG8: =MEDIAN(HB8:HE8) -> 1019500 | HH8: =HARMEAN(HB8:HE8) -> 627192.67 | HI8: =HB8*1.2081 -> 326412.91 | HJ8: =+HI8+(HI8*20.5%) -> 393327.56 | HK8: =VLOOKUP(B8,'[2]RESPUESTOS '!$B$11:$CB$246,79,0) -> 411223 | HL8: 2615000 | HM8: 2145000 | HN8: 2102000 | HO8: =AVERAGE(HK8:HN8) -> 1818305.8 | HP8: =MEDIAN(HK8:HN8) -> 2123500 | HQ8: =HARMEAN(HK8:HN8) -> 1064929.4 | HR8: =HK8*1.2081 -> 496798.51 | HS8: =+HR8+(HR8*20.5%) -> 598642.2 | HT8: 1300068 | HU8: 2615000 | HV8: 2848000 | HW8: 2734100 | HX8: =AVERAGE(HU8:HW8) -> 2732366.7 | HY8: =MEDIAN(HU8:HW8) -> 2734100 | HZ8: =HARMEAN(HU8:HW8) -> 2729049.5 | IA8: =HT8*1.2081 -> 1570612.2 | IB8: =+IA8+(IA8*20.5%) -> 1892587.6 | IC8: 1386000 | ID8: 2265000 | IE8: 2848000 | IF8: 2705600 | IG8: =AVERAGE(ID8:IF8) -> 2606200 | IH8: =MEDIAN(ID8:IF8) -> 2705600 | II8: =HARMEAN(ID8:IF8) -> 2581248 | IJ8: =IC8*1.2081 -> 1674426.6 | IK8: =+IJ8+(IJ8*20.5%) -> 2017684.1 | IM8: =(K8+T8+AC8+AL8+AU8+BD8+BM8+BV8+CE8+CN8+CW8+DF8+DO8+DX8+EG8+EP8+EY8+FH8+FQ8+FZ8+GI8+GR8+HA8+HJ8+HS8+IB8+IK8)/27 -> 755974.16
A9: 2 | B9: LUBRICACIÓN 2 (CAMBIAR FILTRO DE ACEITE, FILTRO DE AIRE, FILTROS DE COMBUSTIBLE, ACEITE MOTOR, INCLUYE INSUMOS Y MANO DE OBRA) | C9: =VLOOKUP(B9,[1]Hoja1!$B$9:$D$244,3,0) -> 668861 | D9: 2447000 | E9: 3823000 | F9: 3746500 | G9: =AVERAGE(C9:F9) -> 2671340.2 | H9: =MEDIAN(C9:F9) -> 3096750 | I9: =HARMEAN(C9:F9) -> 1644579.2 | J9: =C9*1.051 -> 702972.91 | K9: =+J9+(J9*20.5%) -> 847082.36 | L9: =VLOOKUP(B9,[1]Hoja1!$B$9:$L$244,11,0) -> 685815 | M9: 2548000 | N9: 3823000 | O9: 3670100 | P9: =AVERAGE(L9:O9) -> 2681728.8 | Q9: =MEDIAN(L9:O9) -> 3109050 | R9: =HARMEAN(L9:O9) -> 1677408.6 | S9: =L9*1.051 -> 720791.56 | T9: =+S9+(S9*20.5%) -> 868553.84 | U9: =[1]Hoja1!$T$10 -> 660856 | V9: 2417000 | W9: 3058400 | X9: 2936100 | Y9: =AVERAGE(U9:X9) -> 2268089 | Z9: =MEDIAN(U9:X9) -> 2676550 | AA9: =HARMEAN(U9:X9) -> 1541734 | AB9: =U9*1.051 -> 694559.66 | AC9: =+AB9+(AB9*20.5%) -> 836944.39 | AD9: =VLOOKUP(B9,[1]Hoja1!$B$9:$V$244,21,0) -> 728853 | AE9: 2604000 | AF9: 2905480 | AG9: 2731200 | AH9: =AVERAGE(AD9:AG9) -> 2242383.2 | AI9: =MEDIAN(AD9:AG9) -> 2667600 | AJ9: =HARMEAN(AD9:AG9) -> 1621823.3 | AK9: =AD9*1.051 -> 766024.5 | AL9: =+AK9+(AK9*20.5%) -> 923059.53 | AM9: =VLOOKUP(B9,[1]Hoja1!$B$9:$X$244,23,0) -> 687007 | AN9: 2454000 | AO9: 2599640 | AP9: 2391700 | AQ9: =AVERAGE(AM9:AP9) -> 2033086.8 | AR9: =MEDIAN(AM9:AP9) -> 2422850 | AS9: =HARMEAN(AM9:AP9) -> 1500449.1 | AT9: =AM9*1.051 -> 722044.36 | AU9: =+AT9+(AT9*20.5%) -> 870063.45 | AV9: =VLOOKUP(B9,[1]Hoja1!$B$9:$Z$244,25,0) -> 564900 | AW9: 2066000 | AX9: 2599640 | AY9: 2469700 | AZ9: =AVERAGE(AV9:AY9) -> 1925060 | BA9: =MEDIAN(AV9:AY9) -> 2267850 | BB9: =HARMEAN(AV9:AY9) -> 1314134.7 | BC9: =AV9*1.051 -> 593709.9 | BD9: =+BC9+(BC9*20.5%) -> 715420.43 | BE9: =VLOOKUP(B9,[1]Hoja1!$B$9:$AB$244,27,0) -> 621390 | BF9: 2486000 | BG9: 3058400 | BH9: 2966600 | BI9: =AVERAGE(BE9:BH9) -> 2283097.5 | BJ9: =MEDIAN(BE9:BH9) -> 2726300 | BK9: =HARMEAN(BE9:BH9) -> 1494990.4 | BL9: =BE9*1.051 -> 653080.89 | BM9: =+BL9+(BL9*20.5%) -> 786962.47 | BN9: =VLOOKUP(B9,[1]Hoja1!$B$9:$AD$244,29,0) -> 621390 | BO9: 2220000 | BP9: 3058400 | BQ9: 2997200 | BR9: =AVERAGE(BN9:BQ9) -> 2224247.5 | BS9: =MEDIAN(BN9:BQ9) -> 2608600 | BT9: =HARMEAN(BN9:BQ9) -> 1470394.3 | BU9: =BN9*1.051 -> 653080.89 | BV9: =+BU9+(BU9*20.5%) -> 786962.47 | BW9: =VLOOKUP(B9,[1]Hoja1!$B$9:$AF$244,31,0) -> 598606 | BX9: 1720000 | BY9: 2599640 | BZ9: 2417700 | CA9: =AVERAGE(BW9:BZ9) -> 1833986.5 | CB9: =MEDIAN(BW9:BZ9) -> 2068850 | CC9: =HARMEAN(BW9:BZ9) -> 1311377.3 | CD9: =BW9*1.051 -> 629134.91 | CE9: =+CD9+(CD9*20.5%) -> 758107.56 | CF9: =VLOOKUP(B9,[1]Hoja1!$B$9:$AJ$244,35,0) -> 564900 | CG9: 1620000 | CH9: 1767800 | CI9: 1732400 | CJ9: =AVERAGE(CF9:CI9) -> 1421275 | CK9: =MEDIAN(CF9:CI9) -> 1676200 | CL9: =HARMEAN(CF9:CI9) -> 1133010.5 | CM9: =CF9*1.051 -> 593709.9 | CN9: =+CM9+(CM9*20.5%) -> 715420.43 | CO9: =VLOOKUP(B9,[1]Hoja1!$B$9:$AL$244,37,0) -> 664022 | CP9: 2380000 | CQ9: 2599640 | CR9: 2469700 | CS9: =AVERAGE(CO9:CR9) -> 2028340.5 | CT9: =MEDIAN(CO9:CR9) -> 2424850 | CU9: =HARMEAN(CO9:CR9) -> 1472906.8 | CV9: =CO9*1.051 -> 697887.12 | CW9: =+CV9+(CV9*20.5%) -> 840953.98 | CX9: =VLOOKUP(B9,[1]Hoja1!$B$9:$AN$244,39,0) -> 641113 | CY9: 2110000 | CZ9: 2905480 | DA9: 2760000 | DB9: =AVERAGE(CX9:DA9) -> 2104148.2 | DC9: =MEDIAN(CX9:DA9) -> 2435000 | DD9: =HARMEAN(CX9:DA9) -> 1459738.3 | DE9: =CX9*1.051 -> 673809.76 | DF9: =+DE9+(DE9*20.5%) -> 811940.76 | DG9: =VLOOKUP(B9,[1]Hoja1!$B$9:$AR$244,43,0) -> 802830 | DH9: 2753000 | DI9: 2293800 | DJ9: 2202000 | DK9: =AVERAGE(DG9:DJ9) -> 2012907.5 | DL9: =MEDIAN(DG9:DJ9) -> 2247900 | DM9: =HARMEAN(DG9:DJ9) -> 1600688.8 | DN9: =DG9*1.051 -> 843774.33 | DO9: =+DN9+(DN9*20.5%) -> 1016748.1 | DP9: =VLOOKUP(B9,[1]Hoja1!$B$9:$AT$244,45,0) -> 802830 | DQ9: 2937000 | DR9: 2293800 | DS9: 2179100 | DT9: =AVERAGE(DP9:DS9) -> 2053182.5 | DU9: =MEDIAN(DP9:DS9) -> 2236450 | DV9: =HARMEAN(DP9:DS9) -> 1612292.1 | DW9: =DP9*1.051 -> 843774.33 | DX9: =+DW9+(DW9*20.5%) -> 1016748.1 | DY9: =VLOOKUP(B9,[1]Hoja1!$B$9:$AV$244,47,0) -> 909874 | DZ9: 3120000 | EA9: 2599640 | EB9: 2469700 | EC9: =AVERAGE(DY9:EB9) -> 2274803.5 | ED9: =MEDIAN(DY9:EB9) -> 2534670 | EE9: =HARMEAN(DY9:EB9) -> 1810657.5 | EF9: =DY9*1.051 -> 956277.57 | EG9: =+EF9+(EF9*20.5%) -> 1152314.5 | EH9: =VLOOKUP(B9,[1]Hoja1!$B$9:$AX$244,49,0) -> 968101 | EI9: 3458000 | EJ9: 3440700 | EK9: 3199900 | EL9: =AVERAGE(EH9:EK9) -> 2766675.2 | EM9: =MEDIAN(EH9:EK9) -> 3320300 | EN9: =HARMEAN(EH9:EK9) -> 2077616.8 | EO9: =EH9*1.051 -> 1017474.2 | EP9: =+EO9+(EO9*20.5%) -> 1226056.4 | EQ9: =VLOOKUP(B9,[1]Hoja1!$B$9:$AZ$244,51,0) -> 835664 | ER9: 2746000 | ES9: 3440700 | ET9: 3199900 | EU9: =AVERAGE(EQ9:ET9) -> 2555566 | EV9: =MEDIAN(EQ9:ET9) -> 2972950 | EW9: =HARMEAN(EQ9:ET9) -> 1848456.5 | EX9: =EQ9*1.2081 -> 1009565.7 | EY9: =+EX9+(EX9*20.5%) -> 1216526.6 | EZ9: =VLOOKUP(B9,'[2]RESPUESTOS '!$B$11:$BH$246,59,0) -> 524512 | FA9: 2417000 | FB9: 2747800 | FC9: 2610400 | FD9: =AVERAGE(EZ9:FC9) -> 2074928 | FE9: =MEDIAN(EZ9:FC9) -> 2513700 | FF9: =HARMEAN(EZ9:FC9) -> 1304086.7 | FG9: =EZ9*1.2081 -> 633662.95 | FH9: =+FG9+(FG9*20.5%) -> 763563.85 | FI9: =VLOOKUP(B9,'[2]RESPUESTOS '!$B$11:$CJ$246,87,0) -> 514489 | FJ9: 2900400 | FK9: 2810800 | FL9: 2670300 | FM9: =AVERAGE(FI9:FL9) -> 2223997.2 | FN9: =MEDIAN(FI9:FL9) -> 2740550 | FO9: =HARMEAN(FI9:FL9) -> 1325066.4 | FP9: =FI9*1.2081 -> 621554.16 | FQ9: =+FP9+(FP9*20.5%) -> 748972.76 | FR9: =VLOOKUP(B9,'[2]RESPUESTOS '!$B$11:$BX$246,75,0) -> 480845 | FS9: 2417000 | FT9: 2623200 | FU9: 2570700 | FV9: =AVERAGE(FR9:FU9) -> 2022936.2 | FW9: =MEDIAN(FR9:FU9) -> 2493850 | FX9: =HARMEAN(FR9:FU9) -> 1225632.4 | FY9: =FR9*1.2081 -> 580908.84 | FZ9: =+FY9+(FY9*20.5%) -> 699995.16 | GA9: =VLOOKUP(B9,'[2]RESPUESTOS '!$B$11:$CN$246,91,0) -> 556064 | GB9: 2780000 | GC9: 2841600 | GD9: 2756400 | GE9: =AVERAGE(GA9:GD9) -> 2233516 | GF9: =MEDIAN(GA9:GD9) -> 2768200 | GG9: =HARMEAN(GA9:GD9) -> 1392383 | GH9: =GA9*1.2081 -> 671780.92 | GI9: =+GH9+(GH9*20.5%) -> 809496.01 | GJ9: =VLOOKUP(B9,'[2]RESPUESTOS '!$B$11:$T$246,19,0) -> 400131 | GK9: 2110000 | GL9: 2109200 | GM9: 2067000 | GN9: =AVERAGE(GJ9:GM9) -> 1671582.8 | GO9: =MEDIAN(GJ9:GM9) -> 2088100 | GP9: =HARMEAN(GJ9:GM9) -> 1017547.2 | GQ9: =GJ9*1.2081 -> 483398.26 | GR9: =+GQ9+(GQ9*20.5%) -> 582494.9 | GS9: =VLOOKUP(B9,'[2]RESPUESTOS '!$B$11:$H$246,7,0) -> 398992 | GT9: 1620000 | GU9: 1265500 | GV9: 1176900 | GW9: =AVERAGE(GS9:GV9) -> 1115348 | GX9: =MEDIAN(GS9:GV9) -> 1221200 | GY9: =HARMEAN(GS9:GV9) -> 839720.24 | GZ9: =GS9*1.2081 -> 482022.24 | HA9: =+GZ9+(GZ9*20.5%) -> 580836.79 | HB9: =VLOOKUP(B9,'[2]RESPUESTOS '!$B$11:$D$246,3,0) -> 438887 | HC9: 1620000 | HD9: 1265500 | HE9: 1240200 | HF9: =AVERAGE(HB9:HE9) -> 1141146.8 | HG9: =MEDIAN(HB9:HE9) -> 1252850 | HH9: =HARMEAN(HB9:HE9) -> 890412.91 | HI9: =HB9*1.2081 -> 530219.38 | HJ9: =+HI9+(HI9*20.5%) -> 638914.36 | HK9: =VLOOKUP(B9,'[2]RESPUESTOS '!$B$11:$CB$246,79,0) -> 523270 | HL9: 3458000 | HM9: 2841600 | HN9: 2700000 | HO9: =AVERAGE(HK9:HN9) -> 2380717.5 | HP9: =MEDIAN(HK9:HN9) -> 2770800 | HQ9: =HARMEAN(HK9:HN9) -> 1368677.8 | HR9: =HK9*1.2081 -> 632162.49 | HS9: =+HR9+(HR9*20.5%) -> 761755.8 | HT9: 1709036 | HU9: 3458000 | HV9: 3823000 | HW9: 3631900 | HX9: =AVERAGE(HU9:HW9) -> 3637633.3 | HY9: =MEDIAN(HU9:HW9) -> 3631900 | HZ9: =HARMEAN(HU9:HW9) -> 3631534.1 | IA9: =HT9*1.2081 -> 2064686.4 | IB9: =+IA9+(IA9*20.5%) -> 2487947.1 | IC9: 1822000 | ID9: 2417000 | IE9: 3823000 | IF9: 3670100 | IG9: =AVERAGE(ID9:IF9) -> 3303366.7 | IH9: =MEDIAN(ID9:IF9) -> 3670100 | II9: =HARMEAN(ID9:IF9) -> 3165282 | IJ9: =IC9*1.2081 -> 2201158.2 | IK9: =+IJ9+(IJ9*20.5%) -> 2652395.6 | IM9: =(K9+T9+AC9+AL9+AU9+BD9+BM9+BV9+CE9+CN9+CW9+DF9+DO9+DX9+EG9+EP9+EY9+FH9+FQ9+FZ9+GI9+GR9+HA9+HJ9+HS9+IB9+IK9)/27 -> 967268.06
A10: 3 | B10: LUBRICACIÓN 3 (CAMBIAR FILTRO DE ACEITE, FILTRO DE AIRE, FILTROS DE COMBUSTIBLE, FILTRO DE AIRE ACONDICIONADO, ACEITE MOTOR, LIQUIDO DE FRENOS, NIVELAR ACEITE CAJA Y TRANSMISIÓN, NIVELAR ACEITE CAJA DE DIRECCIÓN, ENGRASE DE RODAMIENTOS, INCLUYE INSUMOS Y MANO DE OBRA) | C10: 711671 | D10: 2603000 | E10: 4256500 | F10: 4043700 | G10: =AVERAGE(C10:F10) -> 2903717.8 | H10: =MEDIAN(C10:F10) -> 3323350 | I10: =HARMEAN(D10:F10) -> 3462583.2 | J10: =+C10*1.051 -> 747966.22 | K10: =+J10+(J10*20.5%) -> 901299.3 | L10: 712770 | M10: 2648000 | N10: 4256500 | O10: 3958500 | P10: =AVERAGE(L10:O10) -> 2893942.5 | Q10: =MEDIAN(L10:O10) -> 3303250 | R10: =HARMEAN(M10:O10) -> 3467409.4 | S10: =L10*1.051 -> 749121.27 | T10: =+S10+(S10*20.5%) -> 902691.13 | U10: 717524 | V10: 2625000 | W10: 3405200 | X10: 3371100 | Y10: =AVERAGE(U10:X10) -> 2529706 | Z10: =MEDIAN(U10:X10) -> 2998050 | AA10: =HARMEAN(V10:X10) -> 3088771.4 | AB10: =U10*1.051 -> 754117.72 | AC10: =+AB10+(AB10*20.5%) -> 908711.86 | AD10: 796426 | AE10: 2845000 | AF10: 3234940 | AG10: 2976100 | AH10: =AVERAGE(AD10:AG10) -> 2463116.5 | AI10: =MEDIAN(AD10:AG10) -> 2910550 | AJ10: =HARMEAN(AE10:AG10) -> 3010147.8 | AK10: =AD10*1.051 -> 837043.73 | AL10: =+AK10+(AK10*20.5%) -> 1008637.7 | AM10: 750395 | AN10: 2680000 | AO10: 2894420 | AP10: 2836500 | AQ10: =AVERAGE(AM10:AP10) -> 2290328.8 | AR10: =MEDIAN(AM10:AP10) -> 2758250 | AS10: =HARMEAN(AN10:AP10) -> 2800665.8 | AT10: =AM10*1.051 -> 788665.14 | AU10: =+AT10+(AT10*20.5%) -> 950341.5 | AV10: 601650 | AW10: 2201000 | AX10: 2894420 | AY10: 2605000 | AZ10: =AVERAGE(AV10:AY10) -> 2075517.5 | BA10: =MEDIAN(AV10:AY10) -> 2403000 | BB10: =HARMEAN(AW10:AY10) -> 2534407.8 | BC10: =AV10*1.051 -> 632334.15 | BD10: =+BC10+(BC10*20.5%) -> 761962.65 | BE10: 661815 | BF10: 2648000 | BG10: 3405200 | BH10: 3234900 | BI10: =AVERAGE(BE10:BH10) -> 2487478.8 | BJ10: =MEDIAN(BE10:BH10) -> 2941450 | BK10: =HARMEAN(BF10:BH10) -> 3059848.9 | BL10: =BE10*1.051 -> 695567.56 | BM10: =+BL10+(BL10*20.5%) -> 838158.92 | BN10: 661815 | BO10: 2364000 | BP10: 3405200 | BQ10: 3371100 | BR10: =AVERAGE(BN10:BQ10) -> 2450528.8 | BS10: =MEDIAN(BN10:BQ10) -> 2867550 | BT10: =HARMEAN(BO10:BQ10) -> 2960566.9 | BU10: =BN10*1.051 -> 695567.56 | BV10: =+BU10+(BU10*20.5%) -> 838158.92 | BW10: 637657 | BX10: 1830000 | BY10: 2894420 | BZ10: 2720800 | CA10: =AVERAGE(BW10:BZ10) -> 2020719.2 | CB10: =MEDIAN(BW10:BZ10) -> 2275400 | CC10: =HARMEAN(BX10:BZ10) -> 2381936.5 | CD10: =BW10*1.051 -> 670177.51 | CE10: =+CD10+(CD10*20.5%) -> 807563.9 | CF10: 684817 | CG10: 1960000 | CH10: 1968200 | CI10: 1909200 | CJ10: =AVERAGE(CF10:CI10) -> 1630554.2 | CK10: =MEDIAN(CF10:CI10) -> 1934600 | CL10: =HARMEAN(CG10:CI10) -> 1945446.9 | CM10: =CF10*1.051 -> 719742.67 | CN10: =+CM10+(CM10*20.5%) -> 867289.91 | CO10: 764969 | CP10: 2740000 | CQ10: 2894420 | CR10: 2778600 | CS10: =AVERAGE(CO10:CR10) -> 2294497.2 | CT10: =MEDIAN(CO10:CR10) -> 2759300 | CU10: =HARMEAN(CP10:CR10) -> 2802823.2 | CV10: =CO10*1.051 -> 803982.42 | CW10: =+CV10+(CV10*20.5%) -> 968798.81 | CX10: 661815 | CY10: 2180000 | CZ10: 3234940 | DA10: 3106000 | DB10: =AVERAGE(CX10:DA10) -> 2295688.8 | DC10: =MEDIAN(CX10:DA10) -> 2643000 | DD10: =HARMEAN(CY10:DA10) -> 2752804.1 | DE10: =CX10*1.051 -> 695567.56 | DF10: =+DE10+(DE10*20.5%) -> 838158.92 | DG10: 893865 | DH10: 3065000 | DI10: 2553900 | DJ10: 2426200 | DK10: =AVERAGE(DG10:DJ10) -> 2234741.2 | DL10: =MEDIAN(DG10:DJ10) -> 2490050 | DM10: =HARMEAN(DH10:DJ10) -> 2654892 | DN10: =DG10*1.051 -> 939452.11 | DO10: =+DN10+(DN10*20.5%) -> 1132039.8 | DP10: 893865 | DQ10: 3269000 | DR10: 2553900 | DS10: 2451700 | DT10: =AVERAGE(DP10:DS10) -> 2292116.2 | DU10: =MEDIAN(DP10:DS10) -> 2502800 | DV10: =HARMEAN(DQ10:DS10) -> 2714091.6 | DW10: =DP10*1.051 -> 939452.11 | DX10: =+DW10+(DW10*20.5%) -> 1132039.8 | DY10: 1013047 | DZ10: 3480000 | EA10: 2894420 | EB10: 2778600 | EC10: =AVERAGE(DY10:EB10) -> 2541516.8 | ED10: =MEDIAN(DY10:EB10) -> 2836510 | EE10: =HARMEAN(DZ10:EB10) -> 3021932.7 | EF10: =DY10*1.051 -> 1064712.4 | EG10: =+EF10+(EF10*20.5%) -> 1282978.4 | EH10: 1049798 | EI10: 3750000 | EJ10: 3830850 | EK10: 3601000 | EL10: =AVERAGE(EH10:EK10) -> 3057912 | EM10: =MEDIAN(EH10:EK10) -> 3675500 | EN10: =HARMEAN(EI10:EK10) -> 3724829.6 | EO10: =EH10*1.051 -> 1103337.7 | EP10: =+EO10+(EO10*20.5%) -> 1329521.9 | EQ10: 901132 | ER10: 2961000 | ES10: 3830850 | ET10: 3524400 | EU10: =AVERAGE(EQ10:ET10) -> 2804345.5 | EV10: =MEDIAN(EQ10:ET10) -> 3242700 | EW10: =HARMEAN(EQ10:ET10) -> 2007816.4 | EX10: =EQ10*1.2081 -> 1088657.6 | EY10: =+EX10+(EX10*20.5%) -> 1311832.4 | EZ10: 619389 | FA10: 2625000 | FB10: 3002800 | FC10: 2882700 | FD10: =AVERAGE(EZ10:FC10) -> 2282472.2 | FE10: =MEDIAN(EZ10:FC10) -> 2753850 | FF10: =HARMEAN(FA10:FC10) -> 2827862.6 | FG10: =EZ10*1.2081 -> 748283.85 | FH10: =+FG10+(FG10*20.5%) -> 901682.04 | FI10: 558307 | FJ10: 3150000 | FK10: 3037200 | FL10: 2855000 | FM10: =AVERAGE(FI10:FL10) -> 2400126.8 | FN10: =MEDIAN(FI10:FL10) -> 2946100 | FO10: =HARMEAN(FJ10:FL10) -> 3009106.6 | FP10: =FI10*1.2081 -> 674490.69 | FQ10: =+FP10+(FP10*20.5%) -> 812761.28 | FR10: 536116 | FS10: 2625000 | FT10: 2936600 | FU10: 2789800 | FV10: =AVERAGE(FR10:FU10) -> 2221879 | FW10: =MEDIAN(FR10:FU10) -> 2707400 | FX10: =HARMEAN(FS10:FU10) -> 2777955.6 | FY10: =FR10*1.2081 -> 647681.74 | FZ10: =+FY10+(FY10*20.5%) -> 780456.5 | GA10: 582179 | GB10: 3019000 | GC10: 3193600 | GD10: 3129700 | GE10: =AVERAGE(GA10:GD10) -> 2481119.8 | GF10: =MEDIAN(GA10:GD10) -> 3074350 | GG10: =HARMEAN(GB10:GD10) -> 3112416.7 | GH10: =GA10*1.2081 -> 703330.45 | GI10: =+GH10+(GH10*20.5%) -> 847513.19 | GJ10: 516747 | GK10: 2180000 | GL10: 2777200 | GM10: 2749400 | GN10: =AVERAGE(GJ10:GM10) -> 2055836.8 | GO10: =MEDIAN(GJ10:GM10) -> 2464700 | GP10: =HARMEAN(GK10:GM10) -> 2536984.6 | GQ10: =GJ10*1.2081 -> 624282.05 | GR10: =+GQ10+(GQ10*20.5%) -> 752259.87 | GS10: 519510 | GT10: 1960000 | GU10: 1666300 | GV10: 1533000 | GW10: =AVERAGE(GS10:GV10) -> 1419702.5 | GX10: =MEDIAN(GS10:GV10) -> 1599650 | GY10: =HARMEAN(GT10:GV10) -> 1701981 | GZ10: =GS10*1.2081 -> 627620.03 | HA10: =+GZ10+(GZ10*20.5%) -> 756282.14 | HB10: 508864 | HC10: 1960000 | HD10: 1666300 | HE10: 1583000 | HF10: =AVERAGE(HB10:HE10) -> 1429541 | HG10: =MEDIAN(HB10:HE10) -> 1624650 | HH10: =HARMEAN(HC10:HE10) -> 1722110.9 | HI10: =HB10*1.2081 -> 614758.6 | HJ10: =+HI10+(HI10*20.5%) -> 740784.11 | HK10: 586585 | HL10: 3750000 | HM10: 3193600 | HN10: 3066000 | HO10: =AVERAGE(HK10:HN10) -> 2649046.2 | HP10: =MEDIAN(HK10:HN10) -> 3129800 | HQ10: =HARMEAN(HL10:HN10) -> 3311438.2 | HR10: =HK10*1.2081 -> 708653.34 | HS10: =+HR10+(HR10*20.5%) -> 853927.27 | HT10: 1709036 | HU10: 3750000 | HV10: 4256500 | HW10: 4086200 | HX10: =AVERAGE(HU10:HW10) -> 4030900 | HY10: =MEDIAN(HU10:HW10) -> 4086200 | HZ10: =HARMEAN(HU10:HW10) -> 4019682.4 | IA10: =HT10*1.2081 -> 2064686.4 | IB10: =+IA10+(IA10*20.5%) -> 2487947.1 | IC10: 1822000 | ID10: 2625000 | IE10: 4256500 | IF10: 4213900 | IG10: =AVERAGE(ID10:IF10) -> 3698466.7 | IH10: =MEDIAN(ID10:IF10) -> 4213900 | II10: =HARMEAN(ID10:IF10) -> 3516186.6 | IJ10: =IC10*1.2081 -> 2201158.2 | IK10: =+IJ10+(IJ10*20.5%) -> 2652395.6 | IM10: =(K10+T10+AC10+AL10+AU10+BD10+BM10+BV10+CE10+CN10+CW10+DF10+DO10+DX10+EG10+EP10+EY10+FH10+FQ10+FZ10+GI10+GR10+HA10+HJ10+HS10+IB10+IK10)/27 -> 1050599.8
A11: 4 | B11: LUBRICACIÓN 4 (CAMBIAR FILTRO DE ACEITE, FILTRO DE AIRE, FILTROS DE COMBUSTIBLE, FILTRO DE AIRE ACONDICIONADO, ACEITE MOTOR, LIQUIDO DE FRENOS, LIQUIDO REFRIGERANTE, ACEITE CAJA Y TRANSMISIÓN, ACEITE CAJA DE DIRECCIÓN, ENGRASE DE RODAMIENTOS, INCLUYE INSUMOS Y MANO DE OBRA) | C11: 957618 | D11: 3503000 | E11: 5330000 | F11: 5116800 | G11: =AVERAGE(C11:F11) -> 3726854.5 | H11: =MEDIAN(C11:F11) -> 4309900 | I11: =HARMEAN(D11:F11) -> 4487514.6 | J11: =+C11*1.051 -> 1006456.5 | K11: =+J11+(J11*20.5%) -> 1212780.1 | L11: 952382 | M11: 3538000 | N11: 5330000 | O11: 5010200 | P11: =AVERAGE(L11:O11) -> 3707645.5 | Q11: =MEDIAN(L11:O11) -> 4274100 | R11: =HARMEAN(M11:O11) -> 4478576.8 | S11: =L11*1.051 -> 1000953.5 | T11: =+S11+(S11*20.5%) -> 1206148.9 | U11: 948373 | V11: 3469000 | W11: 4264000 | X11: 4136100 | Y11: =AVERAGE(U11:X11) -> 3204368.2 | Z11: =MEDIAN(U11:X11) -> 3802550 | AA11: =HARMEAN(V11:X11) -> 3923811.4 | AB11: =U11*1.051 -> 996740.02 | AC11: =+AB11+(AB11*20.5%) -> 1201071.7 | AD11: 1010714 | AE11: 3610000 | AF11: 4050800 | AG11: 3969800 | AH11: =AVERAGE(AD11:AG11) -> 3160328.5 | AI11: =MEDIAN(AD11:AG11) -> 3789900 | AJ11: =HARMEAN(AE11:AG11) -> 3867100.7 | AK11: =AD11*1.051 -> 1062260.4 | AL11: =+AK11+(AK11*20.5%) -> 1280023.8 | AM11: 954324 | AN11: 3409000 | AO11: 3624400 | AP11: 3443200 | AQ11: =AVERAGE(AM11:AP11) -> 2857731 | AR11: =MEDIAN(AM11:AP11) -> 3426100 | AS11: =HARMEAN(AN11:AP11) -> 3489685.2 | AT11: =AM11*1.051 -> 1002994.5 | AU11: =+AT11+(AT11*20.5%) -> 1208608.4 | AV11: 762790 | AW11: 2790000 | AX11: 3624400 | AY11: 3479400 | AZ11: =AVERAGE(AV11:AY11) -> 2664147.5 | BA11: =MEDIAN(AV11:AY11) -> 3134700 | BB11: =HARMEAN(AW11:AY11) -> 3254726.1 | BC11: =AV11*1.051 -> 801692.29 | BD11: =+BC11+(BC11*20.5%) -> 966039.21 | BE11: 844668 | BF11: 3379000 | BG11: 4264000 | BH11: 4093400 | BI11: =AVERAGE(BE11:BH11) -> 3145267 | BJ11: =MEDIAN(BE11:BH11) -> 3736200 | BK11: =HARMEAN(BF11:BH11) -> 3872152.8 | BL11: =BE11*1.051 -> 887746.07 | BM11: =+BL11+(BL11*20.5%) -> 1069734 | BN11: 824056 | BO11: 2944000 | BP11: 4264000 | BQ11: 4050800 | BR11: =AVERAGE(BN11:BQ11) -> 3020714 | BS11: =MEDIAN(BN11:BQ11) -> 3497400 | BT11: =HARMEAN(BO11:BQ11) -> 3653812 | BU11: =BN11*1.051 -> 866082.86 | BV11: =+BU11+(BU11*20.5%) -> 1043629.8 | BW11: 792671 | BX11: 2270000 | BY11: 3624400 | BZ11: 3443200 | CA11: =AVERAGE(BW11:BZ11) -> 2532567.8 | CB11: =MEDIAN(BW11:BZ11) -> 2856600 | CC11: =HARMEAN(BX11:BZ11) -> 2979548.7 | CD11: =BW11*1.051 -> 833097.22 | CE11: =+CD11+(CD11*20.5%) -> 1003882.2 | CF11: 832811 | CG11: 2380000 | CH11: 2464600 | CI11: 2415300 | CJ11: =AVERAGE(CF11:CI11) -> 2023177.8 | CK11: =MEDIAN(CF11:CI11) -> 2397650 | CL11: =HARMEAN(CG11:CI11) -> 2419470.6 | CM11: =CF11*1.051 -> 875284.36 | CN11: =+CM11+(CM11*20.5%) -> 1054717.7 | CO11: 904872 | CP11: 3240000 | CQ11: 3624400 | CR11: 3370700 | CS11: =AVERAGE(CO11:CR11) -> 2784993 | CT11: =MEDIAN(CO11:CR11) -> 3305350 | CU11: =HARMEAN(CP11:CR11) -> 3404355.8 | CV11: =CO11*1.051 -> 951020.47 | CW11: =+CV11+(CV11*20.5%) -> 1145979.7 | CX11: 889274 | CY11: 2930000 | CZ11: 4050800 | DA11: 3929000 | DB11: =AVERAGE(CX11:DA11) -> 2949768.5 | DC11: =MEDIAN(CX11:DA11) -> 3429500 | DD11: =HARMEAN(CY11:DA11) -> 3560072.6 | DE11: =CX11*1.051 -> 934626.97 | DF11: =+DE11+(DE11*20.5%) -> 1126225.5 | DG11: 1119300 | DH11: 3838000 | DI11: 3198000 | DJ11: 3070100 | DK11: =AVERAGE(DG11:DJ11) -> 2806350 | DL11: =MEDIAN(DG11:DJ11) -> 3134050 | DM11: =HARMEAN(DH11:DJ11) -> 3337152.2 | DN11: =DG11*1.051 -> 1176384.3 | DO11: =+DN11+(DN11*20.5%) -> 1417543.1 | DP11: 1119300 | DQ11: 4094000 | DR11: 3198000 | DS11: 3102100 | DT11: =AVERAGE(DP11:DS11) -> 2878350 | DU11: =MEDIAN(DP11:DS11) -> 3150050 | DV11: =HARMEAN(DQ11:DS11) -> 3411736.6 | DW11: =DP11*1.051 -> 1176384.3 | DX11: =+DW11+(DW11*20.5%) -> 1417543.1 | DY11: 1268540 | DZ11: 4350000 | EA11: 3624400 | EB11: 3515700 | EC11: =AVERAGE(DY11:EB11) -> 3189660 | ED11: =MEDIAN(DY11:EB11) -> 3570050 | EE11: =HARMEAN(DZ11:EB11) -> 3796357.5 | EF11: =DY11*1.051 -> 1333235.5 | EG11: =+EF11+(EF11*20.5%) -> 1606548.8 | EH11: 1371697 | EI11: 4899000 | EJ11: 4797000 | EK11: 4557200 | EL11: =AVERAGE(EH11:EK11) -> 3906224.2 | EM11: =MEDIAN(EH11:EK11) -> 4677100 | EN11: =HARMEAN(EI11:EK11) -> 4746686 | EO11: =EH11*1.051 -> 1441653.5 | EP11: =+EO11+(EO11*20.5%) -> 1737192.5 | EQ11: 1200081 | ER11: 3944000 | ES11: 4797000 | ET11: 4317300 | EU11: =AVERAGE(EQ11:ET11) -> 3564595.2 | EV11: =MEDIAN(EQ11:ET11) -> 4130650 | EW11: =HARMEAN(EQ11:ET11) -> 2619658.4 | EX11: =EQ11*1.2081 -> 1449817.9 | EY11: =+EX11+(EX11*20.5%) -> 1747030.5 | EZ11: 801106 | FA11: 3469000 | FB11: 3934200 | FC11: 3894900 | FD11: =AVERAGE(EZ11:FC11) -> 3024801.5 | FE11: =MEDIAN(EZ11:FC11) -> 3681950 | FF11: =HARMEAN(FA11:FC11) -> 3753778.2 | FG11: =EZ11*1.2081 -> 967816.16 | FH11: =+FG11+(FG11*20.5%) -> 1166218.5 | FI11: 724634 | FJ11: 4162800 | FK11: 3857800 | FL11: 3549200 | FM11: =AVERAGE(FI11:FL11) -> 3073608.5 | FN11: =MEDIAN(FI11:FL11) -> 3703500 | FO11: =HARMEAN(FJ11:FL11) -> 3840286.8 | FP11: =FI11*1.2081 -> 875430.34 | FQ11: =+FP11+(FP11*20.5%) -> 1054893.6 | FR11: 717851 | FS11: 3469000 | FT11: 3875000 | FU11: 3642500 | FV11: =AVERAGE(FR11:FU11) -> 2926087.8 | FW11: =MEDIAN(FR11:FU11) -> 3555750 | FX11: =HARMEAN(FS11:FU11) -> 3654664.7 | FY11: =FR11*1.2081 -> 867235.79 | FZ11: =+FY11+(FY11*20.5%) -> 1045019.1 | GA11: 765207 | GB11: 3990000 | GC11: 4214200 | GD11: 4003500 | GE11: =AVERAGE(GA11:GD11) -> 3243226.8 | GF11: =MEDIAN(GA11:GD11) -> 3996750 | GG11: =HARMEAN(GB11:GD11) -> 4066688.4 | GH11: =GA11*1.2081 -> 924446.58 | GI11: =+GH11+(GH11*20.5%) -> 1113958.1 | GJ11: 695964 | GK11: 2930000 | GL11: 3750200 | GM11: 3562700 | GN11: =AVERAGE(GJ11:GM11) -> 2734716 | GO11: =MEDIAN(GJ11:GM11) -> 3246350 | GP11: =HARMEAN(GK11:GM11) -> 3375962.9 | GQ11: =GJ11*1.2081 -> 840794.11 | GR11: =+GQ11+(GQ11*20.5%) -> 1013156.9 | GS11: 664030 | GT11: 2380000 | GU11: 2250100 | GV11: 2025100 | GW11: =AVERAGE(GS11:GV11) -> 1829807.5 | GX11: =MEDIAN(GS11:GV11) -> 2137600 | GY11: =HARMEAN(GT11:GV11) -> 2208487.8 | GZ11: =GS11*1.2081 -> 802214.64 | HA11: =+GZ11+(GZ11*20.5%) -> 966668.64 | HB11: 681996 | HC11: 2380000 | HD11: 2250100 | HE11: 2160100 | HF11: =AVERAGE(HB11:HE11) -> 1868049 | HG11: =MEDIAN(HB11:HE11) -> 2205100 | HH11: =HARMEAN(HC11:HE11) -> 2259828.6 | HI11: =HB11*1.2081 -> 823919.37 | HJ11: =+HI11+(HI11*20.5%) -> 992822.84 | HK11: 766707 | HL11: 4899000 | HM11: 4214200 | HN11: 4172000 | HO11: =AVERAGE(HK11:HN11) -> 3512976.8 | HP11: =MEDIAN(HK11:HN11) -> 4193100 | HQ11: =HARMEAN(HL11:HN11) -> 4404578.5 | HR11: =HK11*1.2081 -> 926258.73 | HS11: =+HR11+(HR11*20.5%) -> 1116141.8 | HT11: 1709036 | HU11: 4899000 | HV11: 5330000 | HW11: 4956900 | HX11: =AVERAGE(HU11:HW11) -> 5061966.7 | HY11: =MEDIAN(HU11:HW11) -> 4956900 | HZ11: =HARMEAN(HU11:HW11) -> 5054934.1 | IA11: =HT11*1.2081 -> 2064686.4 | IB11: =+IA11+(IA11*20.5%) -> 2487947.1 | IC11: 1822000 | ID11: 3469000 | IE11: 5330000 | IF11: 5170100 | IG11: =AVERAGE(ID11:IF11) -> 4656366.7 | IH11: =MEDIAN(ID11:IF11) -> 5170100 | II11: =HARMEAN(ID11:IF11) -> 4482263.9 | IJ11: =IC11*1.2081 -> 2201158.2 | IK11: =+IJ11+(IJ11*20.5%) -> 2652395.6 | IM11: =(K11+T11+AC11+AL11+AU11+BD11+BM11+BV11+CE11+CN11+CW11+DF11+DO11+DX11+EG11+EP11+EY11+FH11+FQ11+FZ11+GI11+GR11+HA11+HJ11+HS11+IB11+IK11)/27 -> 1298293.4
A12: 5 | B12: 1 LB GRASA USO GENERAL | C12: =VLOOKUP(B12,[1]Hoja1!$B$9:$D$244,3,0) -> 42021 | D12: 120000 | E12: 233000 | F12: 230700 | G12: =AVERAGE(C12:F12) -> 156430.25 | H12: =MEDIAN(C12:F12) -> 175350 | I12: =HARMEAN(C12:F12) -> 98141.597 | J12: =C12*1.051 -> 44164.071 | K12: =+J12+(J12*20.5%) -> 53217.706 | L12: =VLOOKUP(B12,[1]Hoja1!$B$9:$L$244,11,0) -> 35568 | M12: 120000 | N12: 233000 | O12: 226000 | P12: =AVERAGE(L12:O12) -> 153642 | Q12: =MEDIAN(L12:O12) -> 173000 | R12: =HARMEAN(L12:O12) -> 88563.924 | S12: =L12*1.051 -> 37381.968 | T12: =+S12+(S12*20.5%) -> 45045.271 | U12: =VLOOKUP(B12,[1]Hoja1!$B$9:$T$244,19,0) -> 37147 | V12: 120000 | W12: 186400 | X12: 177100 | Y12: =AVERAGE(U12:X12) -> 130161.75 | Z12: =MEDIAN(U12:X12) -> 148550 | AA12: =HARMEAN(U12:X12) -> 86458.928 | AB12: =U12*1.051 -> 39041.497 | AC12: =+AB12+(AB12*20.5%) -> 47045.004 | AD12: =VLOOKUP(B12,[1]Hoja1!$B$9:$V$244,21,0) -> 42306 | AE12: 120000 | AF12: 177080 | AG12: 168200 | AH12: =AVERAGE(AD12:AG12) -> 126896.5 | AI12: =MEDIAN(AD12:AG12) -> 144100 | AJ12: =HARMEAN(AD12:AG12) -> 91820.807 | AK12: =AD12*1.051 -> 44463.606 | AL12: =+AK12+(AK12*20.5%) -> 53578.645 | AM12: =VLOOKUP(B12,[1]Hoja1!$B$9:$X$244,23,0) -> 39822 | AN12: 120000 | AO12: 158440 | AP12: 153700 | AQ12: =AVERAGE(AM12:AP12) -> 117990.5 | AR12: =MEDIAN(AM12:AP12) -> 136850 | AS12: =HARMEAN(AM12:AP12) -> 86462.559 | AT12: =AM12*1.051 -> 41852.922 | AU12: =+AT12+(AT12*20.5%) -> 50432.771 | AV12: =VLOOKUP(B12,[1]Hoja1!$B$9:$Z$244,25,0) -> 30800 | AW12: 120000 | AX12: 158440 | AY12: 142600 | AZ12: =AVERAGE(AV12:AY12) -> 112960 | BA12: =MEDIAN(AV12:AY12) -> 131300 | BB12: =HARMEAN(AV12:AY12) -> 73902.967 | BC12: =AV12*1.051 -> 32370.8 | BD12: =+BC12+(BC12*20.5%) -> 39006.814 | BE12: =VLOOKUP(B12,[1]Hoja1!$B$9:$AB$244,27,0) -> 33880 | BF12: 120000 | BG12: 186400 | BH12: 180800 | BI12: =AVERAGE(BE12:BH12) -> 130270 | BJ12: =MEDIAN(BE12:BH12) -> 150400 | BK12: =HARMEAN(BE12:BH12) -> 82059.61 | BL12: =BE12*1.051 -> 35607.88 | BM12: =+BL12+(BL12*20.5%) -> 42907.495 | BN12: =VLOOKUP(B12,[1]Hoja1!$B$9:$AD$244,29,0) -> 33880 | BO12: 120000 | BP12: 186400 | BQ12: 180800 | BR12: =AVERAGE(BN12:BQ12) -> 130270 | BS12: =MEDIAN(BN12:BQ12) -> 150400 | BT12: =HARMEAN(BN12:BQ12) -> 82059.61 | BU12: =BN12*1.051 -> 35607.88 | BV12: =+BU12+(BU12*20.5%) -> 42907.495 | BW12: =VLOOKUP(B12,[1]Hoja1!$B$9:$AF$244,31,0) -> 32297 | BX12: 120000 | BY12: 158440 | BZ12: 152100 | CA12: =AVERAGE(BW12:BZ12) -> 115709.25 | CB12: =MEDIAN(BW12:BZ12) -> 136050 | CC12: =HARMEAN(BW12:BZ12) -> 76654.608 | CD12: =BW12*1.051 -> 33944.147 | CE12: =+CD12+(CD12*20.5%) -> 40902.697 | CF12: =VLOOKUP(B12,[1]Hoja1!$B$9:$AJ$244,35,0) -> 31287 | CG12: 120000 | CH12: 107700 | CI12: 102300 | CJ12: =AVERAGE(CF12:CI12) -> 90321.75 | CK12: =MEDIAN(CF12:CI12) -> 105000 | CL12: =HARMEAN(CF12:CI12) -> 67390.313 | CM12: =CF12*1.051 -> 32882.637 | CN12: =+CM12+(CM12*20.5%) -> 39623.578 | CO12: =VLOOKUP(B12,[1]Hoja1!$B$9:$AL$244,37,0) -> 35473 | CP12: 120000 | CQ12: 158440 | CR12: 148900 | CS12: =AVERAGE(CO12:CR12) -> 115703.25 | CT12: =MEDIAN(CO12:CR12) -> 134450 | CU12: =HARMEAN(CO12:CR12) -> 80724.515 | CV12: =CO12*1.051 -> 37282.123 | CW12: =+CV12+(CV12*20.5%) -> 44924.958 | CX12: =VLOOKUP(B12,[1]Hoja1!$B$9:$AN$244,39,0) -> 38375 | CY12: 120000 | CZ12: 177080 | DA12: 165000 | DB12: =AVERAGE(CX12:DA12) -> 125113.75 | DC12: =MEDIAN(CX12:DA12) -> 142500 | DD12: =HARMEAN(CX12:DA12) -> 86768.392 | DE12: =CX12*1.051 -> 40332.125 | DF12: =+DE12+(DE12*20.5%) -> 48600.211 | DG12: =VLOOKUP(B12,[1]Hoja1!$B$9:$AR$244,43,0) -> 46053 | DH12: 120000 | DI12: 139800 | DJ12: 130000 | DK12: =AVERAGE(DG12:DJ12) -> 108963.25 | DL12: =MEDIAN(DG12:DJ12) -> 125000 | DM12: =HARMEAN(DG12:DJ12) -> 89101.09 | DN12: =DG12*1.051 -> 48401.703 | DO12: =+DN12+(DN12*20.5%) -> 58324.052 | DP12: =VLOOKUP(B12,[1]Hoja1!$B$9:$AT$244,45,0) -> 48930 | DQ12: 120000 | DR12: 139800 | DS12: 137000 | DT12: =AVERAGE(DP12:DS12) -> 111432.5 | DU12: =MEDIAN(DP12:DS12) -> 128500 | DV12: =HARMEAN(DP12:DS12) -> 92543.239 | DW12: =DP12*1.051 -> 51425.43 | DX12: =+DW12+(DW12*20.5%) -> 61967.643 | DY12: =VLOOKUP(B12,[1]Hoja1!$B$9:$AV$244,47,0) -> 55264 | DZ12: 120000 | EA12: 158440 | EB12: 155300 | EC12: =AVERAGE(DY12:EB12) -> 122251 | ED12: =MEDIAN(DY12:EB12) -> 137650 | EE12: =HARMEAN(DY12:EB12) -> 102095.55 | EF12: =DY12*1.051 -> 58082.464 | EG12: =+EF12+(EF12*20.5%) -> 69989.369 | EH12: =VLOOKUP(B12,[1]Hoja1!$B$9:$AX$244,49,0) -> 54571 | EI12: 120000 | EJ12: 209700 | EK12: 201300 | EL12: =AVERAGE(EH12:EK12) -> 146392.75 | EM12: =MEDIAN(EH12:EK12) -> 160650 | EN12: =HARMEAN(EH12:EK12) -> 109906.68 | EO12: =EH12*1.051 -> 57354.121 | EP12: =+EO12+(EO12*20.5%) -> 69111.716 | EQ12: =VLOOKUP(B12,[1]Hoja1!$B$9:$AZ$244,51,0) -> 46053 | ER12: 120000 | ES12: 209700 | ET12: 201300 | EU12: =AVERAGE(EQ12:ET12) -> 144263.25 | EV12: =MEDIAN(EQ12:ET12) -> 160650 | EW12: =HARMEAN(EQ12:ET12) -> 100543.25 | EX12: =EQ12*1.2081 -> 55636.629 | EY12: =+EX12+(EX12*20.5%) -> 67042.138 | EZ12: =VLOOKUP(B12,'[2]RESPUESTOS '!$B$11:$BH$246,59,0) -> 29459 | FA12: 120000 | FB12: 153000 | FC12: 148400 | FD12: =AVERAGE(EZ12:FC12) -> 112714.75 | FE12: =MEDIAN(EZ12:FC12) -> 134200 | FF12: =HARMEAN(EZ12:FC12) -> 72002.912 | FG12: =EZ12*1.2081 -> 35589.418 | FH12: =+FG12+(FG12*20.5%) -> 42885.249 | FI12: =VLOOKUP(B12,'[2]RESPUESTOS '!$B$11:$CJ$246,87,0) -> 30840 | FJ12: 120000 | FK12: 157600 | FL12: 154400 | FM12: =AVERAGE(FI12:FL12) -> 115710 | FN12: =MEDIAN(FI12:FL12) -> 137200 | FO12: =HARMEAN(FI12:FL12) -> 74653.863 | FP12: =FI12*1.2081 -> 37257.804 | FQ12: =+FP12+(FP12*20.5%) -> 44895.654 | FR12: =VLOOKUP(B12,'[2]RESPUESTOS '!$B$11:$BX$246,75,0) -> 27015 | FS12: 120000 | FT12: 144200 | FU12: 132700 | FV12: =AVERAGE(FR12:FU12) -> 105978.75 | FW12: =MEDIAN(FR12:FU12) -> 126350 | FX12: =HARMEAN(FR12:FU12) -> 66866.806 | FY12: =FR12*1.2081 -> 32636.821 | FZ12: =+FY12+(FY12*20.5%) -> 39327.37 | GA12: =VLOOKUP(B12,'[2]RESPUESTOS '!$B$11:$CN$246,91,0) -> 33522 | GB12: 120000 | GC12: 186400 | GD12: 175200 | GE12: =AVERAGE(GA12:GD12) -> 128780.5 | GF12: =MEDIAN(GA12:GD12) -> 147600 | GG12: =HARMEAN(GA12:GD12) -> 81239.622 | GH12: =GA12*1.2081 -> 40497.928 | GI12: =+GH12+(GH12*20.5%) -> 48800.003 | GJ12: =VLOOKUP(B12,'[2]RESPUESTOS '!$B$11:$T$246,19,0) -> 26451 | GK12: 120000 | GL12: 141000 | GM12: 136800 | GN12: =AVERAGE(GJ12:GM12) -> 106062.75 | GO12: =MEDIAN(GJ12:GM12) -> 128400 | GP12: =HARMEAN(GJ12:GM12) -> 66070.679 | GQ12: =GJ12*1.2081 -> 31955.453 | GR12: =+GQ12+(GQ12*20.5%) -> 38506.321 | GS12: =VLOOKUP(B12,'[2]RESPUESTOS '!$B$11:$H$246,7,0) -> 24915 | GT12: 120000 | GU12: 84600 | GV12: 81200 | GW12: =AVERAGE(GS12:GV12) -> 77678.75 | GX12: =MEDIAN(GS12:GV12) -> 82900 | GY12: =HARMEAN(GS12:GV12) -> 55092.322 | GZ12: =GS12*1.2081 -> 30099.811 | HA12: =+GZ12+(GZ12*20.5%) -> 36270.273 | HB12: =VLOOKUP(B12,'[2]RESPUESTOS '!$B$11:$D$246,3,0) -> 25185 | HC12: 120000 | HD12: 84600 | HE12: 83800 | HF12: =AVERAGE(HB12:HE12) -> 78396.25 | HG12: =MEDIAN(HB12:HE12) -> 84200 | HH12: =HARMEAN(HB12:HE12) -> 55715.728 | HI12: =HB12*1.2081 -> 30425.998 | HJ12: =+HI12+(HI12*20.5%) -> 36663.328 | HK12: =VLOOKUP(B12,'[2]RESPUESTOS '!$B$11:$CB$246,79,0) -> 34651 | HL12: 120000 | HM12: 186400 | HN12: 181000 | HO12: =AVERAGE(HK12:HN12) -> 130512.75 | HP12: =MEDIAN(HK12:HN12) -> 150500 | HQ12: =HARMEAN(HK12:HN12) -> 83190.872 | HR12: =HK12*1.2081 -> 41861.873 | HS12: =+HR12+(HR12*20.5%) -> 50443.557 | HT12: 47226.424 | HU12: 120000 | HV12: 233000 | HW12: 219000 | HX12: =AVERAGE(HU12:HW12) -> 190666.67 | HY12: =MEDIAN(HU12:HW12) -> 219000 | HZ12: =HARMEAN(HU12:HW12) -> 174505.97 | IA12: =HT12*1.2081 -> 57054.243 | IB12: =+IA12+(IA12*20.5%) -> 68750.363 | IC12: 50348 | ID12: 120000 | IE12: 233000 | IF12: 221400 | IG12: =AVERAGE(ID12:IF12) -> 191466.67 | IH12: =MEDIAN(ID12:IF12) -> 221400 | II12: =HARMEAN(ID12:IF12) -> 175009.87 | IJ12: =IC12*1.2081 -> 60825.419 | IK12: =+IJ12+(IJ12*20.5%) -> 73294.63 | IM12: =(K12+T12+AC12+AL12+AU12+BD12+BM12+BV12+CE12+CN12+CW12+DF12+DO12+DX12+EG12+EP12+EY12+FH12+FQ12+FZ12+GI12+GR12+HA12+HJ12+HS12+IB12+IK12)/27 -> 50165.345
A13: 6 | B13: 1 LB GAS R134A | C13: =VLOOKUP(B13,[1]Hoja1!$B$9:$D$244,3,0) -> 26965 | D13: 100000 | E13: 151750 | F13: 147200 | G13: =AVERAGE(C13:F13) -> 106478.75 | H13: =MEDIAN(C13:F13) -> 123600 | I13: =HARMEAN(C13:F13) -> 66150.282 | J13: =C13*1.051 -> 28340.215 | K13: =+J13+(J13*20.5%) -> 34149.959 | L13: =VLOOKUP(B13,[1]Hoja1!$B$9:$L$244,11,0) -> 24739 | M13: 100000 | N13: 151750 | O13: 144200 | P13: =AVERAGE(L13:O13) -> 105172.25 | Q13: =MEDIAN(L13:O13) -> 122100 | R13: =HARMEAN(L13:O13) -> 62552.188 | S13: =L13*1.051 -> 26000.689 | T13: =+S13+(S13*20.5%) -> 31330.83 | U13: =VLOOKUP(B13,[1]Hoja1!$B$9:$T$244,19,0) -> 25619 | V13: 100000 | W13: 121400 | X13: 116500 | Y13: =AVERAGE(U13:X13) -> 90879.75 | Z13: =MEDIAN(U13:X13) -> 108250 | AA13: =HARMEAN(U13:X13) -> 60740.008 | AB13: =U13*1.051 -> 26925.569 | AC13: =+AB13+(AB13*20.5%) -> 32445.311 | AD13: =VLOOKUP(B13,[1]Hoja1!$B$9:$V$244,21,0) -> 28737 | AE13: 100000 | AF13: 115330 | AG13: 111900 | AH13: =AVERAGE(AD13:AG13) -> 88991.75 | AI13: =MEDIAN(AD13:AG13) -> 105950 | AJ13: =HARMEAN(AD13:AG13) -> 64096.745 | AK13: =AD13*1.051 -> 30202.587 | AL13: =+AK13+(AK13*20.5%) -> 36394.117 | AM13: =VLOOKUP(B13,[1]Hoja1!$B$9:$X$244,23,0) -> 27105 | AN13: 100000 | AO13: 103190 | AP13: 101100 | AQ13: =AVERAGE(AM13:AP13) -> 82848.75 | AR13: =MEDIAN(AM13:AP13) -> 100550 | AS13: =HARMEAN(AM13:AP13) -> 60172.436 | AT13: =AM13*1.051 -> 28487.355 | AU13: =+AT13+(AT13*20.5%) -> 34327.263 | AV13: =VLOOKUP(B13,[1]Hoja1!$B$9:$Z$244,25,0) -> 21700 | AW13: 100000 | AX13: 103190 | AY13: 99100 | AZ13: =AVERAGE(AV13:AY13) -> 80997.5 | BA13: =MEDIAN(AV13:AY13) -> 99550 | BB13: =HARMEAN(AV13:AY13) -> 52725.494 | BC13: =AV13*1.051 -> 22806.7 | BD13: =+BC13+(BC13*20.5%) -> 27482.073 | BE13: =VLOOKUP(B13,[1]Hoja1!$B$9:$AB$244,27,0) -> 23870 | BF13: 100000 | BG13: 121400 | BH13: 119000 | BI13: =AVERAGE(BE13:BH13) -> 91067.5 | BJ13: =MEDIAN(BE13:BH13) -> 109500 | BK13: =HARMEAN(BE13:BH13) -> 58365.034 | BL13: =BE13*1.051 -> 25087.37 | BM13: =+BL13+(BL13*20.5%) -> 30230.281 | BN13: =VLOOKUP(B13,[1]Hoja1!$B$9:$AD$244,29,0) -> 23870 | BO13: 100000 | BP13: 121400 | BQ13: 111700 | BR13: =AVERAGE(BN13:BQ13) -> 89242.5 | BS13: =MEDIAN(BN13:BQ13) -> 105850 | BT13: =HARMEAN(BN13:BQ13) -> 57901.052 | BU13: =BN13*1.051 -> 25087.37 | BV13: =+BU13+(BU13*20.5%) -> 30230.281 | BW13: =VLOOKUP(B13,[1]Hoja1!$B$9:$AF$244,31,0) -> 22878 | BX13: 100000 | BY13: 103190 | BZ13: 96000 | CA13: =AVERAGE(BW13:BZ13) -> 80517 | CB13: =MEDIAN(BW13:BZ13) -> 98000 | CC13: =HARMEAN(BW13:BZ13) -> 54187.588 | CD13: =BW13*1.051 -> 24044.778 | CE13: =+CD13+(CD13*20.5%) -> 28973.957 | CF13: =VLOOKUP(B13,[1]Hoja1!$B$9:$AJ$244,35,0) -> 21999 | CG13: 100000 | CH13: 70200 | CI13: 67400 | CJ13: =AVERAGE(CF13:CI13) -> 64899.75 | CK13: =MEDIAN(CF13:CI13) -> 68800 | CL13: =HARMEAN(CF13:CI13) -> 47315.764 | CM13: =CF13*1.051 -> 23120.949 | CN13: =+CM13+(CM13*20.5%) -> 27860.744 | CO13: =VLOOKUP(B13,[1]Hoja1!$B$9:$AL$244,37,0) -> 23307 | CP13: 100000 | CQ13: 103190 | CR13: 100100 | CS13: =AVERAGE(CO13:CR13) -> 81649.25 | CT13: =MEDIAN(CO13:CR13) -> 100050 | CU13: =HARMEAN(CO13:CR13) -> 55106.714 | CV13: =CO13*1.051 -> 24495.657 | CW13: =+CV13+(CV13*20.5%) -> 29517.267 | CX13: =VLOOKUP(B13,[1]Hoja1!$B$9:$AN$244,39,0) -> 25391 | CY13: 100000 | CZ13: 115330 | DA13: 110000 | DB13: =AVERAGE(CX13:DA13) -> 87680.25 | DC13: =MEDIAN(CX13:DA13) -> 105000 | DD13: =HARMEAN(CX13:DA13) -> 59571.934 | DE13: =CX13*1.051 -> 26685.941 | DF13: =+DE13+(DE13*20.5%) -> 32156.559 | DG13: =VLOOKUP(B13,[1]Hoja1!$B$9:$AR$244,43,0) -> 31053 | DH13: 100000 | DI13: 91050 | DJ13: 85600 | DK13: =AVERAGE(DG13:DJ13) -> 76925.75 | DL13: =MEDIAN(DG13:DJ13) -> 88325 | DM13: =HARMEAN(DG13:DJ13) -> 61663.47 | DN13: =DG13*1.051 -> 32636.703 | DO13: =+DN13+(DN13*20.5%) -> 39327.227 | DP13: =VLOOKUP(B13,[1]Hoja1!$B$9:$AT$244,45,0) -> 31868 | DQ13: 100000 | DR13: 91050 | DS13: 86500 | DT13: =AVERAGE(DP13:DS13) -> 77354.5 | DU13: =MEDIAN(DP13:DS13) -> 88775 | DV13: =HARMEAN(DP13:DS13) -> 62575.178 | DW13: =DP13*1.051 -> 33493.268 | DX13: =+DW13+(DW13*20.5%) -> 40359.388 | DY13: =VLOOKUP(B13,[1]Hoja1!$B$9:$AV$244,47,0) -> 36117 | DZ13: 100000 | EA13: 103190 | EB13: 98000 | EC13: =AVERAGE(DY13:EB13) -> 84326.75 | ED13: =MEDIAN(DY13:EB13) -> 99000 | EE13: =HARMEAN(DY13:EB13) -> 69465.265 | EF13: =DY13*1.051 -> 37958.967 | EG13: =+EF13+(EF13*20.5%) -> 45740.555 | EH13: =VLOOKUP(B13,[1]Hoja1!$B$9:$AX$244,49,0) -> 35883 | EI13: 100000 | EJ13: 136575 | EK13: 127000 | EL13: =AVERAGE(EH13:EK13) -> 99864.5 | EM13: =MEDIAN(EH13:EK13) -> 113500 | EN13: =HARMEAN(EH13:EK13) -> 75380.175 | EO13: =EH13*1.051 -> 37713.033 | EP13: =+EO13+(EO13*20.5%) -> 45444.205 | EQ13: =VLOOKUP(B13,[1]Hoja1!$B$9:$AZ$244,51,0) -> 31053 | ER13: 100000 | ES13: 136575 | ET13: 127000 | EU13: =AVERAGE(EQ13:ET13) -> 98657 | EV13: =MEDIAN(EQ13:ET13) -> 113500 | EW13: =HARMEAN(EQ13:ET13) -> 69687.616 | EX13: =EQ13*1.2081 -> 37515.129 | EY13: =+EX13+(EX13*20.5%) -> 45205.731 | EZ13: =VLOOKUP(B13,'[2]RESPUESTOS '!$B$11:$BH$246,59,0) -> 19243 | FA13: 100000 | FB13: 102800 | FC13: 97700 | FD13: =AVERAGE(EZ13:FC13) -> 79935.75 | FE13: =MEDIAN(EZ13:FC13) -> 98850 | FF13: =HARMEAN(EZ13:FC13) -> 48822.171 | FG13: =EZ13*1.2081 -> 23247.468 | FH13: =+FG13+(FG13*20.5%) -> 28013.199 | FI13: =VLOOKUP(B13,'[2]RESPUESTOS '!$B$11:$CJ$246,87,0) -> 20088 | FJ13: 100000 | FK13: 110200 | FL13: 104700 | FM13: =AVERAGE(FI13:FL13) -> 83747 | FN13: =MEDIAN(FI13:FL13) -> 102350 | FO13: =HARMEAN(FI13:FL13) -> 51016.197 | FP13: =FI13*1.2081 -> 24268.313 | FQ13: =+FP13+(FP13*20.5%) -> 29243.317 | FR13: =VLOOKUP(B13,'[2]RESPUESTOS '!$B$11:$BX$246,75,0) -> 18780 | FS13: 100000 | FT13: 101200 | FU13: 99200 | FV13: =AVERAGE(FR13:FU13) -> 79795 | FW13: =MEDIAN(FR13:FU13) -> 99600 | FX13: =HARMEAN(FR13:FU13) -> 48071.027 | FY13: =FR13*1.2081 -> 22688.118 | FZ13: =+FY13+(FY13*20.5%) -> 27339.182 | GA13: =VLOOKUP(B13,'[2]RESPUESTOS '!$B$11:$CN$246,91,0) -> 22163 | GB13: 100000 | GC13: 121400 | GD13: 111700 | GE13: =AVERAGE(GA13:GD13) -> 88815.75 | GF13: =MEDIAN(GA13:GD13) -> 105850 | GG13: =HARMEAN(GA13:GD13) -> 55317.361 | GH13: =GA13*1.2081 -> 26775.12 | GI13: =+GH13+(GH13*20.5%) -> 32264.02 | GJ13: =VLOOKUP(B13,'[2]RESPUESTOS '!$B$11:$T$246,19,0) -> 18837 | GK13: 100000 | GL13: 99600 | GM13: 91600 | GN13: =AVERAGE(GJ13:GM13) -> 77509.25 | GO13: =MEDIAN(GJ13:GM13) -> 95600 | GP13: =HARMEAN(GJ13:GM13) -> 47594.004 | GQ13: =GJ13*1.2081 -> 22756.98 | GR13: =+GQ13+(GQ13*20.5%) -> 27422.161 | GS13: =VLOOKUP(B13,'[2]RESPUESTOS '!$B$11:$H$246,7,0) -> 16785 | GT13: 100000 | GU13: 59800 | GV13: 55600 | GW13: =AVERAGE(GS13:GV13) -> 58046.25 | GX13: =MEDIAN(GS13:GV13) -> 57700 | GY13: =HARMEAN(GS13:GV13) -> 38356.419 | GZ13: =GS13*1.2081 -> 20277.959 | HA13: =+GZ13+(GZ13*20.5%) -> 24434.94 | HB13: =VLOOKUP(B13,'[2]RESPUESTOS '!$B$11:$D$246,3,0) -> 16093 | HC13: 100000 | HD13: 59800 | HE13: 58000 | HF13: =AVERAGE(HB13:HE13) -> 58473.25 | HG13: =MEDIAN(HB13:HE13) -> 58900 | HH13: =HARMEAN(HB13:HE13) -> 37699.357 | HI13: =HB13*1.2081 -> 19441.953 | HJ13: =+HI13+(HI13*20.5%) -> 23427.554 | HK13: =VLOOKUP(B13,'[2]RESPUESTOS '!$B$11:$CB$246,79,0) -> 23269 | HL13: 100000 | HM13: 121400 | HN13: 115000 | HO13: =AVERAGE(HK13:HN13) -> 89917.25 | HP13: =MEDIAN(HK13:HN13) -> 107500 | HQ13: =HARMEAN(HK13:HN13) -> 57217.635 | HR13: =HK13*1.2081 -> 28111.279 | HS13: =+HR13+(HR13*20.5%) -> 33874.091 | HT13: 61943.644 | HU13: 100000 | HV13: 151750 | HW13: 147200 | HX13: =AVERAGE(HU13:HW13) -> 132983.33 | HY13: =MEDIAN(HU13:HW13) -> 147200 | HZ13: =HARMEAN(HU13:HW13) -> 128296.89 | IA13: =HT13*1.2081 -> 74834.116 | IB13: =+IA13+(IA13*20.5%) -> 90175.11 | IC13: 66038 | ID13: 100000 | IE13: 151750 | IF13: 145700 | IG13: =AVERAGE(ID13:IF13) -> 132483.33 | IH13: =MEDIAN(ID13:IF13) -> 145700 | II13: =HARMEAN(ID13:IF13) -> 127914.29 | IJ13: =IC13*1.2081 -> 79780.508 | IK13: =+IJ13+(IJ13*20.5%) -> 96135.512 | IM13: =(K13+T13+AC13+AL13+AU13+BD13+BM13+BV13+CE13+CN13+CW13+DF13+DO13+DX13+EG13+EP13+EY13+FH13+FQ13+FZ13+GI13+GR13+HA13+HJ13+HS13+IB13+IK13)/27 -> 37166.846
A14: 7 | B14: 1 LB GRASA ALTA TEMPERATURA | C14: =VLOOKUP(B14,[1]Hoja1!$B$9:$D$244,3,0) -> 33864 | D14: 120000 | E14: 181500 | F14: 172400 | G14: =AVERAGE(C14:F14) -> 126941 | H14: =MEDIAN(C14:F14) -> 146200 | I14: =HARMEAN(C14:F14) -> 81344.919 | J14: =C14*1.051 -> 35591.064 | K14: =+J14+(J14*20.5%) -> 42887.232 | L14: =VLOOKUP(B14,[1]Hoja1!$B$9:$L$244,11,0) -> 30191 | M14: 120000 | N14: 181500 | O14: 168800 | P14: =AVERAGE(L14:O14) -> 125122.75 | Q14: =MEDIAN(L14:O14) -> 144400 | R14: =HARMEAN(L14:O14) -> 75629.236 | S14: =L14*1.051 -> 31730.741 | T14: =+S14+(S14*20.5%) -> 38235.543 | U14: =VLOOKUP(B14,[1]Hoja1!$B$9:$T$244,19,0) -> 31551 | V14: 120000 | W14: 145200 | X14: 140800 | Y14: =AVERAGE(U14:X14) -> 109387.75 | Z14: =MEDIAN(U14:X14) -> 130400 | AA14: =HARMEAN(U14:X14) -> 74050.248 | AB14: =U14*1.051 -> 33160.101 | AC14: =+AB14+(AB14*20.5%) -> 39957.922 | AD14: =VLOOKUP(B14,[1]Hoja1!$B$9:$V$244,21,0) -> 34535 | AE14: 120000 | AF14: 137940 | AG14: 135200 | AH14: =AVERAGE(AD14:AG14) -> 106918.75 | AI14: =MEDIAN(AD14:AG14) -> 127600 | AJ14: =HARMEAN(AD14:AG14) -> 77018.694 | AK14: =AD14*1.051 -> 36296.285 | AL14: =+AK14+(AK14*20.5%) -> 43737.023 | AM14: =VLOOKUP(B14,[1]Hoja1!$B$9:$X$244,23,0) -> 32556 | AN14: 120000 | AO14: 123420 | AP14: 122200 | AQ14: =AVERAGE(AM14:AP14) -> 99544 | AR14: =MEDIAN(AM14:AP14) -> 121100 | AS14: =HARMEAN(AM14:AP14) -> 72286.511 | AT14: =AM14*1.051 -> 34216.356 | AU14: =+AT14+(AT14*20.5%) -> 41230.709 | AV14: =VLOOKUP(B14,[1]Hoja1!$B$9:$Z$244,25,0) -> 26600 | AW14: 120000 | AX14: 123420 | AY14: 117200 | AZ14: =AVERAGE(AV14:AY14) -> 96805 | BA14: =MEDIAN(AV14:AY14) -> 118600 | BB14: =HARMEAN(AV14:AY14) -> 63936.415 | BC14: =AV14*1.051 -> 27956.6 | BD14: =+BC14+(BC14*20.5%) -> 33687.703 | BE14: =VLOOKUP(B14,[1]Hoja1!$B$9:$AB$244,27,0) -> 29260 | BF14: 120000 | BG14: 145200 | BH14: 137900 | BI14: =AVERAGE(BE14:BH14) -> 108090 | BJ14: =MEDIAN(BE14:BH14) -> 128950 | BK14: =HARMEAN(BE14:BH14) -> 70611.038 | BL14: =BE14*1.051 -> 30752.26 | BM14: =+BL14+(BL14*20.5%) -> 37056.473 | BN14: =VLOOKUP(B14,[1]Hoja1!$B$9:$AD$244,29,0) -> 29260 | BO14: 120000 | BP14: 145200 | BQ14: 142300 | BR14: =AVERAGE(BN14:BQ14) -> 109190 | BS14: =MEDIAN(BN14:BQ14) -> 131150 | BT14: =HARMEAN(BN14:BQ14) -> 70891.64 | BU14: =BN14*1.051 -> 30752.26 | BV14: =+BU14+(BU14*20.5%) -> 37056.473 | BW14: =VLOOKUP(B14,[1]Hoja1!$B$9:$AF$244,31,0) -> 27926 | BX14: 120000 | BY14: 123420 | BZ14: 113500 | CA14: =AVERAGE(BW14:BZ14) -> 96211.5 | CB14: =MEDIAN(BW14:BZ14) -> 116750 | CC14: =HARMEAN(BW14:BZ14) -> 65514.438 | CD14: =BW14*1.051 -> 29350.226 | CE14: =+CD14+(CD14*20.5%) -> 35367.022 | CF14: =VLOOKUP(B14,[1]Hoja1!$B$9:$AJ$244,35,0) -> 26600 | CG14: 120000 | CH14: 83900 | CI14: 83100 | CJ14: =AVERAGE(CF14:CI14) -> 78400 | CK14: =MEDIAN(CF14:CI14) -> 83500 | CL14: =HARMEAN(CF14:CI14) -> 57241.014 | CM14: =CF14*1.051 -> 27956.6 | CN14: =+CM14+(CM14*20.5%) -> 33687.703 | CO14: =VLOOKUP(B14,[1]Hoja1!$B$9:$AL$244,37,0) -> 28942 | CP14: 120000 | CQ14: 123420 | CR14: 117200 | CS14: =AVERAGE(CO14:CR14) -> 97390.5 | CT14: =MEDIAN(CO14:CR14) -> 118600 | CU14: =HARMEAN(CO14:CR14) -> 67204.263 | CV14: =CO14*1.051 -> 30418.042 | CW14: =+CV14+(CV14*20.5%) -> 36653.741 | CX14: =VLOOKUP(B14,[1]Hoja1!$B$9:$AN$244,39,0) -> 31102 | CY14: 120000 | CZ14: 137940 | DA14: 124000 | DB14: =AVERAGE(CX14:DA14) -> 103260.5 | DC14: =MEDIAN(CX14:DA14) -> 122000 | DD14: =HARMEAN(CX14:DA14) -> 71685.036 | DE14: =CX14*1.051 -> 32688.202 | DF14: =+DE14+(DE14*20.5%) -> 39389.283 | DG14: =VLOOKUP(B14,[1]Hoja1!$B$9:$AR$244,43,0) -> 38115 | DH14: 120000 | DI14: 108900 | DJ14: 105600 | DK14: =AVERAGE(DG14:DJ14) -> 93153.75 | DL14: =MEDIAN(DG14:DJ14) -> 107250 | DM14: =HARMEAN(DG14:DJ14) -> 75156.669 | DN14: =DG14*1.051 -> 40058.865 | DO14: =+DN14+(DN14*20.5%) -> 48270.932 | DP14: =VLOOKUP(B14,[1]Hoja1!$B$9:$AT$244,45,0) -> 38115 | DQ14: 120000 | DR14: 108900 | DS14: 102400 | DT14: =AVERAGE(DP14:DS14) -> 92353.75 | DU14: =MEDIAN(DP14:DS14) -> 105650 | DV14: =HARMEAN(DP14:DS14) -> 74741.09 | DW14: =DP14*1.051 -> 40058.865 | DX14: =+DW14+(DW14*20.5%) -> 48270.932 | DY14: =VLOOKUP(B14,[1]Hoja1!$B$9:$AV$244,47,0) -> 43197 | DZ14: 120000 | EA14: 123420 | EB14: 116000 | EC14: =AVERAGE(DY14:EB14) -> 100654.25 | ED14: =MEDIAN(DY14:EB14) -> 118000 | EE14: =HARMEAN(DY14:EB14) -> 82976.89 | EF14: =DY14*1.051 -> 45400.047 | EG14: =+EF14+(EF14*20.5%) -> 54707.057 | EH14: =VLOOKUP(B14,[1]Hoja1!$B$9:$AX$244,49,0) -> 44282 | EI14: 120000 | EJ14: 163350 | EK14: 150300 | EL14: =AVERAGE(EH14:EK14) -> 119483 | EM14: =MEDIAN(EH14:EK14) -> 135150 | EN14: =HARMEAN(EH14:EK14) -> 91551.917 | EO14: =EH14*1.051 -> 46540.382 | EP14: =+EO14+(EO14*20.5%) -> 56081.16 | EQ14: =VLOOKUP(B14,[1]Hoja1!$B$9:$AZ$244,51,0) -> 38444 | ER14: 120000 | ES14: 163350 | ET14: 155200 | EU14: =AVERAGE(EQ14:ET14) -> 119248.5 | EV14: =MEDIAN(EQ14:ET14) -> 137600 | EW14: =HARMEAN(EQ14:ET14) -> 85269.087 | EX14: =EQ14*1.2081 -> 46444.196 | EY14: =+EX14+(EX14*20.5%) -> 55965.257 | EZ14: =VLOOKUP(B14,'[2]RESPUESTOS '!$B$11:$BH$246,59,0) -> 23192 | FA14: 120000 | FB14: 126600 | FC14: 121500 | FD14: =AVERAGE(EZ14:FC14) -> 97823 | FE14: =MEDIAN(EZ14:FC14) -> 120750 | FF14: =HARMEAN(EZ14:FC14) -> 59188.236 | FG14: =EZ14*1.2081 -> 28018.255 | FH14: =+FG14+(FG14*20.5%) -> 33761.998 | FI14: =VLOOKUP(B14,'[2]RESPUESTOS '!$B$11:$CJ$246,87,0) -> 24476 | FJ14: 120000 | FK14: 134800 | FL14: 130800 | FM14: =AVERAGE(FI14:FL14) -> 102519 | FN14: =MEDIAN(FI14:FL14) -> 125400 | FO14: =HARMEAN(FI14:FL14) -> 62253.573 | FP14: =FI14*1.2081 -> 29569.456 | FQ14: =+FP14+(FP14*20.5%) -> 35631.194 | FR14: =VLOOKUP(B14,'[2]RESPUESTOS '!$B$11:$BX$246,75,0) -> 21975 | FS14: 120000 | FT14: 117400 | FU14: 111500 | FV14: =AVERAGE(FR14:FU14) -> 92718.75 | FW14: =MEDIAN(FR14:FU14) -> 114450 | FX14: =HARMEAN(FR14:FU14) -> 56080.463 | FY14: =FR14*1.2081 -> 26547.997 | FZ14: =+FY14+(FY14*20.5%) -> 31990.337 | GA14: =VLOOKUP(B14,'[2]RESPUESTOS '!$B$11:$CN$246,91,0) -> 26853 | GB14: 120000 | GC14: 145200 | GD14: 142300 | GE14: =AVERAGE(GA14:GD14) -> 108588.25 | GF14: =MEDIAN(GA14:GD14) -> 131150 | GG14: =HARMEAN(GA14:GD14) -> 67240.927 | GH14: =GA14*1.2081 -> 32441.109 | GI14: =+GH14+(GH14*20.5%) -> 39091.537 | GJ14: =VLOOKUP(B14,'[2]RESPUESTOS '!$B$11:$T$246,19,0) -> 23576 | GK14: 120000 | GL14: 123000 | GM14: 120500 | GN14: =AVERAGE(GJ14:GM14) -> 96769 | GO14: =MEDIAN(GJ14:GM14) -> 120250 | GP14: =HARMEAN(GJ14:GM14) -> 59543.138 | GQ14: =GJ14*1.2081 -> 28482.166 | GR14: =+GQ14+(GQ14*20.5%) -> 34321.01 | GS14: =VLOOKUP(B14,'[2]RESPUESTOS '!$B$11:$H$246,7,0) -> 19916 | GT14: 120000 | GU14: 73800 | GV14: 70100 | GW14: =AVERAGE(GS14:GV14) -> 70954 | GX14: =MEDIAN(GS14:GV14) -> 71950 | GY14: =HARMEAN(GS14:GV14) -> 46317.906 | GZ14: =GS14*1.2081 -> 24060.52 | HA14: =+GZ14+(GZ14*20.5%) -> 28992.926 | HB14: =VLOOKUP(B14,'[2]RESPUESTOS '!$B$11:$D$246,3,0) -> 19476 | HC14: 120000 | HD14: 73800 | HE14: 70100 | HF14: =AVERAGE(HB14:HE14) -> 70844 | HG14: =MEDIAN(HB14:HE14) -> 71950 | HH14: =HARMEAN(HB14:HE14) -> 45717.395 | HI14: =HB14*1.2081 -> 23528.956 | HJ14: =+HI14+(HI14*20.5%) -> 28352.391 | HK14: =VLOOKUP(B14,'[2]RESPUESTOS '!$B$11:$CB$246,79,0) -> 26469 | HL14: 120000 | HM14: 145200 | HN14: 139000 | HO14: =AVERAGE(HK14:HN14) -> 107667.25 | HP14: =MEDIAN(HK14:HN14) -> 129500 | HQ14: =HARMEAN(HK14:HN14) -> 66451.061 | HR14: =HK14*1.2081 -> 31977.199 | HS14: =+HR14+(HR14*20.5%) -> 38532.525 | HT14: 47226.424 | HU14: 120000 | HV14: 181500 | HW14: 172400 | HX14: =AVERAGE(HU14:HW14) -> 157966.67 | HY14: =MEDIAN(HU14:HW14) -> 172400 | HZ14: =HARMEAN(HU14:HW14) -> 152722.75 | IA14: =HT14*1.2081 -> 57054.243 | IB14: =+IA14+(IA14*20.5%) -> 68750.363 | IC14: 50348 | ID14: 120000 | IE14: 181500 | IF14: 176100 | IG14: =AVERAGE(ID14:IF14) -> 159200 | IH14: =MEDIAN(ID14:IF14) -> 176100 | II14: =HARMEAN(ID14:IF14) -> 153676.19 | IJ14: =IC14*1.2081 -> 60825.419 | IK14: =+IJ14+(IJ14*20.5%) -> 73294.63 | IM14: =(K14+T14+AC14+AL14+AU14+BD14+BM14+BV14+CE14+CN14+CW14+DF14+DO14+DX14+EG14+EP14+EY14+FH14+FQ14+FZ14+GI14+GR14+HA14+HJ14+HS14+IB14+IK14)/27 -> 42035.595
A15: 8 | B15: 1/4 ACEITE EP 80W90 | C15: =VLOOKUP(B15,[1]Hoja1!$B$9:$D$244,3,0) -> 59309 | D15: 200000 | E15: 338750 | F15: 325200 | G15: =AVERAGE(C15:F15) -> 230814.75 | H15: =MEDIAN(C15:F15) -> 262600 | I15: =HARMEAN(C15:F15) -> 143431.34 | J15: =C15*1.051 -> 62333.759 | K15: =+J15+(J15*20.5%) -> 75112.18 | L15: =VLOOKUP(B15,[1]Hoja1!$B$9:$L$244,11,0) -> 54886 | M15: 200000 | N15: 338750 | O15: 318400 | P15: =AVERAGE(L15:O15) -> 228009 | Q15: =MEDIAN(L15:O15) -> 259200 | R15: =HARMEAN(L15:O15) -> 136461.41 | S15: =L15*1.051 -> 57685.186 | T15: =+S15+(S15*20.5%) -> 69510.649 | U15: =VLOOKUP(B15,[1]Hoja1!$B$9:$T$244,19,0) -> 57729 | V15: 200000 | W15: 271000 | X15: 265600 | Y15: =AVERAGE(U15:X15) -> 198582.25 | Z15: =MEDIAN(U15:X15) -> 232800 | AA15: =HARMEAN(U15:X15) -> 134330 | AB15: =U15*1.051 -> 60673.179 | AC15: =+AB15+(AB15*20.5%) -> 73111.181 | AD15: =VLOOKUP(B15,[1]Hoja1!$B$9:$V$244,21,0) -> 62431 | AE15: 200000 | AF15: 257450 | AG15: 254900 | AH15: =AVERAGE(AD15:AG15) -> 193695.25 | AI15: =MEDIAN(AD15:AG15) -> 227450 | AJ15: =HARMEAN(AD15:AG15) -> 138768.24 | AK15: =AD15*1.051 -> 65614.981 | AL15: =+AK15+(AK15*20.5%) -> 79066.052 | AM15: =VLOOKUP(B15,[1]Hoja1!$B$9:$X$244,23,0) -> 58800 | AN15: 200000 | AO15: 230350 | AP15: 218800 | AQ15: =AVERAGE(AM15:AP15) -> 176987.5 | AR15: =MEDIAN(AM15:AP15) -> 209400 | AS15: =HARMEAN(AM15:AP15) -> 129372.77 | AT15: =AM15*1.051 -> 61798.8 | AU15: =+AT15+(AT15*20.5%) -> 74467.554 | AV15: =VLOOKUP(B15,[1]Hoja1!$B$9:$Z$244,25,0) -> 46200 | AW15: 200000 | AX15: 230350 | AY15: 221100 | AZ15: =AVERAGE(AV15:AY15) -> 174412.5 | BA15: =MEDIAN(AV15:AY15) -> 210550 | BB15: =HARMEAN(AV15:AY15) -> 112647.24 | BC15: =AV15*1.051 -> 48556.2 | BD15: =+BC15+(BC15*20.5%) -> 58510.221 | BE15: =VLOOKUP(B15,[1]Hoja1!$B$9:$AB$244,27,0) -> 50820 | BF15: 200000 | BG15: 271000 | BH15: 254700 | BI15: =AVERAGE(BE15:BH15) -> 194130 | BJ15: =MEDIAN(BE15:BH15) -> 227350 | BK15: =HARMEAN(BE15:BH15) -> 123863.87 | BL15: =BE15*1.051 -> 53411.82 | BM15: =+BL15+(BL15*20.5%) -> 64361.243 | BN15: =VLOOKUP(B15,[1]Hoja1!$B$9:$AD$244,29,0) -> 50820 | BO15: 200000 | BP15: 271000 | BQ15: 249300 | BR15: =AVERAGE(BN15:BQ15) -> 192780 | BS15: =MEDIAN(BN15:BQ15) -> 224650 | BT15: =HARMEAN(BN15:BQ15) -> 123538.54 | BU15: =BN15*1.051 -> 53411.82 | BV15: =+BU15+(BU15*20.5%) -> 64361.243 | BW15: =VLOOKUP(B15,[1]Hoja1!$B$9:$AF$244,31,0) -> 48787 | BX15: 200000 | BY15: 230350 | BZ15: 207300 | CA15: =AVERAGE(BW15:BZ15) -> 171609.25 | CB15: =MEDIAN(BW15:BZ15) -> 203650 | CC15: =HARMEAN(BW15:BZ15) -> 115398.78 | CD15: =BW15*1.051 -> 51275.137 | CE15: =+CD15+(CD15*20.5%) -> 61786.54 | CF15: =VLOOKUP(B15,[1]Hoja1!$B$9:$AJ$244,35,0) -> 46200 | CG15: 200000 | CH15: 156600 | CI15: 151900 | CJ15: =AVERAGE(CF15:CI15) -> 138675 | CK15: =MEDIAN(CF15:CI15) -> 154250 | CL15: =HARMEAN(CF15:CI15) -> 100974.41 | CM15: =CF15*1.051 -> 48556.2 | CN15: =+CM15+(CM15*20.5%) -> 58510.221 | CO15: =VLOOKUP(B15,[1]Hoja1!$B$9:$AL$244,37,0) -> 50243 | CP15: 200000 | CQ15: 230350 | CR15: 214200 | CS15: =AVERAGE(CO15:CR15) -> 173698.25 | CT15: =MEDIAN(CO15:CR15) -> 207100 | CU15: =HARMEAN(CO15:CR15) -> 117948.79 | CV15: =CO15*1.051 -> 52805.393 | CW15: =+CV15+(CV15*20.5%) -> 63630.499 | CX15: =VLOOKUP(B15,[1]Hoja1!$B$9:$AN$244,39,0) -> 59408 | CY15: 200000 | CZ15: 257450 | DA15: 247000 | DB15: =AVERAGE(CX15:DA15) -> 190964.5 | DC15: =MEDIAN(CX15:DA15) -> 223500 | DD15: =HARMEAN(CX15:DA15) -> 134383.4 | DE15: =CX15*1.051 -> 62437.808 | DF15: =+DE15+(DE15*20.5%) -> 75237.559 | DG15: =VLOOKUP(B15,[1]Hoja1!$B$9:$AR$244,43,0) -> 68277 | DH15: 200000 | DI15: 203250 | DJ15: 193100 | DK15: =AVERAGE(DG15:DJ15) -> 166156.75 | DL15: =MEDIAN(DG15:DJ15) -> 196550 | DM15: =HARMEAN(DG15:DJ15) -> 134476.68 | DN15: =DG15*1.051 -> 71759.127 | DO15: =+DN15+(DN15*20.5%) -> 86469.748 | DP15: =VLOOKUP(B15,[1]Hoja1!$B$9:$AT$244,45,0) -> 71138 | DQ15: 200000 | DR15: 203250 | DS15: 187000 | DT15: =AVERAGE(DP15:DS15) -> 165347 | DU15: =MEDIAN(DP15:DS15) -> 193500 | DV15: =HARMEAN(DP15:DS15) -> 136403.19 | DW15: =DP15*1.051 -> 74766.038 | DX15: =+DW15+(DW15*20.5%) -> 90093.076 | DY15: =VLOOKUP(B15,[1]Hoja1!$B$9:$AV$244,47,0) -> 80623 | DZ15: 200000 | EA15: 230350 | EB15: 211900 | EC15: =AVERAGE(DY15:EB15) -> 180718.25 | ED15: =MEDIAN(DY15:EB15) -> 205950 | EE15: =HARMEAN(DY15:EB15) -> 151149.67 | EF15: =DY15*1.051 -> 84734.773 | EG15: =+EF15+(EF15*20.5%) -> 102105.4 | EH15: =VLOOKUP(B15,[1]Hoja1!$B$9:$AX$244,49,0) -> 81361 | EI15: 200000 | EJ15: 304875 | EK15: 274400 | EL15: =AVERAGE(EH15:EK15) -> 215159 | EM15: =MEDIAN(EH15:EK15) -> 237200 | EN15: =HARMEAN(EH15:EK15) -> 165185.17 | EO15: =EH15*1.051 -> 85510.411 | EP15: =+EO15+(EO15*20.5%) -> 103040.05 | EQ15: =VLOOKUP(B15,[1]Hoja1!$B$9:$AZ$244,51,0) -> 68277 | ER15: 200000 | ES15: 304875 | ET15: 292700 | EU15: =AVERAGE(EQ15:ET15) -> 216463 | EV15: =MEDIAN(EQ15:ET15) -> 246350 | EW15: =HARMEAN(EQ15:ET15) -> 151844.6 | EX15: =EQ15*1.2081 -> 82485.444 | EY15: =+EX15+(EX15*20.5%) -> 99394.96 | EZ15: =VLOOKUP(B15,'[2]RESPUESTOS '!$B$11:$BH$246,59,0) -> 41625 | FA15: 200000 | FB15: 229400 | FC15: 222500 | FD15: =AVERAGE(EZ15:FC15) -> 173381.25 | FE15: =MEDIAN(EZ15:FC15) -> 211250 | FF15: =HARMEAN(EZ15:FC15) -> 105603.3 | FG15: =EZ15*1.2081 -> 50287.162 | FH15: =+FG15+(FG15*20.5%) -> 60596.031 | FI15: =VLOOKUP(B15,'[2]RESPUESTOS '!$B$11:$CJ$246,87,0) -> 41975 | FJ15: 200000 | FK15: 233400 | FL15: 228700 | FM15: =AVERAGE(FI15:FL15) -> 176018.75 | FN15: =MEDIAN(FI15:FL15) -> 214350 | FO15: =HARMEAN(FI15:FL15) -> 106721.49 | FP15: =FI15*1.2081 -> 50709.997 | FQ15: =+FP15+(FP15*20.5%) -> 61105.547 | FR15: =VLOOKUP(B15,'[2]RESPUESTOS '!$B$11:$BX$246,75,0) -> 37419 | FS15: 200000 | FT15: 193200 | FU15: 187400 | FV15: =AVERAGE(FR15:FU15) -> 154504.75 | FW15: =MEDIAN(FR15:FU15) -> 190300 | FX15: =HARMEAN(FR15:FU15) -> 94704.696 | FY15: =FR15*1.2081 -> 45205.894 | FZ15: =+FY15+(FY15*20.5%) -> 54473.102 | GA15: =VLOOKUP(B15,'[2]RESPUESTOS '!$B$11:$CN$246,91,0) -> 49407 | GB15: 200000 | GC15: 256600 | GD15: 243800 | GE15: =AVERAGE(GA15:GD15) -> 187451.75 | GF15: =MEDIAN(GA15:GD15) -> 221900 | GG15: =HARMEAN(GA15:GD15) -> 120340.98 | GH15: =GA15*1.2081 -> 59688.597 | GI15: =+GH15+(GH15*20.5%) -> 71924.759 | GJ15: =VLOOKUP(B15,'[2]RESPUESTOS '!$B$11:$T$246,19,0) -> 36400 | GK15: 200000 | GL15: 202400 | GM15: 186200 | GN15: =AVERAGE(GJ15:GM15) -> 156250 | GO15: =MEDIAN(GJ15:GM15) -> 193100 | GP15: =HARMEAN(GJ15:GM15) -> 93493.314 | GQ15: =GJ15*1.2081 -> 43974.84 | GR15: =+GQ15+(GQ15*20.5%) -> 52989.682 | GS15: =VLOOKUP(B15,'[2]RESPUESTOS '!$B$11:$H$246,7,0) -> 37535 | GT15: 200000 | GU15: 121400 | GV15: 116500 | GW15: =AVERAGE(GS15:GV15) -> 118858.75 | GX15: =MEDIAN(GS15:GV15) -> 118950 | GY15: =HARMEAN(GS15:GV15) -> 82537.663 | GZ15: =GS15*1.2081 -> 45346.033 | HA15: =+GZ15+(GZ15*20.5%) -> 54641.97 | HB15: =VLOOKUP(B15,'[2]RESPUESTOS '!$B$11:$D$246,3,0) -> 33948 | HC15: 200000 | HD15: 121400 | HE15: 116500 | HF15: =AVERAGE(HB15:HE15) -> 117962 | HG15: =MEDIAN(HB15:HE15) -> 118950 | HH15: =HARMEAN(HB15:HE15) -> 78006.559 | HI15: =HB15*1.2081 -> 41012.579 | HJ15: =+HI15+(HI15*20.5%) -> 49420.157 | HK15: =VLOOKUP(B15,'[2]RESPUESTOS '!$B$11:$CB$246,79,0) -> 46910 | HL15: 200000 | HM15: 256600 | HN15: 249000 | HO15: =AVERAGE(HK15:HN15) -> 188127.5 | HP15: =MEDIAN(HK15:HN15) -> 224500 | HQ15: =HARMEAN(HK15:HN15) -> 116854.52 | HR15: =HK15*1.2081 -> 56671.971 | HS15: =+HR15+(HR15*20.5%) -> 68289.725 | HT15: 98651.336 | HU15: 200000 | HV15: 338750 | HW15: 315000 | HX15: =AVERAGE(HU15:HW15) -> 284583.33 | HY15: =MEDIAN(HU15:HW15) -> 315000 | HZ15: =HARMEAN(HU15:HW15) -> 269623.35 | IA15: =HT15*1.2081 -> 119180.68 | IB15: =+IA15+(IA15*20.5%) -> 143612.72 | IC15: 105172 | ID15: 200000 | IE15: 338750 | IF15: 332000 | IG15: =AVERAGE(ID15:IF15) -> 290250 | IH15: =MEDIAN(ID15:IF15) -> 332000 | II15: =HARMEAN(ID15:IF15) -> 273620.83 | IJ15: =IC15*1.2081 -> 127058.29 | IK15: =+IJ15+(IJ15*20.5%) -> 153105.24 | IM15: =(K15+T15+AC15+AL15+AU15+BD15+BM15+BV15+CE15+CN15+CW15+DF15+DO15+DX15+EG15+EP15+EY15+FH15+FQ15+FZ15+GI15+GR15+HA15+HJ15+HS15+IB15+IK15)/27 -> 76626.937
A16: 9 | B16: 1/4 ACEITE MOTOR 10W30 | C16: =VLOOKUP(B16,[1]Hoja1!$B$9:$D$244,3,0) -> 72529 | D16: 180000 | E16: 407500 | F16: 395300 | G16: =AVERAGE(C16:F16) -> 263832.25 | H16: =MEDIAN(C16:F16) -> 287650 | I16: =HARMEAN(C16:F16) -> 164427.33 | J16: =C16*1.051 -> 76227.979 | K16: =+J16+(J16*20.5%) -> 91854.715 | L16: =VLOOKUP(B16,[1]Hoja1!$B$9:$L$244,11,0) -> 65447 | M16: 180000 | N16: 407500 | O16: 387100 | P16: =AVERAGE(L16:O16) -> 260011.75 | Q16: =MEDIAN(L16:O16) -> 283550 | R16: =HARMEAN(L16:O16) -> 154604.94 | S16: =L16*1.051 -> 68784.797 | T16: =+S16+(S16*20.5%) -> 82885.68 | U16: =VLOOKUP(B16,[1]Hoja1!$B$9:$T$244,19,0) -> 63307 | V16: 180000 | W16: 326000 | X16: 309700 | Y16: =AVERAGE(U16:X16) -> 219751.75 | Z16: =MEDIAN(U16:X16) -> 244850 | AA16: =HARMEAN(U16:X16) -> 144675.86 | AB16: =U16*1.051 -> 66535.657 | AC16: =+AB16+(AB16*20.5%) -> 80175.467 | AD16: =VLOOKUP(B16,[1]Hoja1!$B$9:$V$244,21,0) -> 74093 | AE16: 180000 | AF16: 309700 | AG16: 294200 | AH16: =AVERAGE(AD16:AG16) -> 214498.25 | AI16: =MEDIAN(AD16:AG16) -> 237100 | AJ16: =HARMEAN(AD16:AG16) -> 155762.71 | AK16: =AD16*1.051 -> 77871.743 | AL16: =+AK16+(AK16*20.5%) -> 93835.45 | AM16: =VLOOKUP(B16,[1]Hoja1!$B$9:$X$244,23,0) -> 69754 | AN16: 180000 | AO16: 277100 | AP16: 268800 | AQ16: =AVERAGE(AM16:AP16) -> 198913.5 | AR16: =MEDIAN(AM16:AP16) -> 224400 | AS16: =HARMEAN(AM16:AP16) -> 146947.02 | AT16: =AM16*1.051 -> 73311.454 | AU16: =+AT16+(AT16*20.5%) -> 88340.302 | AV16: =VLOOKUP(B16,[1]Hoja1!$B$9:$Z$244,25,0) -> 53900 | AW16: 180000 | AX16: 277100 | AY16: 257700 | AZ16: =AVERAGE(AV16:AY16) -> 192175 | BA16: =MEDIAN(AV16:AY16) -> 218850 | BB16: =HARMEAN(AV16:AY16) -> 126591.42 | BC16: =AV16*1.051 -> 56648.9 | BD16: =+BC16+(BC16*20.5%) -> 68261.924 | BE16: =VLOOKUP(B16,[1]Hoja1!$B$9:$AB$244,27,0) -> 59290 | BF16: 180000 | BG16: 326000 | BH16: 299900 | BI16: =AVERAGE(BE16:BH16) -> 216297.5 | BJ16: =MEDIAN(BE16:BH16) -> 239950 | BK16: =HARMEAN(BE16:BH16) -> 138774.52 | BL16: =BE16*1.051 -> 62313.79 | BM16: =+BL16+(BL16*20.5%) -> 75088.117 | BN16: =VLOOKUP(B16,[1]Hoja1!$B$9:$AD$244,29,0) -> 59290 | BO16: 180000 | BP16: 326000 | BQ16: 319500 | BR16: =AVERAGE(BN16:BQ16) -> 221197.5 | BS16: =MEDIAN(BN16:BQ16) -> 249750 | BT16: =HARMEAN(BN16:BQ16) -> 139766.4 | BU16: =BN16*1.051 -> 62313.79 | BV16: =+BU16+(BU16*20.5%) -> 75088.117 | BW16: =VLOOKUP(B16,[1]Hoja1!$B$9:$AF$244,31,0) -> 56768 | BX16: 180000 | BY16: 277100 | BZ16: 266000 | CA16: =AVERAGE(BW16:BZ16) -> 194967 | CB16: =MEDIAN(BW16:BZ16) -> 223000 | CC16: =HARMEAN(BW16:BZ16) -> 130978.7 | CD16: =BW16*1.051 -> 59663.168 | CE16: =+CD16+(CD16*20.5%) -> 71894.117 | CF16: =VLOOKUP(B16,[1]Hoja1!$B$9:$AJ$244,35,0) -> 53900 | CG16: 180000 | CH16: 188400 | CI16: 179000 | CJ16: =AVERAGE(CF16:CI16) -> 150325 | CK16: =MEDIAN(CF16:CI16) -> 179500 | CL16: =HARMEAN(CF16:CI16) -> 114276.31 | CM16: =CF16*1.051 -> 56648.9 | CN16: =+CM16+(CM16*20.5%) -> 68261.924 | CO16: =VLOOKUP(B16,[1]Hoja1!$B$9:$AL$244,37,0) -> 59764 | CP16: 180000 | CQ16: 277100 | CR16: 260500 | CS16: =AVERAGE(CO16:CR16) -> 194341 | CT16: =MEDIAN(CO16:CR16) -> 220250 | CU16: =HARMEAN(CO16:CR16) -> 134518.83 | CV16: =CO16*1.051 -> 62811.964 | CW16: =+CV16+(CV16*20.5%) -> 75688.417 | CX16: =VLOOKUP(B16,[1]Hoja1!$B$9:$AN$244,39,0) -> 79871 | CY16: 180000 | CZ16: 309700 | DA16: 279000 | DB16: =AVERAGE(CX16:DA16) -> 212142.75 | DC16: =MEDIAN(CX16:DA16) -> 229500 | DD16: =HARMEAN(CX16:DA16) -> 160714.18 | DE16: =CX16*1.051 -> 83944.421 | DF16: =+DE16+(DE16*20.5%) -> 101153.03 | DG16: =VLOOKUP(B16,[1]Hoja1!$B$9:$AR$244,43,0) -> 80160 | DH16: 180000 | DI16: 244500 | DJ16: 227400 | DK16: =AVERAGE(DG16:DJ16) -> 183015 | DL16: =MEDIAN(DG16:DJ16) -> 203700 | DM16: =HARMEAN(DG16:DJ16) -> 150840.24 | DN16: =DG16*1.051 -> 84248.16 | DO16: =+DN16+(DN16*20.5%) -> 101519.03 | DP16: =VLOOKUP(B16,[1]Hoja1!$B$9:$AT$244,45,0) -> 85575 | DQ16: 180000 | DR16: 244500 | DS16: 239600 | DT16: =AVERAGE(DP16:DS16) -> 187418.75 | DU16: =MEDIAN(DP16:DS16) -> 209800 | DV16: =HARMEAN(DP16:DS16) -> 156833.14 | DW16: =DP16*1.051 -> 89939.325 | DX16: =+DW16+(DW16*20.5%) -> 108376.89 | DY16: =VLOOKUP(B16,[1]Hoja1!$B$9:$AV$244,47,0) -> 96192 | DZ16: 180000 | EA16: 277100 | EB16: 271600 | EC16: =AVERAGE(DY16:EB16) -> 206223 | ED16: =MEDIAN(DY16:EB16) -> 225800 | EE16: =HARMEAN(DY16:EB16) -> 172101.33 | EF16: =DY16*1.051 -> 101097.79 | EG16: =+EF16+(EF16*20.5%) -> 121822.84 | EH16: =VLOOKUP(B16,[1]Hoja1!$B$9:$AX$244,49,0) -> 94050 | EI16: 180000 | EJ16: 366750 | EK16: 352100 | EL16: =AVERAGE(EH16:EK16) -> 248225 | EM16: =MEDIAN(EH16:EK16) -> 266050 | EN16: =HARMEAN(EH16:EK16) -> 183866.17 | EO16: =EH16*1.051 -> 98846.55 | EP16: =+EO16+(EO16*20.5%) -> 119110.09 | EQ16: =VLOOKUP(B16,[1]Hoja1!$B$9:$AZ$244,51,0) -> 80160 | ER16: 180000 | ES16: 366750 | ET16: 355700 | EU16: =AVERAGE(EQ16:ET16) -> 245652.5 | EV16: =MEDIAN(EQ16:ET16) -> 267850 | EW16: =HARMEAN(EQ16:ET16) -> 169717.22 | EX16: =EQ16*1.2081 -> 96841.296 | EY16: =+EX16+(EX16*20.5%) -> 116693.76 | EZ16: =VLOOKUP(B16,'[2]RESPUESTOS '!$B$11:$BH$246,59,0) -> 48590 | FA16: 180000 | FB16: 267600 | FC16: 262200 | FD16: =AVERAGE(EZ16:FC16) -> 189597.5 | FE16: =MEDIAN(EZ16:FC16) -> 221100 | FF16: =HARMEAN(EZ16:FC16) -> 118741.14 | FG16: =EZ16*1.2081 -> 58701.579 | FH16: =+FG16+(FG16*20.5%) -> 70735.403 | FI16: =VLOOKUP(B16,'[2]RESPUESTOS '!$B$11:$CJ$246,87,0) -> 49448 | FJ16: 180000 | FK16: 267600 | FL16: 264900 | FM16: =AVERAGE(FI16:FL16) -> 190487 | FN16: =MEDIAN(FI16:FL16) -> 222450 | FO16: =HARMEAN(FI16:FL16) -> 120153.49 | FP16: =FI16*1.2081 -> 59738.129 | FQ16: =+FP16+(FP16*20.5%) -> 71984.445 | FR16: =VLOOKUP(B16,'[2]RESPUESTOS '!$B$11:$BX$246,75,0) -> 42418 | FS16: 180000 | FT16: 229600 | FU16: 225000 | FV16: =AVERAGE(FR16:FU16) -> 169254.5 | FW16: =MEDIAN(FR16:FU16) -> 202500 | FX16: =HARMEAN(FR16:FU16) -> 105456.59 | FY16: =FR16*1.2081 -> 51245.186 | FZ16: =+FY16+(FY16*20.5%) -> 61750.449 | GA16: =VLOOKUP(B16,'[2]RESPUESTOS '!$B$11:$CN$246,91,0) -> 59145 | GB16: 180000 | GC16: 313800 | GD16: 304400 | GE16: =AVERAGE(GA16:GD16) -> 214336.25 | GF16: =MEDIAN(GA16:GD16) -> 242200 | GG16: =HARMEAN(GA16:GD16) -> 138240.65 | GH16: =GA16*1.2081 -> 71453.075 | GI16: =+GH16+(GH16*20.5%) -> 86100.955 | GJ16: =VLOOKUP(B16,'[2]RESPUESTOS '!$B$11:$T$246,19,0) -> 43353 | GK16: 180000 | GL16: 240400 | GM16: 235600 | GN16: =AVERAGE(GJ16:GM16) -> 174838.25 | GO16: =MEDIAN(GJ16:GM16) -> 207800 | GP16: =HARMEAN(GJ16:GM16) -> 108031.53 | GQ16: =GJ16*1.2081 -> 52374.759 | GR16: =+GQ16+(GQ16*20.5%) -> 63111.585 | GS16: =VLOOKUP(B16,'[2]RESPUESTOS '!$B$11:$H$246,7,0) -> 43711 | GT16: 180000 | GU16: 144200 | GV16: 139900 | GW16: =AVERAGE(GS16:GV16) -> 126952.75 | GX16: =MEDIAN(GS16:GV16) -> 142050 | GY16: =HARMEAN(GS16:GV16) -> 94082.521 | GZ16: =GS16*1.2081 -> 52807.259 | HA16: =+GZ16+(GZ16*20.5%) -> 63632.747 | HB16: =VLOOKUP(B16,'[2]RESPUESTOS '!$B$11:$D$246,3,0) -> 44289 | HC16: 180000 | HD16: 144200 | HE16: 139900 | HF16: =AVERAGE(HB16:HE16) -> 127097.25 | HG16: =MEDIAN(HB16:HE16) -> 142050 | HH16: =HARMEAN(HB16:HE16) -> 94747.885 | HI16: =HB16*1.2081 -> 53505.541 | HJ16: =+HI16+(HI16*20.5%) -> 64474.177 | HK16: =VLOOKUP(B16,'[2]RESPUESTOS '!$B$11:$CB$246,79,0) -> 56819 | HL16: 180000 | HM16: 313800 | HN16: 308000 | HO16: =AVERAGE(HK16:HN16) -> 214654.75 | HP16: =MEDIAN(HK16:HN16) -> 244000 | HQ16: =HARMEAN(HK16:HN16) -> 135186.29 | HR16: =HK16*1.2081 -> 68643.034 | HS16: =+HR16+(HR16*20.5%) -> 82714.856 | HT16: 73873.128 | HU16: 180000 | HV16: 407500 | HW16: 383100 | HX16: =AVERAGE(HU16:HW16) -> 323533.33 | HY16: =MEDIAN(HU16:HW16) -> 383100 | HZ16: =HARMEAN(HU16:HW16) -> 282490.46 | IA16: =HT16*1.2081 -> 89246.126 | IB16: =+IA16+(IA16*20.5%) -> 107541.58 | IC16: 78756 | ID16: 180000 | IE16: 407500 | IF16: 387100 | IG16: =AVERAGE(ID16:IF16) -> 324866.67 | IH16: =MEDIAN(ID16:IF16) -> 387100 | II16: =HARMEAN(ID16:IF16) -> 283209.76 | IJ16: =IC16*1.2081 -> 95145.124 | IK16: =+IJ16+(IJ16*20.5%) -> 114649.87 | IM16: =(K16+T16+AC16+AL16+AU16+BD16+BM16+BV16+CE16+CN16+CW16+DF16+DO16+DX16+EG16+EP16+EY16+FH16+FQ16+FZ16+GI16+GR16+HA16+HJ16+HS16+IB16+IK16)/27 -> 86175.776
A17: 10 | B17: 1/4 ACEITE MOTOR 15W40 | C17: =VLOOKUP(B17,[1]Hoja1!$B$9:$D$244,3,0) -> 73391 | D17: 180000 | E17: 413500 | F17: 405200 | G17: =AVERAGE(C17:F17) -> 268022.75 | H17: =MEDIAN(C17:F17) -> 292600 | I17: =HARMEAN(C17:F17) -> 166199.22 | J17: =C17*1.051 -> 77133.941 | K17: =+J17+(J17*20.5%) -> 92946.399 | L17: =VLOOKUP(B17,[1]Hoja1!$B$9:$L$244,11,0) -> 64542 | M17: 180000 | N17: 413500 | O17: 397000 | P17: =AVERAGE(L17:O17) -> 263760.5 | Q17: =MEDIAN(L17:O17) -> 288500 | R17: =HARMEAN(L17:O17) -> 153925.4 | S17: =L17*1.051 -> 67833.642 | T17: =+S17+(S17*20.5%) -> 81739.539 | U17: =VLOOKUP(B17,[1]Hoja1!$B$9:$T$244,19,0) -> 63485 | V17: 180000 | W17: 330800 | X17: 311000 | Y17: =AVERAGE(U17:X17) -> 221321.25 | Z17: =MEDIAN(U17:X17) -> 245500 | AA17: =HARMEAN(U17:X17) -> 145213.14 | AB17: =U17*1.051 -> 66722.735 | AC17: =+AB17+(AB17*20.5%) -> 80400.896 | AD17: =VLOOKUP(B17,[1]Hoja1!$B$9:$V$244,21,0) -> 73646 | AE17: 180000 | AF17: 314260 | AG17: 304800 | AH17: =AVERAGE(AD17:AG17) -> 218176.5 | AI17: =MEDIAN(AD17:AG17) -> 242400 | AJ17: =HARMEAN(AD17:AG17) -> 156268.65 | AK17: =AD17*1.051 -> 77401.946 | AL17: =+AK17+(AK17*20.5%) -> 93269.345 | AM17: =VLOOKUP(B17,[1]Hoja1!$B$9:$X$244,23,0) -> 69245 | AN17: 180000 | AO17: 281180 | AP17: 258700 | AQ17: =AVERAGE(AM17:AP17) -> 197281.25 | AR17: =MEDIAN(AM17:AP17) -> 219350 | AS17: =HARMEAN(AM17:AP17) -> 145884.49 | AT17: =AM17*1.051 -> 72776.495 | AU17: =+AT17+(AT17*20.5%) -> 87695.676 | AV17: =VLOOKUP(B17,[1]Hoja1!$B$9:$Z$244,25,0) -> 53915 | AW17: 180000 | AX17: 281180 | AY17: 264300 | AZ17: =AVERAGE(AV17:AY17) -> 194848.75 | BA17: =MEDIAN(AV17:AY17) -> 222150 | BB17: =HARMEAN(AV17:AY17) -> 127213.15 | BC17: =AV17*1.051 -> 56664.665 | BD17: =+BC17+(BC17*20.5%) -> 68280.921 | BE17: =VLOOKUP(B17,[1]Hoja1!$B$9:$AB$244,27,0) -> 58135 | BF17: 180000 | BG17: 330800 | BH17: 324200 | BI17: =AVERAGE(BE17:BH17) -> 223283.75 | BJ17: =MEDIAN(BE17:BH17) -> 252100 | BK17: =HARMEAN(BE17:BH17) -> 138579.07 | BL17: =BE17*1.051 -> 61099.885 | BM17: =+BL17+(BL17*20.5%) -> 73625.361 | BN17: =VLOOKUP(B17,[1]Hoja1!$B$9:$AD$244,29,0) -> 58135 | BO17: 180000 | BP17: 330800 | BQ17: 320900 | BR17: =AVERAGE(BN17:BQ17) -> 222458.75 | BS17: =MEDIAN(BN17:BQ17) -> 250450 | BT17: =HARMEAN(BN17:BQ17) -> 138426.95 | BU17: =BN17*1.051 -> 61099.885 | BV17: =+BU17+(BU17*20.5%) -> 73625.361 | BW17: =VLOOKUP(B17,[1]Hoja1!$B$9:$AF$244,31,0) -> 55813 | BX17: 180000 | BY17: 281180 | BZ17: 261500 | CA17: =AVERAGE(BW17:BZ17) -> 194623.25 | CB17: =MEDIAN(BW17:BZ17) -> 220750 | CC17: =HARMEAN(BW17:BZ17) -> 129646.78 | CD17: =BW17*1.051 -> 58659.463 | CE17: =+CD17+(CD17*20.5%) -> 70684.653 | CF17: =VLOOKUP(B17,[1]Hoja1!$B$9:$AJ$244,35,0) -> 52850 | CG17: 180000 | CH17: 191200 | CI17: 183600 | CJ17: =AVERAGE(CF17:CI17) -> 151912.5 | CK17: =MEDIAN(CF17:CI17) -> 181800 | CL17: =HARMEAN(CF17:CI17) -> 113785.77 | CM17: =CF17*1.051 -> 55545.35 | CN17: =+CM17+(CM17*20.5%) -> 66932.147 | CO17: =VLOOKUP(B17,[1]Hoja1!$B$9:$AL$244,37,0) -> 58828 | CP17: 180000 | CQ17: 281180 | CR17: 267100 | CS17: =AVERAGE(CO17:CR17) -> 196777 | CT17: =MEDIAN(CO17:CR17) -> 223550 | CU17: =HARMEAN(CO17:CR17) -> 133982.61 | CV17: =CO17*1.051 -> 61828.228 | CW17: =+CV17+(CV17*20.5%) -> 74503.015 | CX17: =VLOOKUP(B17,[1]Hoja1!$B$9:$AN$244,39,0) -> 76965 | CY17: 180000 | CZ17: 314260 | DA17: 302000 | DB17: =AVERAGE(CX17:DA17) -> 218306.25 | DC17: =MEDIAN(CX17:DA17) -> 241000 | DD17: =HARMEAN(CX17:DA17) -> 159732.85 | DE17: =CX17*1.051 -> 80890.215 | DF17: =+DE17+(DE17*20.5%) -> 97472.709 | DG17: =VLOOKUP(B17,[1]Hoja1!$B$9:$AR$244,43,0) -> 79947 | DH17: 180000 | DI17: 248100 | DJ17: 233200 | DK17: =AVERAGE(DG17:DJ17) -> 185311.75 | DL17: =MEDIAN(DG17:DJ17) -> 206600 | DM17: =HARMEAN(DG17:DJ17) -> 151614.85 | DN17: =DG17*1.051 -> 84024.297 | DO17: =+DN17+(DN17*20.5%) -> 101249.28 | DP17: =VLOOKUP(B17,[1]Hoja1!$B$9:$AT$244,45,0) -> 86835 | DQ17: 180000 | DR17: 248100 | DS17: 235700 | DT17: =AVERAGE(DP17:DS17) -> 187658.75 | DU17: =MEDIAN(DP17:DS17) -> 207850 | DV17: =HARMEAN(DP17:DS17) -> 157822.28 | DW17: =DP17*1.051 -> 91263.585 | DX17: =+DW17+(DW17*20.5%) -> 109972.62 | DY17: =VLOOKUP(B17,[1]Hoja1!$B$9:$AV$244,47,0) -> 95936 | DZ17: 180000 | EA17: 281180 | EB17: 267100 | EC17: =AVERAGE(DY17:EB17) -> 206054 | ED17: =MEDIAN(DY17:EB17) -> 223550 | EE17: =HARMEAN(DY17:EB17) -> 171824.79 | EF17: =DY17*1.051 -> 100828.74 | EG17: =+EF17+(EF17*20.5%) -> 121498.63 | EH17: =VLOOKUP(B17,[1]Hoja1!$B$9:$AX$244,49,0) -> 92657 | EI17: 180000 | EJ17: 372150 | EK17: 346100 | EL17: =AVERAGE(EH17:EK17) -> 247726.75 | EM17: =MEDIAN(EH17:EK17) -> 263050 | EN17: =HARMEAN(EH17:EK17) -> 182444.5 | EO17: =EH17*1.051 -> 97382.507 | EP17: =+EO17+(EO17*20.5%) -> 117345.92 | EQ17: =VLOOKUP(B17,[1]Hoja1!$B$9:$AZ$244,51,0) -> 79947 | ER17: 180000 | ES17: 372150 | ET17: 346100 | EU17: =AVERAGE(EQ17:ET17) -> 244549.25 | EV17: =MEDIAN(EQ17:ET17) -> 263050 | EW17: =HARMEAN(EQ17:ET17) -> 169202.81 | EX17: =EQ17*1.2081 -> 96583.971 | EY17: =+EX17+(EX17*20.5%) -> 116383.68 | EZ17: =VLOOKUP(B17,'[2]RESPUESTOS '!$B$11:$BH$246,59,0) -> 48916 | FA17: 180000 | FB17: 263400 | FC17: 250200 | FD17: =AVERAGE(EZ17:FC17) -> 185629 | FE17: =MEDIAN(EZ17:FC17) -> 215100 | FF17: =HARMEAN(EZ17:FC17) -> 118370.95 | FG17: =EZ17*1.2081 -> 59095.42 | FH17: =+FG17+(FG17*20.5%) -> 71209.981 | FI17: =VLOOKUP(B17,'[2]RESPUESTOS '!$B$11:$CJ$246,87,0) -> 49121 | FJ17: 180000 | FK17: 265600 | FL17: 252300 | FM17: =AVERAGE(FI17:FL17) -> 186755.25 | FN17: =MEDIAN(FI17:FL17) -> 216150 | FO17: =HARMEAN(FI17:FL17) -> 118898.84 | FP17: =FI17*1.2081 -> 59343.08 | FQ17: =+FP17+(FP17*20.5%) -> 71508.412 | FR17: =VLOOKUP(B17,'[2]RESPUESTOS '!$B$11:$BX$246,75,0) -> 40860 | FS17: 180000 | FT17: 225800 | FU17: 223500 | FV17: =AVERAGE(FR17:FU17) -> 167540 | FW17: =MEDIAN(FR17:FU17) -> 201750 | FX17: =HARMEAN(FR17:FU17) -> 102742.35 | FY17: =FR17*1.2081 -> 49362.966 | FZ17: =+FY17+(FY17*20.5%) -> 59482.374 | GA17: =VLOOKUP(B17,'[2]RESPUESTOS '!$B$11:$CN$246,91,0) -> 56073 | GB17: 180000 | GC17: 304000 | GD17: 297900 | GE17: =AVERAGE(GA17:GD17) -> 209493.25 | GF17: =MEDIAN(GA17:GD17) -> 238950 | GG17: =HARMEAN(GA17:GD17) -> 133174.61 | GH17: =GA17*1.2081 -> 67741.791 | GI17: =+GH17+(GH17*20.5%) -> 81628.859 | GJ17: =VLOOKUP(B17,'[2]RESPUESTOS '!$B$11:$T$246,19,0) -> 43056 | GK17: 180000 | GL17: 238600 | GM17: 231400 | GN17: =AVERAGE(GJ17:GM17) -> 173264 | GO17: =MEDIAN(GJ17:GM17) -> 205700 | GP17: =HARMEAN(GJ17:GM17) -> 107256.55 | GQ17: =GJ17*1.2081 -> 52015.954 | GR17: =+GQ17+(GQ17*20.5%) -> 62679.224 | GS17: =VLOOKUP(B17,'[2]RESPUESTOS '!$B$11:$H$246,7,0) -> 40571 | GT17: 180000 | GU17: 143200 | GV17: 133200 | GW17: =AVERAGE(GS17:GV17) -> 124242.75 | GX17: =MEDIAN(GS17:GV17) -> 138200 | GY17: =HARMEAN(GS17:GV17) -> 89496.569 | GZ17: =GS17*1.2081 -> 49013.825 | HA17: =+GZ17+(GZ17*20.5%) -> 59061.659 | HB17: =VLOOKUP(B17,'[2]RESPUESTOS '!$B$11:$D$246,3,0) -> 41860 | HC17: 180000 | HD17: 143200 | HE17: 140300 | HF17: =AVERAGE(HB17:HE17) -> 126340 | HG17: =MEDIAN(HB17:HE17) -> 141750 | HH17: =HARMEAN(HB17:HE17) -> 91836.78 | HI17: =HB17*1.2081 -> 50571.066 | HJ17: =+HI17+(HI17*20.5%) -> 60938.135 | HK17: =VLOOKUP(B17,'[2]RESPUESTOS '!$B$11:$CB$246,79,0) -> 55882 | HL17: 180000 | HM17: 304000 | HN17: 289000 | HO17: =AVERAGE(HK17:HN17) -> 207220.5 | HP17: =MEDIAN(HK17:HN17) -> 234500 | HQ17: =HARMEAN(HK17:HN17) -> 132449.95 | HR17: =HK17*1.2081 -> 67511.044 | HS17: =+HR17+(HR17*20.5%) -> 81350.808 | HT17: 73873.128 | HU17: 180000 | HV17: 413500 | HW17: 392800 | HX17: =AVERAGE(HU17:HW17) -> 328766.67 | HY17: =MEDIAN(HU17:HW17) -> 392800 | HZ17: =HARMEAN(HU17:HW17) -> 285177.61 | IA17: =HT17*1.2081 -> 89246.126 | IB17: =+IA17+(IA17*20.5%) -> 107541.58 | IC17: 78756 | ID17: 180000 | IE17: 413500 | IF17: 388700 | IG17: =AVERAGE(ID17:IF17) -> 327400 | IH17: =MEDIAN(ID17:IF17) -> 388700 | II17: =HARMEAN(ID17:IF17) -> 284451.5 | IJ17: =IC17*1.2081 -> 95145.124 | IK17: =+IJ17+(IJ17*20.5%) -> 114649.87 | IM17: =(K17+T17+AC17+AL17+AU17+BD17+BM17+BV17+CE17+CN17+CW17+DF17+DO17+DX17+EG17+EP17+EY17+FH17+FQ17+FZ17+GI17+GR17+HA17+HJ17+HS17+IB17+IK17)/27 -> 85099.15
A18: 11 | B18: 1/4 ACEITE MOTOR 20W50 | C18: =VLOOKUP(B18,[1]Hoja1!$B$9:$D$244,3,0) -> 61620 | D18: 180000 | E18: 343500 | F18: 326300 | G18: =AVERAGE(C18:F18) -> 227855 | H18: =MEDIAN(C18:F18) -> 253150 | I18: =HARMEAN(C18:F18) -> 144092.61 | J18: =C18*1.051 -> 64762.62 | K18: =+J18+(J18*20.5%) -> 78038.957 | L18: =VLOOKUP(B18,[1]Hoja1!$B$9:$L$244,11,0) -> 50763 | M18: 180000 | N18: 343500 | O18: 319500 | P18: =AVERAGE(L18:O18) -> 223440.75 | Q18: =MEDIAN(L18:O18) -> 249750 | R18: =HARMEAN(L18:O18) -> 127811.69 | S18: =L18*1.051 -> 53351.913 | T18: =+S18+(S18*20.5%) -> 64289.055 | U18: =VLOOKUP(B18,[1]Hoja1!$B$9:$T$244,19,0) -> 51750 | V18: 180000 | W18: 274800 | X18: 252800 | Y18: =AVERAGE(U18:X18) -> 189837.5 | Z18: =MEDIAN(U18:X18) -> 216400 | AA18: =HARMEAN(U18:X18) -> 123175.72 | AB18: =U18*1.051 -> 54389.25 | AC18: =+AB18+(AB18*20.5%) -> 65539.046 | AD18: =VLOOKUP(B18,[1]Hoja1!$B$9:$V$244,21,0) -> 60662 | AE18: 180000 | AF18: 261060 | AG18: 240200 | AH18: =AVERAGE(AD18:AG18) -> 185480.5 | AI18: =MEDIAN(AD18:AG18) -> 210100 | AJ18: =HARMEAN(AD18:AG18) -> 133182.06 | AK18: =AD18*1.051 -> 63755.762 | AL18: =+AK18+(AK18*20.5%) -> 76825.693 | AM18: =VLOOKUP(B18,[1]Hoja1!$B$9:$X$244,23,0) -> 57020 | AN18: 180000 | AO18: 233580 | AP18: 228900 | AQ18: =AVERAGE(AM18:AP18) -> 174875 | AR18: =MEDIAN(AM18:AP18) -> 204450 | AS18: =HARMEAN(AM18:AP18) -> 126011.36 | AT18: =AM18*1.051 -> 59928.02 | AU18: =+AT18+(AT18*20.5%) -> 72213.264 | AV18: =VLOOKUP(B18,[1]Hoja1!$B$9:$Z$244,25,0) -> 43050 | AW18: 180000 | AX18: 233580 | AY18: 226600 | AZ18: =AVERAGE(AV18:AY18) -> 170807.5 | BA18: =MEDIAN(AV18:AY18) -> 203300 | BB18: =HARMEAN(AV18:AY18) -> 106727.54 | BC18: =AV18*1.051 -> 45245.55 | BD18: =+BC18+(BC18*20.5%) -> 54520.888 | BE18: =VLOOKUP(B18,[1]Hoja1!$B$9:$AB$244,27,0) -> 47355 | BF18: 180000 | BG18: 274800 | BH18: 261100 | BI18: =AVERAGE(BE18:BH18) -> 190813.75 | BJ18: =MEDIAN(BE18:BH18) -> 220550 | BK18: =HARMEAN(BE18:BH18) -> 117159.09 | BL18: =BE18*1.051 -> 49770.105 | BM18: =+BL18+(BL18*20.5%) -> 59972.977 | BN18: =VLOOKUP(B18,[1]Hoja1!$B$9:$AD$244,29,0) -> 47355 | BO18: 180000 | BP18: 274800 | BQ18: 269300 | BR18: =AVERAGE(BN18:BQ18) -> 192863.75 | BS18: =MEDIAN(BN18:BQ18) -> 224650 | BT18: =HARMEAN(BN18:BQ18) -> 117560.65 | BU18: =BN18*1.051 -> 49770.105 | BV18: =+BU18+(BU18*20.5%) -> 59972.977 | BW18: =VLOOKUP(B18,[1]Hoja1!$B$9:$AF$244,31,0) -> 45455 | BX18: 180000 | BY18: 233580 | BZ18: 221900 | CA18: =AVERAGE(BW18:BZ18) -> 170233.75 | CB18: =MEDIAN(BW18:BZ18) -> 200950 | CC18: =HARMEAN(BW18:BZ18) -> 110062.28 | CD18: =BW18*1.051 -> 47773.205 | CE18: =+CD18+(CD18*20.5%) -> 57566.712 | CF18: =VLOOKUP(B18,[1]Hoja1!$B$9:$AJ$244,35,0) -> 43050 | CG18: 180000 | CH18: 158800 | CI18: 154000 | CJ18: =AVERAGE(CF18:CI18) -> 133962.5 | CK18: =MEDIAN(CF18:CI18) -> 156400 | CL18: =HARMEAN(CF18:CI18) -> 96211.446 | CM18: =CF18*1.051 -> 45245.55 | CN18: =+CM18+(CM18*20.5%) -> 54520.888 | CO18: =VLOOKUP(B18,[1]Hoja1!$B$9:$AL$244,37,0) -> 48155 | CP18: 180000 | CQ18: 233580 | CR18: 224200 | CS18: =AVERAGE(CO18:CR18) -> 171483.75 | CT18: =MEDIAN(CO18:CR18) -> 202100 | CU18: =HARMEAN(CO18:CR18) -> 114079.32 | CV18: =CO18*1.051 -> 50610.905 | CW18: =+CV18+(CV18*20.5%) -> 60986.141 | CX18: =VLOOKUP(B18,[1]Hoja1!$B$9:$AN$244,39,0) -> 59395 | CY18: 180000 | CZ18: 261060 | DA18: 248000 | DB18: =AVERAGE(CX18:DA18) -> 187113.75 | DC18: =MEDIAN(CX18:DA18) -> 214000 | DD18: =HARMEAN(CX18:DA18) -> 132210.49 | DE18: =CX18*1.051 -> 62424.145 | DF18: =+DE18+(DE18*20.5%) -> 75221.095 | DG18: =VLOOKUP(B18,[1]Hoja1!$B$9:$AR$244,43,0) -> 66557 | DH18: 180000 | DI18: 206100 | DJ18: 195800 | DK18: =AVERAGE(DG18:DJ18) -> 162114.25 | DL18: =MEDIAN(DG18:DJ18) -> 187900 | DM18: =HARMEAN(DG18:DJ18) -> 130977.75 | DN18: =DG18*1.051 -> 69951.407 | DO18: =+DN18+(DN18*20.5%) -> 84291.445 | DP18: =VLOOKUP(B18,[1]Hoja1!$B$9:$AT$244,45,0) -> 72135 | DQ18: 180000 | DR18: 206100 | DS18: 199900 | DT18: =AVERAGE(DP18:DS18) -> 164533.75 | DU18: =MEDIAN(DP18:DS18) -> 189950 | DV18: =HARMEAN(DP18:DS18) -> 136644.85 | DW18: =DP18*1.051 -> 75813.885 | DX18: =+DW18+(DW18*20.5%) -> 91355.731 | DY18: =VLOOKUP(B18,[1]Hoja1!$B$9:$AV$244,47,0) -> 79869 | DZ18: 180000 | EA18: 233580 | EB18: 226600 | EC18: =AVERAGE(DY18:EB18) -> 180012.25 | ED18: =MEDIAN(DY18:EB18) -> 203300 | EE18: =HARMEAN(DY18:EB18) -> 149419.27 | EF18: =DY18*1.051 -> 83942.319 | EG18: =+EF18+(EF18*20.5%) -> 101150.49 | EH18: =VLOOKUP(B18,[1]Hoja1!$B$9:$AX$244,49,0) -> 74339 | EI18: 180000 | EJ18: 309150 | EK18: 293700 | EL18: =AVERAGE(EH18:EK18) -> 214297.25 | EM18: =MEDIAN(EH18:EK18) -> 236850 | EN18: =HARMEAN(EH18:EK18) -> 155963.93 | EO18: =EH18*1.051 -> 78130.289 | EP18: =+EO18+(EO18*20.5%) -> 94146.998 | EQ18: =VLOOKUP(B18,[1]Hoja1!$B$9:$AZ$244,51,0) -> 66557 | ER18: 180000 | ES18: 309150 | ET18: 293700 | EU18: =AVERAGE(EQ18:ET18) -> 212351.75 | EV18: =MEDIAN(EQ18:ET18) -> 236850 | EW18: =HARMEAN(EQ18:ET18) -> 146951.95 | EX18: =EQ18*1.2081 -> 80407.512 | EY18: =+EX18+(EX18*20.5%) -> 96891.052 | EZ18: =VLOOKUP(B18,'[2]RESPUESTOS '!$B$11:$BH$246,59,0) -> 39656 | FA18: 180000 | FB18: 210400 | FC18: 197800 | FD18: =AVERAGE(EZ18:FC18) -> 156964 | FE18: =MEDIAN(EZ18:FC18) -> 188900 | FF18: =HARMEAN(EZ18:FC18) -> 98568.577 | FG18: =EZ18*1.2081 -> 47908.414 | FH18: =+FG18+(FG18*20.5%) -> 57729.638 | FI18: =VLOOKUP(B18,'[2]RESPUESTOS '!$B$11:$CJ$246,87,0) -> 40002 | FJ18: 180000 | FK18: 215400 | FL18: 208900 | FM18: =AVERAGE(FI18:FL18) -> 161075.5 | FN18: =MEDIAN(FI18:FL18) -> 194450 | FO18: =HARMEAN(FI18:FL18) -> 100040.49 | FP18: =FI18*1.2081 -> 48326.416 | FQ18: =+FP18+(FP18*20.5%) -> 58233.332 | FR18: =VLOOKUP(B18,'[2]RESPUESTOS '!$B$11:$BX$246,75,0) -> 36311 | FS18: 180000 | FT18: 202600 | FU18: 192500 | FV18: =AVERAGE(FR18:FU18) -> 152852.75 | FW18: =MEDIAN(FR18:FU18) -> 186250 | FX18: =HARMEAN(FR18:FU18) -> 92536.773 | FY18: =FR18*1.2081 -> 43867.319 | FZ18: =+FY18+(FY18*20.5%) -> 52860.12 | GA18: =VLOOKUP(B18,'[2]RESPUESTOS '!$B$11:$CN$246,91,0) -> 50205 | GB18: 180000 | GC18: 274800 | GD18: 272100 | GE18: =AVERAGE(GA18:GD18) -> 194276.25 | GF18: =MEDIAN(GA18:GD18) -> 226050 | GG18: =HARMEAN(GA18:GD18) -> 121995.78 | GH18: =GA18*1.2081 -> 60652.66 | GI18: =+GH18+(GH18*20.5%) -> 73086.456 | GJ18: =VLOOKUP(B18,'[2]RESPUESTOS '!$B$11:$T$246,19,0) -> 35433 | GK18: 180000 | GL18: 190800 | GM18: 187000 | GN18: =AVERAGE(GJ18:GM18) -> 148308.25 | GO18: =MEDIAN(GJ18:GM18) -> 183500 | GP18: =HARMEAN(GJ18:GM18) -> 90158.078 | GQ18: =GJ18*1.2081 -> 42806.607 | GR18: =+GQ18+(GQ18*20.5%) -> 51581.962 | GS18: =VLOOKUP(B18,'[2]RESPUESTOS '!$B$11:$H$246,7,0) -> 32548 | GT18: 180000 | GU18: 114500 | GV18: 108800 | GW18: =AVERAGE(GS18:GV18) -> 108962 | GX18: =MEDIAN(GS18:GV18) -> 111650 | GY18: =HARMEAN(GS18:GV18) -> 73795.005 | GZ18: =GS18*1.2081 -> 39321.239 | HA18: =+GZ18+(GZ18*20.5%) -> 47382.093 | HB18: =VLOOKUP(B18,'[2]RESPUESTOS '!$B$11:$D$246,3,0) -> 33670 | HC18: 180000 | HD18: 114500 | HE18: 108800 | HF18: =AVERAGE(HB18:HE18) -> 109242.5 | HG18: =MEDIAN(HB18:HE18) -> 111650 | HH18: =HARMEAN(HB18:HE18) -> 75215.701 | HI18: =HB18*1.2081 -> 40676.727 | HJ18: =+HI18+(HI18*20.5%) -> 49015.456 | HK18: =VLOOKUP(B18,'[2]RESPUESTOS '!$B$11:$CB$246,79,0) -> 51346 | HL18: 180000 | HM18: 274800 | HN18: 258000 | HO18: =AVERAGE(HK18:HN18) -> 191036.5 | HP18: =MEDIAN(HK18:HN18) -> 219000 | HQ18: =HARMEAN(HK18:HN18) -> 122902.03 | HR18: =HK18*1.2081 -> 62031.103 | HS18: =+HR18+(HR18*20.5%) -> 74747.479 | HT18: 73873.128 | HU18: 180000 | HV18: 343500 | HW18: 329800 | HX18: =AVERAGE(HU18:HW18) -> 284433.33 | HY18: =MEDIAN(HU18:HW18) -> 329800 | HZ18: =HARMEAN(HU18:HW18) -> 260894.42 | IA18: =HT18*1.2081 -> 89246.126 | IB18: =+IA18+(IA18*20.5%) -> 107541.58 | IC18: 78756 | ID18: 180000 | IE18: 343500 | IF18: 316000 | IG18: =AVERAGE(ID18:IF18) -> 279833.33 | IH18: =MEDIAN(ID18:IF18) -> 316000 | II18: =HARMEAN(ID18:IF18) -> 257924.28 | IJ18: =IC18*1.2081 -> 95145.124 | IK18: =+IJ18+(IJ18*20.5%) -> 114649.87 | IM18: =(K18+T18+AC18+AL18+AU18+BD18+BM18+BV18+CE18+CN18+CW18+DF18+DO18+DX18+EG18+EP18+EY18+FH18+FQ18+FZ18+GI18+GR18+HA18+HJ18+HS18+IB18+IK18)/27 -> 71641.904
A19: 12 | B19: ABRAZADERA RADIADOR | C19: =VLOOKUP(B19,[1]Hoja1!$B$9:$D$244,3,0) -> 10510 | D19: 40000 | E19: 60500 | F19: 56900 | G19: =AVERAGE(C19:F19) -> 41977.5 | H19: =MEDIAN(C19:F19) -> 48450 | I19: =HARMEAN(C19:F19) -> 25931.744 | J19: =C19*1.051 -> 11046.01 | K19: =+J19+(J19*20.5%) -> 13310.442 | L19: =VLOOKUP(B19,[1]Hoja1!$B$9:$L$244,11,0) -> 10234 | M19: 40000 | N19: 60500 | O19: 55700 | P19: =AVERAGE(L19:O19) -> 41608.5 | Q19: =MEDIAN(L19:O19) -> 47850 | R19: =HARMEAN(L19:O19) -> 25445.98 | S19: =L19*1.051 -> 10755.934 | T19: =+S19+(S19*20.5%) -> 12960.9 | U19: =VLOOKUP(B19,[1]Hoja1!$B$9:$T$244,19,0) -> 11644 | V19: 40000 | W19: 48400 | X19: 47400 | Y19: =AVERAGE(U19:X19) -> 36861 | Z19: =MEDIAN(U19:X19) -> 43700 | AA19: =HARMEAN(U19:X19) -> 26205.563 | AB19: =U19*1.051 -> 12237.844 | AC19: =+AB19+(AB19*20.5%) -> 14746.602 | AD19: =VLOOKUP(B19,[1]Hoja1!$B$9:$V$244,21,0) -> 11627 | AE19: 40000 | AF19: 45980 | AG19: 45100 | AH19: =AVERAGE(AD19:AG19) -> 35676.75 | AI19: =MEDIAN(AD19:AG19) -> 42550 | AJ19: =HARMEAN(AD19:AG19) -> 25818.404 | AK19: =AD19*1.051 -> 12219.977 | AL19: =+AK19+(AK19*20.5%) -> 14725.072 | AM19: =VLOOKUP(B19,[1]Hoja1!$B$9:$X$244,23,0) -> 11003 | AN19: 40000 | AO19: 41140 | AP19: 37800 | AQ19: =AVERAGE(AM19:AP19) -> 32485.75 | AR19: =MEDIAN(AM19:AP19) -> 38900 | AS19: =HARMEAN(AM19:AP19) -> 24002.894 | AT19: =AM19*1.051 -> 11564.153 | AU19: =+AT19+(AT19*20.5%) -> 13934.804 | AV19: =VLOOKUP(B19,[1]Hoja1!$B$9:$Z$244,25,0) -> 9154 | AW19: 40000 | AX19: 41140 | AY19: 39100 | AZ19: =AVERAGE(AV19:AY19) -> 32348.5 | BA19: =MEDIAN(AV19:AY19) -> 39550 | BB19: =HARMEAN(AV19:AY19) -> 21724.425 | BC19: =AV19*1.051 -> 9620.854 | BD19: =+BC19+(BC19*20.5%) -> 11593.129 | BE19: =VLOOKUP(B19,[1]Hoja1!$B$9:$AB$244,27,0) -> 9240 | BF19: 40000 | BG19: 48400 | BH19: 46900 | BI19: =AVERAGE(BE19:BH19) -> 36135 | BJ19: =MEDIAN(BE19:BH19) -> 43450 | BK19: =HARMEAN(BE19:BH19) -> 22829.978 | BL19: =BE19*1.051 -> 9711.24 | BM19: =+BL19+(BL19*20.5%) -> 11702.044 | BN19: =VLOOKUP(B19,[1]Hoja1!$B$9:$AD$244,29,0) -> 10666 | BO19: 40000 | BP19: 48400 | BQ19: 46000 | BR19: =AVERAGE(BN19:BQ19) -> 36266.5 | BS19: =MEDIAN(BN19:BQ19) -> 43000 | BT19: =HARMEAN(BN19:BQ19) -> 24820.648 | BU19: =BN19*1.051 -> 11209.966 | BV19: =+BU19+(BU19*20.5%) -> 13508.009 | BW19: =VLOOKUP(B19,[1]Hoja1!$B$9:$AF$244,31,0) -> 8801 | BX19: 40000 | BY19: 41140 | BZ19: 39500 | CA19: =AVERAGE(BW19:BZ19) -> 32360.25 | CB19: =MEDIAN(BW19:BZ19) -> 39750 | CC19: =HARMEAN(BW19:BZ19) -> 21248.662 | CD19: =BW19*1.051 -> 9249.851 | CE19: =+CD19+(CD19*20.5%) -> 11146.07 | CF19: =VLOOKUP(B19,[1]Hoja1!$B$9:$AJ$244,35,0) -> 8953 | CG19: 40000 | CH19: 28000 | CI19: 27400 | CJ19: =AVERAGE(CF19:CI19) -> 26088.25 | CK19: =MEDIAN(CF19:CI19) -> 27700 | CL19: =HARMEAN(CF19:CI19) -> 19147.456 | CM19: =CF19*1.051 -> 9409.603 | CN19: =+CM19+(CM19*20.5%) -> 11338.572 | CO19: =VLOOKUP(B19,[1]Hoja1!$B$9:$AL$244,37,0) -> 10399 | CP19: 40000 | CQ19: 41140 | CR19: 38300 | CS19: =AVERAGE(CO19:CR19) -> 32459.75 | CT19: =MEDIAN(CO19:CR19) -> 39150 | CU19: =HARMEAN(CO19:CR19) -> 23312.741 | CV19: =CO19*1.051 -> 10929.349 | CW19: =+CV19+(CV19*20.5%) -> 13169.866 | CX19: =VLOOKUP(B19,[1]Hoja1!$B$9:$AN$244,39,0) -> 9333 | CY19: 40000 | CZ19: 45980 | DA19: 44000 | DB19: =AVERAGE(CX19:DA19) -> 34828.25 | DC19: =MEDIAN(CX19:DA19) -> 42000 | DD19: =HARMEAN(CX19:DA19) -> 22647.166 | DE19: =CX19*1.051 -> 9808.983 | DF19: =+DE19+(DE19*20.5%) -> 11819.825 | DG19: =VLOOKUP(B19,[1]Hoja1!$B$9:$AR$244,43,0) -> 12705 | DH19: 40000 | DI19: 36300 | DJ19: 34800 | DK19: =AVERAGE(DG19:DJ19) -> 30951.25 | DL19: =MEDIAN(DG19:DJ19) -> 35550 | DM19: =HARMEAN(DG19:DJ19) -> 25001.092 | DN19: =DG19*1.051 -> 13352.955 | DO19: =+DN19+(DN19*20.5%) -> 16090.311 | DP19: =VLOOKUP(B19,[1]Hoja1!$B$9:$AT$244,45,0) -> 12705 | DQ19: 40000 | DR19: 36300 | DS19: 35600 | DT19: =AVERAGE(DP19:DS19) -> 31151.25 | DU19: =MEDIAN(DP19:DS19) -> 35950 | DV19: =HARMEAN(DP19:DS19) -> 25102.407 | DW19: =DP19*1.051 -> 13352.955 | DX19: =+DW19+(DW19*20.5%) -> 16090.311 | DY19: =VLOOKUP(B19,[1]Hoja1!$B$9:$AV$244,47,0) -> 14399 | DZ19: 40000 | EA19: 41140 | EB19: 40300 | EC19: =AVERAGE(DY19:EB19) -> 33959.75 | ED19: =MEDIAN(DY19:EB19) -> 40150 | EE19: =HARMEAN(DY19:EB19) -> 27860.895 | EF19: =DY19*1.051 -> 15133.349 | EG19: =+EF19+(EF19*20.5%) -> 18235.686 | EH19: =VLOOKUP(B19,[1]Hoja1!$B$9:$AX$244,49,0) -> 15226 | EI19: 40000 | EJ19: 54450 | EK19: 52300 | EL19: =AVERAGE(EH19:EK19) -> 40494 | EM19: =MEDIAN(EH19:EK19) -> 46150 | EN19: =HARMEAN(EH19:EK19) -> 31210.24 | EO19: =EH19*1.051 -> 16002.526 | EP19: =+EO19+(EO19*20.5%) -> 19283.044 | EQ19: =VLOOKUP(B19,[1]Hoja1!$B$9:$AZ$244,51,0) -> 15532 | ER19: 40000 | ES19: 54450 | ET19: 49000 | EU19: =AVERAGE(EQ19:ET19) -> 39745.5 | EV19: =MEDIAN(EQ19:ET19) -> 44500 | EW19: =HARMEAN(EQ19:ET19) -> 31211.755 | EX19: =EQ19*1.2081 -> 18764.209 | EY19: =+EX19+(EX19*20.5%) -> 22610.872 | EZ19: =VLOOKUP(B19,'[2]RESPUESTOS '!$B$11:$BH$246,59,0) -> 7916 | FA19: 40000 | FB19: 42400 | FC19: 39000 | FD19: =AVERAGE(EZ19:FC19) -> 32329 | FE19: =MEDIAN(EZ19:FC19) -> 39500 | FF19: =HARMEAN(EZ19:FC19) -> 19944.916 | FG19: =EZ19*1.2081 -> 9563.3196 | FH19: =+FG19+(FG19*20.5%) -> 11523.8 | FI19: =VLOOKUP(B19,'[2]RESPUESTOS '!$B$11:$CJ$246,87,0) -> 7803 | FJ19: 40000 | FK19: 41400 | FL19: 38100 | FM19: =AVERAGE(FI19:FL19) -> 31825.75 | FN19: =MEDIAN(FI19:FL19) -> 39050 | FO19: =HARMEAN(FI19:FL19) -> 19650.501 | FP19: =FI19*1.2081 -> 9426.8043 | FQ19: =+FP19+(FP19*20.5%) -> 11359.299 | FR19: =VLOOKUP(B19,'[2]RESPUESTOS '!$B$11:$BX$246,75,0) -> 8261 | FS19: 40000 | FT19: 44400 | FU19: 43100 | FV19: =AVERAGE(FR19:FU19) -> 33940.25 | FW19: =MEDIAN(FR19:FU19) -> 41550 | FX19: =HARMEAN(FR19:FU19) -> 20857.765 | FY19: =FR19*1.2081 -> 9980.1141 | FZ19: =+FY19+(FY19*20.5%) -> 12026.037 | GA19: =VLOOKUP(B19,'[2]RESPUESTOS '!$B$11:$CN$246,91,0) -> 8144 | GB19: 40000 | GC19: 44400 | GD19: 42200 | GE19: =AVERAGE(GA19:GD19) -> 33686 | GF19: =MEDIAN(GA19:GD19) -> 41100 | GG19: =HARMEAN(GA19:GD19) -> 20617.601 | GH19: =GA19*1.2081 -> 9838.7664 | GI19: =+GH19+(GH19*20.5%) -> 11855.714 | GJ19: =VLOOKUP(B19,'[2]RESPUESTOS '!$B$11:$T$246,19,0) -> 7970 | GK19: 40000 | GL19: 42800 | GM19: 40700 | GN19: =AVERAGE(GJ19:GM19) -> 32867.5 | GO19: =MEDIAN(GJ19:GM19) -> 40350 | GP19: =HARMEAN(GJ19:GM19) -> 20160.78 | GQ19: =GJ19*1.2081 -> 9628.557 | GR19: =+GQ19+(GQ19*20.5%) -> 11602.411 | GS19: =VLOOKUP(B19,'[2]RESPUESTOS '!$B$11:$H$246,7,0) -> 7610 | GT19: 40000 | GU19: 25700 | GV19: 23100 | GW19: =AVERAGE(GS19:GV19) -> 24102.5 | GX19: =MEDIAN(GS19:GV19) -> 24400 | GY19: =HARMEAN(GS19:GV19) -> 16763.996 | GZ19: =GS19*1.2081 -> 9193.641 | HA19: =+GZ19+(GZ19*20.5%) -> 11078.337 | HB19: =VLOOKUP(B19,'[2]RESPUESTOS '!$B$11:$D$246,3,0) -> 8406 | HC19: 40000 | HD19: 25700 | HE19: 24200 | HF19: =AVERAGE(HB19:HE19) -> 24576.5 | HG19: =MEDIAN(HB19:HE19) -> 24950 | HH19: =HARMEAN(HB19:HE19) -> 17841.574 | HI19: =HB19*1.2081 -> 10155.289 | HJ19: =+HI19+(HI19*20.5%) -> 12237.123 | HK19: =VLOOKUP(B19,'[2]RESPUESTOS '!$B$11:$CB$246,79,0) -> 8512 | HL19: 40000 | HM19: 44400 | HN19: 41000 | HO19: =AVERAGE(HK19:HN19) -> 33478 | HP19: =MEDIAN(HK19:HN19) -> 40500 | HQ19: =HARMEAN(HK19:HN19) -> 21119.997 | HR19: =HK19*1.2081 -> 10283.347 | HS19: =+HR19+(HR19*20.5%) -> 12391.433 | HT19: 47528.46 | HU19: 40000 | HV19: 60500 | HW19: 56300 | HX19: =AVERAGE(HU19:HW19) -> 52266.667 | HY19: =MEDIAN(HU19:HW19) -> 56300 | HZ19: =HARMEAN(HU19:HW19) -> 50597.971 | IA19: =HT19*1.2081 -> 57419.133 | IB19: =+IA19+(IA19*20.5%) -> 69190.055 | IC19: 50670 | ID19: 40000 | IE19: 60500 | IF19: 59300 | IG19: =AVERAGE(ID19:IF19) -> 53266.667 | IH19: =MEDIAN(ID19:IF19) -> 59300 | II19: =HARMEAN(ID19:IF19) -> 51376.609 | IJ19: =IC19*1.2081 -> 61214.427 | IK19: =+IJ19+(IJ19*20.5%) -> 73763.385 | IM19: =(K19+T19+AC19+AL19+AU19+BD19+BM19+BV19+CE19+CN19+CW19+DF19+DO19+DX19+EG19+EP19+EY19+FH19+FQ19+FZ19+GI19+GR19+HA19+HJ19+HS19+IB19+IK19)/27 -> 17899.746
A20: 13 | B20: AGUA BATERIA 550 CC | C20: =VLOOKUP(B20,[1]Hoja1!$B$9:$D$244,3,0) -> 29041 | D20: 100000 | E20: 151750 | F20: 139600 | G20: =AVERAGE(C20:F20) -> 105097.75 | H20: =MEDIAN(C20:F20) -> 119800 | I20: =HARMEAN(C20:F20) -> 68743.658 | J20: =C20*1.051 -> 30522.091 | K20: =+J20+(J20*20.5%) -> 36779.12 | L20: =VLOOKUP(B20,[1]Hoja1!$B$9:$L$244,11,0) -> 24255 | M20: 100000 | N20: 151750 | O20: 136600 | P20: =AVERAGE(L20:O20) -> 103151.25 | Q20: =MEDIAN(L20:O20) -> 118300 | R20: =HARMEAN(L20:O20) -> 61407.104 | S20: =L20*1.051 -> 25492.005 | T20: =+S20+(S20*20.5%) -> 30717.866 | U20: =VLOOKUP(B20,[1]Hoja1!$B$9:$T$244,19,0) -> 24255 | V20: 100000 | W20: 121400 | X20: 115300 | Y20: =AVERAGE(U20:X20) -> 90238.75 | Z20: =MEDIAN(U20:X20) -> 107650 | AA20: =HARMEAN(U20:X20) -> 58703.643 | AB20: =U20*1.051 -> 25492.005 | AC20: =+AB20+(AB20*20.5%) -> 30717.866 | AD20: =VLOOKUP(B20,[1]Hoja1!$B$9:$V$244,21,0) -> 28257 | AE20: 100000 | AF20: 115330 | AG20: 106100 | AH20: =AVERAGE(AD20:AG20) -> 87421.75 | AI20: =MEDIAN(AD20:AG20) -> 103050 | AJ20: =HARMEAN(AD20:AG20) -> 63006.709 | AK20: =AD20*1.051 -> 29698.107 | AL20: =+AK20+(AK20*20.5%) -> 35786.219 | AM20: =VLOOKUP(B20,[1]Hoja1!$B$9:$X$244,23,0) -> 26571 | AN20: 100000 | AO20: 103190 | AP20: 101100 | AQ20: =AVERAGE(AM20:AP20) -> 82715.25 | AR20: =MEDIAN(AM20:AP20) -> 100550 | AS20: =HARMEAN(AM20:AP20) -> 59508.69 | AT20: =AM20*1.051 -> 27926.121 | AU20: =+AT20+(AT20*20.5%) -> 33650.976 | AV20: =VLOOKUP(B20,[1]Hoja1!$B$9:$Z$244,25,0) -> 22050 | AW20: 100000 | AX20: 103190 | AY20: 96000 | AZ20: =AVERAGE(AV20:AY20) -> 80310 | BA20: =MEDIAN(AV20:AY20) -> 98000 | BB20: =HARMEAN(AV20:AY20) -> 53008.917 | BC20: =AV20*1.051 -> 23174.55 | BD20: =+BC20+(BC20*20.5%) -> 27925.333 | BE20: =VLOOKUP(B20,[1]Hoja1!$B$9:$AB$244,27,0) -> 24255 | BF20: 100000 | BG20: 121400 | BH20: 119000 | BI20: =AVERAGE(BE20:BH20) -> 91163.75 | BJ20: =MEDIAN(BE20:BH20) -> 109500 | BK20: =HARMEAN(BE20:BH20) -> 58936.891 | BL20: =BE20*1.051 -> 25492.005 | BM20: =+BL20+(BL20*20.5%) -> 30717.866 | BN20: =VLOOKUP(B20,[1]Hoja1!$B$9:$AD$244,29,0) -> 24255 | BO20: 100000 | BP20: 121400 | BQ20: 116500 | BR20: =AVERAGE(BN20:BQ20) -> 90538.75 | BS20: =MEDIAN(BN20:BQ20) -> 108250 | BT20: =HARMEAN(BN20:BQ20) -> 58780.709 | BU20: =BN20*1.051 -> 25492.005 | BV20: =+BU20+(BU20*20.5%) -> 30717.866 | BW20: =VLOOKUP(B20,[1]Hoja1!$B$9:$AF$244,31,0) -> 23140 | BX20: 100000 | BY20: 103190 | BZ20: 100100 | CA20: =AVERAGE(BW20:BZ20) -> 81607.5 | CB20: =MEDIAN(BW20:BZ20) -> 100050 | CC20: =HARMEAN(BW20:BZ20) -> 54872.633 | CD20: =BW20*1.051 -> 24320.14 | CE20: =+CD20+(CD20*20.5%) -> 29305.769 | CF20: =VLOOKUP(B20,[1]Hoja1!$B$9:$AJ$244,35,0) -> 22050 | CG20: 100000 | CH20: 70200 | CI20: 66700 | CJ20: =AVERAGE(CF20:CI20) -> 64737.5 | CK20: =MEDIAN(CF20:CI20) -> 68450 | CL20: =HARMEAN(CF20:CI20) -> 47287.477 | CM20: =CF20*1.051 -> 23174.55 | CN20: =+CM20+(CM20*20.5%) -> 27925.333 | CO20: =VLOOKUP(B20,[1]Hoja1!$B$9:$AL$244,37,0) -> 24644 | CP20: 100000 | CQ20: 103190 | CR20: 94900 | CS20: =AVERAGE(CO20:CR20) -> 80683.5 | CT20: =MEDIAN(CO20:CR20) -> 97450 | CU20: =HARMEAN(CO20:CR20) -> 56492.31 | CV20: =CO20*1.051 -> 25900.844 | CW20: =+CV20+(CV20*20.5%) -> 31210.517 | CX20: =VLOOKUP(B20,[1]Hoja1!$B$9:$AN$244,39,0) -> 25654 | CY20: 100000 | CZ20: 115330 | DA20: 107000 | DB20: =AVERAGE(CX20:DA20) -> 86996 | DC20: =MEDIAN(CX20:DA20) -> 103500 | DD20: =HARMEAN(CX20:DA20) -> 59704.307 | DE20: =CX20*1.051 -> 26962.354 | DF20: =+DE20+(DE20*20.5%) -> 32489.637 | DG20: =VLOOKUP(B20,[1]Hoja1!$B$9:$AR$244,43,0) -> 30384 | DH20: 100000 | DI20: 91050 | DJ20: 84700 | DK20: =AVERAGE(DG20:DJ20) -> 76533.5 | DL20: =MEDIAN(DG20:DJ20) -> 87875 | DM20: =HARMEAN(DG20:DJ20) -> 60881.493 | DN20: =DG20*1.051 -> 31933.584 | DO20: =+DN20+(DN20*20.5%) -> 38479.969 | DP20: =VLOOKUP(B20,[1]Hoja1!$B$9:$AT$244,45,0) -> 31868 | DQ20: 100000 | DR20: 91050 | DS20: 90100 | DT20: =AVERAGE(DP20:DS20) -> 78254.5 | DU20: =MEDIAN(DP20:DS20) -> 90575 | DV20: =HARMEAN(DP20:DS20) -> 63030.643 | DW20: =DP20*1.051 -> 33493.268 | DX20: =+DW20+(DW20*20.5%) -> 40359.388 | DY20: =VLOOKUP(B20,[1]Hoja1!$B$9:$AV$244,47,0) -> 36117 | DZ20: 100000 | EA20: 103190 | EB20: 102200 | EC20: =AVERAGE(DY20:EB20) -> 85376.75 | ED20: =MEDIAN(DY20:EB20) -> 101100 | EE20: =HARMEAN(DY20:EB20) -> 69974.857 | EF20: =DY20*1.051 -> 37958.967 | EG20: =+EF20+(EF20*20.5%) -> 45740.555 | EH20: =VLOOKUP(B20,[1]Hoja1!$B$9:$AX$244,49,0) -> 35048 | EI20: 100000 | EJ20: 136575 | EK20: 132500 | EL20: =AVERAGE(EH20:EK20) -> 101030.75 | EM20: =MEDIAN(EH20:EK20) -> 116250 | EN20: =HARMEAN(EH20:EK20) -> 74904.329 | EO20: =EH20*1.051 -> 36835.448 | EP20: =+EO20+(EO20*20.5%) -> 44386.715 | EQ20: =VLOOKUP(B20,[1]Hoja1!$B$9:$AZ$244,51,0) -> 30384 | ER20: 100000 | ES20: 136575 | ET20: 131100 | EU20: =AVERAGE(EQ20:ET20) -> 99514.75 | EV20: =MEDIAN(EQ20:ET20) -> 115550 | EW20: =HARMEAN(EQ20:ET20) -> 69130.228 | EX20: =EQ20*1.2081 -> 36706.91 | EY20: =+EX20+(EX20*20.5%) -> 44231.827 | EZ20: =VLOOKUP(B20,'[2]RESPUESTOS '!$B$11:$BH$246,59,0) -> 17596 | FA20: 100000 | FB20: 95800 | FC20: 93900 | FD20: =AVERAGE(EZ20:FC20) -> 76824 | FE20: =MEDIAN(EZ20:FC20) -> 94850 | FF20: =HARMEAN(EZ20:FC20) -> 45496.351 | FG20: =EZ20*1.2081 -> 21257.728 | FH20: =+FG20+(FG20*20.5%) -> 25615.562 | FI20: =VLOOKUP(B20,'[2]RESPUESTOS '!$B$11:$CJ$246,87,0) -> 21273 | FJ20: 100000 | FK20: 110600 | FL20: 108400 | FM20: =AVERAGE(FI20:FL20) -> 85068.25 | FN20: =MEDIAN(FI20:FL20) -> 104200 | FO20: =HARMEAN(FI20:FL20) -> 53138.755 | FP20: =FI20*1.2081 -> 25699.911 | FQ20: =+FP20+(FP20*20.5%) -> 30968.393 | FR20: =VLOOKUP(B20,'[2]RESPUESTOS '!$B$11:$BX$246,75,0) -> 18909 | FS20: 100000 | FT20: 101200 | FU20: 93100 | FV20: =AVERAGE(FR20:FU20) -> 78302.25 | FW20: =MEDIAN(FR20:FU20) -> 96550 | FX20: =HARMEAN(FR20:FU20) -> 47899.929 | FY20: =FR20*1.2081 -> 22843.963 | FZ20: =+FY20+(FY20*20.5%) -> 27526.975 | GA20: =VLOOKUP(B20,'[2]RESPUESTOS '!$B$11:$CN$246,91,0) -> 22851 | GB20: 100000 | GC20: 121400 | GD20: 117800 | GE20: =AVERAGE(GA20:GD20) -> 90512.75 | GF20: =MEDIAN(GA20:GD20) -> 108900 | GG20: =HARMEAN(GA20:GD20) -> 56747.282 | GH20: =GA20*1.2081 -> 27606.293 | GI20: =+GH20+(GH20*20.5%) -> 33265.583 | GJ20: =VLOOKUP(B20,'[2]RESPUESTOS '!$B$11:$T$246,19,0) -> 19159 | GK20: 100000 | GL20: 102000 | GM20: 97900 | GN20: =AVERAGE(GJ20:GM20) -> 79764.75 | GO20: =MEDIAN(GJ20:GM20) -> 98950 | GP20: =HARMEAN(GJ20:GM20) -> 48653.977 | GQ20: =GJ20*1.2081 -> 23145.988 | GR20: =+GQ20+(GQ20*20.5%) -> 27890.915 | GS20: =VLOOKUP(B20,'[2]RESPUESTOS '!$B$11:$H$246,7,0) -> 15844 | GT20: 100000 | GU20: 61200 | GV20: 58800 | GW20: =AVERAGE(GS20:GV20) -> 58961 | GX20: =MEDIAN(GS20:GV20) -> 60000 | GY20: =HARMEAN(GS20:GV20) -> 37572.075 | GZ20: =GS20*1.2081 -> 19141.136 | HA20: =+GZ20+(GZ20*20.5%) -> 23065.069 | HB20: =VLOOKUP(B20,'[2]RESPUESTOS '!$B$11:$D$246,3,0) -> 17320 | HC20: 100000 | HD20: 61200 | HE20: 56300 | HF20: =AVERAGE(HB20:HE20) -> 58705 | HG20: =MEDIAN(HB20:HE20) -> 58750 | HH20: =HARMEAN(HB20:HE20) -> 39277.846 | HI20: =HB20*1.2081 -> 20924.292 | HJ20: =+HI20+(HI20*20.5%) -> 25213.772 | HK20: =VLOOKUP(B20,'[2]RESPUESTOS '!$B$11:$CB$246,79,0) -> 22355 | HL20: 100000 | HM20: 121400 | HN20: 119000 | HO20: =AVERAGE(HK20:HN20) -> 90688.75 | HP20: =MEDIAN(HK20:HN20) -> 109500 | HQ20: =HARMEAN(HK20:HN20) -> 56043.354 | HR20: =HK20*1.2081 -> 27007.075 | HS20: =+HR20+(HR20*20.5%) -> 32543.526 | HT20: 117850.32 | HU20: 100000 | HV20: 151750 | HW20: 139600 | HX20: =AVERAGE(HU20:HW20) -> 130450 | HY20: =MEDIAN(HU20:HW20) -> 139600 | HZ20: =HARMEAN(HU20:HW20) -> 126299.25 | IA20: =HT20*1.2081 -> 142374.97 | IB20: =+IA20+(IA20*20.5%) -> 171561.84 | IC20: 125640 | ID20: 100000 | IE20: 151750 | IF20: 144200 | IG20: =AVERAGE(ID20:IF20) -> 131983.33 | IH20: =MEDIAN(ID20:IF20) -> 144200 | II20: =HARMEAN(ID20:IF20) -> 127526.09 | IJ20: =IC20*1.2081 -> 151785.68 | IK20: =+IJ20+(IJ20*20.5%) -> 182901.75 | IM20: =(K20+T20+AC20+AL20+AU20+BD20+BM20+BV20+CE20+CN20+CW20+DF20+DO20+DX20+EG20+EP20+EY20+FH20+FQ20+FZ20+GI20+GR20+HA20+HJ20+HS20+IB20+IK20)/27 -> 43396.156
A21: 14 | B21: ALTERNADOR | C21: =VLOOKUP(B21,[1]Hoja1!$B$9:$D$244,3,0) -> 6863854 | D21: 25103000 | E21: 39821750 | F21: 39025300 | G21: =AVERAGE(C21:F21) -> 27703476 | H21: =MEDIAN(C21:F21) -> 32064150 | I21: =HARMEAN(C21:F21) -> 16930290 | J21: =C21*1.051 -> 7213910.6 | K21: =+J21+(J21*20.5%) -> 8692762.2 | L21: =VLOOKUP(B21,[1]Hoja1!$B$9:$L$244,11,0) -> 6333953 | M21: 23527000 | N21: 39821750 | O21: 38228900 | P21: =AVERAGE(L21:O21) -> 26977901 | Q21: =MEDIAN(L21:O21) -> 30877950 | R21: =HARMEAN(L21:O21) -> 15894854 | S21: =L21*1.051 -> 6656984.6 | T21: =+S21+(S21*20.5%) -> 8021666.4 | U21: =VLOOKUP(B21,[1]Hoja1!$B$9:$T$244,19,0) -> 4828285 | V21: 17658000 | W21: 31857400 | X21: 30901700 | Y21: =AVERAGE(U21:X21) -> 21311346 | Z21: =MEDIAN(U21:X21) -> 24279850 | AA21: =HARMEAN(U21:X21) -> 12213927 | AB21: =U21*1.051 -> 5074527.5 | AC21: =+AB21+(AB21*20.5%) -> 6114805.7 | AD21: =VLOOKUP(B21,[1]Hoja1!$B$9:$V$244,21,0) -> 5852494 | AE21: 20902000 | AF21: 30264530 | AG21: 29659200 | AH21: =AVERAGE(AD21:AG21) -> 21669556 | AI21: =MEDIAN(AD21:AG21) -> 25280600 | AJ21: =HARMEAN(AD21:AG21) -> 14012080 | AK21: =AD21*1.051 -> 6150971.2 | AL21: =+AK21+(AK21*20.5%) -> 7411920.3 | AM21: =VLOOKUP(B21,[1]Hoja1!$B$9:$X$244,23,0) -> 5383873 | AN21: 19229000 | AO21: 27078790 | AP21: 26266400 | AQ21: =AVERAGE(AM21:AP21) -> 19489516 | AR21: =MEDIAN(AM21:AP21) -> 22747700 | AS21: =HARMEAN(AM21:AP21) -> 12789956 | AT21: =AM21*1.051 -> 5658450.5 | AU21: =+AT21+(AT21*20.5%) -> 6818432.9 | AV21: =VLOOKUP(B21,[1]Hoja1!$B$9:$Z$244,25,0) -> 4389350 | AW21: 16053000 | AX21: 27078790 | AY21: 25454100 | AZ21: =AVERAGE(AV21:AY21) -> 18243810 | BA21: =MEDIAN(AV21:AY21) -> 20753550 | BB21: =HARMEAN(AV21:AY21) -> 10919013 | BC21: =AV21*1.051 -> 4613206.8 | BD21: =+BC21+(BC21*20.5%) -> 5558914.3 | BE21: =VLOOKUP(B21,[1]Hoja1!$B$9:$AB$244,27,0) -> 4828285 | BF21: 19314000 | BG21: 31857400 | BH21: 31538800 | BI21: =AVERAGE(BE21:BH21) -> 21884621 | BJ21: =MEDIAN(BE21:BH21) -> 25426400 | BK21: =HARMEAN(BE21:BH21) -> 12422914 | BL21: =BE21*1.051 -> 5074527.5 | BM21: =+BL21+(BL21*20.5%) -> 6114805.7 | BN21: =VLOOKUP(B21,[1]Hoja1!$B$9:$AD$244,29,0) -> 4828285 | BO21: 17244000 | BP21: 31857400 | BQ21: 31538800 | BR21: =AVERAGE(BN21:BQ21) -> 21367121 | BS21: =MEDIAN(BN21:BQ21) -> 24391400 | BT21: =HARMEAN(BN21:BQ21) -> 12187656 | BU21: =BN21*1.051 -> 5074527.5 | BV21: =+BU21+(BU21*20.5%) -> 6114805.7 | BW21: =VLOOKUP(B21,[1]Hoja1!$B$9:$AF$244,31,0) -> 4652633 | BX21: 13300000 | BY21: 27078790 | BZ21: 25183300 | CA21: =AVERAGE(BW21:BZ21) -> 17553681 | CB21: =MEDIAN(BW21:BZ21) -> 19241650 | CC21: =HARMEAN(BW21:BZ21) -> 10906370 | CD21: =BW21*1.051 -> 4889917.3 | CE21: =+CD21+(CD21*20.5%) -> 5892350.3 | CF21: =VLOOKUP(B21,[1]Hoja1!$B$9:$AJ$244,35,0) -> 4389350 | CG21: 12550000 | CH21: 18413600 | CI21: 17308800 | CJ21: =AVERAGE(CF21:CI21) -> 13165438 | CK21: =MEDIAN(CF21:CI21) -> 14929400 | CL21: =HARMEAN(CF21:CI21) -> 9533179.1 | CM21: =CF21*1.051 -> 4613206.8 | CN21: =+CM21+(CM21*20.5%) -> 5558914.3 | CO21: =VLOOKUP(B21,[1]Hoja1!$B$9:$AL$244,37,0) -> 5441918 | CP21: 19440000 | CQ21: 27078790 | CR21: 24370900 | CS21: =AVERAGE(CO21:CR21) -> 19082902 | CT21: =MEDIAN(CO21:CR21) -> 21905450 | CU21: =HARMEAN(CO21:CR21) -> 12772987 | CV21: =CO21*1.051 -> 5719455.8 | CW21: =+CV21+(CV21*20.5%) -> 6891944.3 | CX21: =VLOOKUP(B21,[1]Hoja1!$B$9:$AN$244,39,0) -> 6267425 | CY21: 20600000 | CZ21: 30264530 | DA21: 28449000 | DB21: =AVERAGE(CX21:DA21) -> 21395239 | DC21: =MEDIAN(CX21:DA21) -> 24524500 | DD21: =HARMEAN(CX21:DA21) -> 14477466 | DE21: =CX21*1.051 -> 6587063.7 | DF21: =+DE21+(DE21*20.5%) -> 7937411.7 | DG21: =VLOOKUP(B21,[1]Hoja1!$B$9:$AR$244,43,0) -> 4389350 | DH21: 15050000 | DI21: 23893050 | DJ21: 21981600 | DK21: =AVERAGE(DG21:DJ21) -> 16328500 | DL21: =MEDIAN(DG21:DJ21) -> 18515800 | DM21: =HARMEAN(DG21:DJ21) -> 10481765 | DN21: =DG21*1.051 -> 4613206.8 | DO21: =+DN21+(DN21*20.5%) -> 5558914.3 | DP21: =VLOOKUP(B21,[1]Hoja1!$B$9:$AT$244,45,0) -> 8362568 | DQ21: 30584000 | DR21: 23893050 | DS21: 22698400 | DT21: =AVERAGE(DP21:DS21) -> 21384504 | DU21: =MEDIAN(DP21:DS21) -> 23295725 | DV21: =HARMEAN(DP21:DS21) -> 16793565 | DW21: =DP21*1.051 -> 8789059 | DX21: =+DW21+(DW21*20.5%) -> 10590816 | DY21: =VLOOKUP(B21,[1]Hoja1!$B$9:$AV$244,47,0) -> 4828285 | DZ21: 16560000 | EA21: 27078790 | EB21: 25724900 | EC21: =AVERAGE(DY21:EB21) -> 18547994 | ED21: =MEDIAN(DY21:EB21) -> 21142450 | EE21: =HARMEAN(DY21:EB21) -> 11651567 | EF21: =DY21*1.051 -> 5074527.5 | EG21: =+EF21+(EF21*20.5%) -> 6114805.7 | EH21: =VLOOKUP(B21,[1]Hoja1!$B$9:$AX$244,49,0) -> 9699166 | EI21: 34640000 | EJ21: 35839575 | EK21: 33330800 | EL21: =AVERAGE(EH21:EK21) -> 28377385 | EM21: =MEDIAN(EH21:EK21) -> 33985400 | EN21: =HARMEAN(EH21:EK21) -> 21066557 | EO21: =EH21*1.051 -> 10193823 | EP21: =+EO21+(EO21*20.5%) -> 12283557 | EQ21: =VLOOKUP(B21,[1]Hoja1!$B$9:$AZ$244,51,0) -> 4389350 | ER21: 14423000 | ES21: 35839575 | ET21: 32255600 | EU21: =AVERAGE(EQ21:ET21) -> 21726881 | EV21: =MEDIAN(EQ21:ET21) -> 23339300 | EW21: =HARMEAN(EQ21:ET21) -> 11233987 | EX21: =EQ21*1.2081 -> 5302773.7 | EY21: =+EX21+(EX21*20.5%) -> 6389842.4 | EZ21: =VLOOKUP(B21,'[2]RESPUESTOS '!$B$11:$BH$246,59,0) -> 4953577 | FA21: 17658000 | FB21: 26462800 | FC21: 25139700 | FD21: =AVERAGE(EZ21:FC21) -> 18553519 | FE21: =MEDIAN(EZ21:FC21) -> 21398850 | FF21: =HARMEAN(EZ21:FC21) -> 11902194 | FG21: =EZ21*1.2081 -> 5984416.4 | FH21: =+FG21+(FG21*20.5%) -> 7211221.7 | FI21: =VLOOKUP(B21,'[2]RESPUESTOS '!$B$11:$CJ$246,87,0) -> 4224400 | FJ21: 21189600 | FK21: 21643200 | FL21: 19911700 | FM21: =AVERAGE(FI21:FL21) -> 16742225 | FN21: =MEDIAN(FI21:FL21) -> 20550650 | FO21: =HARMEAN(FI21:FL21) -> 10516945 | FP21: =FI21*1.2081 -> 5103497.6 | FQ21: =+FP21+(FP21*20.5%) -> 6149714.7 | FR21: =VLOOKUP(B21,'[2]RESPUESTOS '!$B$11:$BX$246,75,0) -> 4127373 | FS21: 17658000 | FT21: 22300200 | FU21: 21854200 | FV21: =AVERAGE(FR21:FU21) -> 16484943 | FW21: =MEDIAN(FR21:FU21) -> 19756100 | FX21: =HARMEAN(FR21:FU21) -> 10269132 | FY21: =FR21*1.2081 -> 4986279.3 | FZ21: =+FY21+(FY21*20.5%) -> 6008466.6 | GA21: =VLOOKUP(B21,'[2]RESPUESTOS '!$B$11:$CN$246,91,0) -> 5901650 | GB21: 20307000 | GC21: 31857400 | GD21: 29308800 | GE21: =AVERAGE(GA21:GD21) -> 21843712 | GF21: =MEDIAN(GA21:GD21) -> 24807900 | GG21: =HARMEAN(GA21:GD21) -> 14074716 | GH21: =GA21*1.2081 -> 7129783.4 | GI21: =+GH21+(GH21*20.5%) -> 8591389 | GJ21: =VLOOKUP(B21,'[2]RESPUESTOS '!$B$11:$T$246,19,0) -> 2352005 | GK21: 20600000 | GL21: 10640000 | GM21: 10533600 | GN21: =AVERAGE(GJ21:GM21) -> 11031401 | GO21: =MEDIAN(GJ21:GM21) -> 10586800 | GP21: =HARMEAN(GJ21:GM21) -> 6036532 | GQ21: =GJ21*1.2081 -> 2841457.2 | GR21: =+GQ21+(GQ21*20.5%) -> 3423956 | GS21: =VLOOKUP(B21,'[2]RESPUESTOS '!$B$11:$H$246,7,0) -> 1189670 | GT21: 12550000 | GU21: 2300000 | GV21: 2070000 | GW21: =AVERAGE(GS21:GV21) -> 4527417.5 | GX21: =MEDIAN(GS21:GV21) -> 2185000 | GY21: =HARMEAN(GS21:GV21) -> 2176130.7 | GZ21: =GS21*1.2081 -> 1437240.3 | HA21: =+GZ21+(GZ21*20.5%) -> 1731874.6 | HB21: =VLOOKUP(B21,'[2]RESPUESTOS '!$B$11:$D$246,3,0) -> 1457479 | HC21: 12550000 | HD21: 2300000 | HE21: 2254000 | HF21: =AVERAGE(HB21:HE21) -> 4640369.8 | HG21: =MEDIAN(HB21:HE21) -> 2277000 | HH21: =HARMEAN(HB21:HE21) -> 2432741 | HI21: =HB21*1.2081 -> 1760780.4 | HJ21: =+HI21+(HI21*20.5%) -> 2121740.4 | HK21: =VLOOKUP(B21,'[2]RESPUESTOS '!$B$11:$CB$246,79,0) -> 5851417 | HL21: 34640000 | HM21: 31857400 | HN21: 30265000 | HO21: =AVERAGE(HK21:HN21) -> 25653454 | HP21: =MEDIAN(HK21:HN21) -> 31061200 | HQ21: =HARMEAN(HK21:HN21) -> 15140132 | HR21: =HK21*1.2081 -> 7069096.9 | HS21: =+HR21+(HR21*20.5%) -> 8518261.7 | HT21: 25213159 | HU21: 34640000 | HV21: 39821750 | HW21: 35839600 | HX21: =AVERAGE(HU21:HW21) -> 36767117 | HY21: =MEDIAN(HU21:HW21) -> 35839600 | HZ21: =HARMEAN(HU21:HW21) -> 36637927 | IA21: =HT21*1.2081 -> 30460017 | IB21: =+IA21+(IA21*20.5%) -> 36704320 | IC21: 26879700 | ID21: 17658000 | IE21: 39821750 | IF21: 38627100 | IG21: =AVERAGE(ID21:IF21) -> 32035617 | IH21: =MEDIAN(ID21:IF21) -> 38627100 | II21: =HARMEAN(ID21:IF21) -> 27872746 | IJ21: =IC21*1.2081 -> 32473366 | IK21: =+IJ21+(IJ21*20.5%) -> 39130406 | IM21: =(K21+T21+AC21+AL21+AU21+BD21+BM21+BV21+CE21+CN21+CW21+DF21+DO21+DX21+EG21+EP21+EY21+FH21+FQ21+FZ21+GI21+GR21+HA21+HJ21+HS21+IB21+IK21)/27 -> 8950297
A22: 15 | B22: AMORTIGUADOR DELANTERO | C22: =VLOOKUP(B22,[1]Hoja1!$B$9:$D$244,3,0) -> 612420 | D22: 2240000 | E22: 3552750 | F22: 3375100 | G22: =AVERAGE(C22:F22) -> 2445067.5 | H22: =MEDIAN(C22:F22) -> 2807550 | I22: =HARMEAN(C22:F22) -> 1505426.4 | J22: =C22*1.051 -> 643653.42 | K22: =+J22+(J22*20.5%) -> 775602.37 | L22: =VLOOKUP(B22,[1]Hoja1!$B$9:$L$244,11,0) -> 574676 | M22: 2135000 | N22: 3552750 | O22: 3304100 | P22: =AVERAGE(L22:O22) -> 2391631.5 | Q22: =MEDIAN(L22:O22) -> 2719550 | R22: =HARMEAN(L22:O22) -> 1432346 | S22: =L22*1.051 -> 603984.48 | T22: =+S22+(S22*20.5%) -> 727801.29 | U22: =VLOOKUP(B22,[1]Hoja1!$B$9:$T$244,19,0) -> 557897 | V22: 2041000 | W22: 2842200 | X22: 2785400 | Y22: =AVERAGE(U22:X22) -> 2056624.2 | Z22: =MEDIAN(U22:X22) -> 2413200 | AA22: =HARMEAN(U22:X22) -> 1336337.2 | AB22: =U22*1.051 -> 586349.75 | AC22: =+AB22+(AB22*20.5%) -> 706551.45 | AD22: =VLOOKUP(B22,[1]Hoja1!$B$9:$V$244,21,0) -> 665954 | AE22: 2379000 | AF22: 2700090 | AG22: 2619100 | AH22: =AVERAGE(AD22:AG22) -> 2091036 | AI22: =MEDIAN(AD22:AG22) -> 2499050 | AJ22: =HARMEAN(AD22:AG22) -> 1495820 | AK22: =AD22*1.051 -> 699917.65 | AL22: =+AK22+(AK22*20.5%) -> 843400.77 | AM22: =VLOOKUP(B22,[1]Hoja1!$B$9:$X$244,23,0) -> 628682 | AN22: 2246000 | AO22: 2415870 | AP22: 2367600 | AQ22: =AVERAGE(AM22:AP22) -> 1914538 | AR22: =MEDIAN(AM22:AP22) -> 2306800 | AS22: =HARMEAN(AM22:AP22) -> 1392678.4 | AT22: =AM22*1.051 -> 660744.78 | AU22: =+AT22+(AT22*20.5%) -> 796197.46 | AV22: =VLOOKUP(B22,[1]Hoja1!$B$9:$Z$244,25,0) -> 484050 | AW22: 1771000 | AX22: 2415870 | AY22: 2295100 | AZ22: =AVERAGE(AV22:AY22) -> 1741505 | BA22: =MEDIAN(AV22:AY22) -> 2033050 | BB22: =HARMEAN(AV22:AY22) -> 1149360.7 | BC22: =AV22*1.051 -> 508736.55 | BD22: =+BC22+(BC22*20.5%) -> 613027.54 | BE22: =VLOOKUP(B22,[1]Hoja1!$B$9:$AB$244,27,0) -> 532455 | BF22: 2130000 | BG22: 2842200 | BH22: 2700100 | BI22: =AVERAGE(BE22:BH22) -> 2051188.8 | BJ22: =MEDIAN(BE22:BH22) -> 2415050 | BK22: =HARMEAN(BE22:BH22) -> 1303027.8 | BL22: =BE22*1.051 -> 559610.2 | BM22: =+BL22+(BL22*20.5%) -> 674330.3 | BN22: =VLOOKUP(B22,[1]Hoja1!$B$9:$AD$244,29,0) -> 532455 | BO22: 1902000 | BP22: 2842200 | BQ22: 2756900 | BR22: =AVERAGE(BN22:BQ22) -> 2008388.8 | BS22: =MEDIAN(BN22:BQ22) -> 2329450 | BT22: =HARMEAN(BN22:BQ22) -> 1282700.1 | BU22: =BN22*1.051 -> 559610.2 | BV22: =+BU22+(BU22*20.5%) -> 674330.3 | BW22: =VLOOKUP(B22,[1]Hoja1!$B$9:$AF$244,31,0) -> 512745 | BX22: 1470000 | BY22: 2415870 | BZ22: 2295100 | CA22: =AVERAGE(BW22:BZ22) -> 1673428.8 | CB22: =MEDIAN(BW22:BZ22) -> 1882550 | CC22: =HARMEAN(BW22:BZ22) -> 1149359.3 | CD22: =BW22*1.051 -> 538894.99 | CE22: =+CD22+(CD22*20.5%) -> 649368.47 | CF22: =VLOOKUP(B22,[1]Hoja1!$B$9:$AJ$244,35,0) -> 505911 | CG22: 1450000 | CH22: 1642800 | CI22: 1511400 | CJ22: =AVERAGE(CF22:CI22) -> 1277527.8 | CK22: =MEDIAN(CF22:CI22) -> 1480700 | CL22: =HARMEAN(CF22:CI22) -> 1016094.3 | CM22: =CF22*1.051 -> 531712.46 | CN22: =+CM22+(CM22*20.5%) -> 640713.52 | CO22: =VLOOKUP(B22,[1]Hoja1!$B$9:$AL$244,37,0) -> 555119 | CP22: 1990000 | CQ22: 2415870 | CR22: 2319200 | CS22: =AVERAGE(CO22:CR22) -> 1820047.2 | CT22: =MEDIAN(CO22:CR22) -> 2154600 | CU22: =HARMEAN(CO22:CR22) -> 1270228 | CV22: =CO22*1.051 -> 583430.07 | CW22: =+CV22+(CV22*20.5%) -> 703033.23 | CX22: =VLOOKUP(B22,[1]Hoja1!$B$9:$AN$244,39,0) -> 562971 | CY22: 1850000 | CZ22: 2700090 | DA22: 2619000 | DB22: =AVERAGE(CX22:DA22) -> 1933015.2 | DC22: =MEDIAN(CX22:DA22) -> 2234500 | DD22: =HARMEAN(CX22:DA22) -> 1303350.1 | DE22: =CX22*1.051 -> 591682.52 | DF22: =+DE22+(DE22*20.5%) -> 712977.44 | DG22: =VLOOKUP(B22,[1]Hoja1!$B$9:$AR$244,43,0) -> 680570 | DH22: 2334000 | DI22: 2131650 | DJ22: 1918500 | DK22: =AVERAGE(DG22:DJ22) -> 1766180 | DL22: =MEDIAN(DG22:DJ22) -> 2025075 | DM22: =HARMEAN(DG22:DJ22) -> 1384961.8 | DN22: =DG22*1.051 -> 715279.07 | DO22: =+DN22+(DN22*20.5%) -> 861911.28 | DP22: =VLOOKUP(B22,[1]Hoja1!$B$9:$AT$244,45,0) -> 746078 | DQ22: 2729000 | DR22: 2131650 | DS22: 2067700 | DT22: =AVERAGE(DP22:DS22) -> 1918607 | DU22: =MEDIAN(DP22:DS22) -> 2099675 | DV22: =HARMEAN(DP22:DS22) -> 1504027.2 | DW22: =DP22*1.051 -> 784127.98 | DX22: =+DW22+(DW22*20.5%) -> 944874.21 | DY22: =VLOOKUP(B22,[1]Hoja1!$B$9:$AV$244,47,0) -> 816684 | DZ22: 2810000 | EA22: 2415870 | EB22: 2343400 | EC22: =AVERAGE(DY22:EB22) -> 2096488.5 | ED22: =MEDIAN(DY22:EB22) -> 2379635 | EE22: =HARMEAN(DY22:EB22) -> 1652212.8 | EF22: =DY22*1.051 -> 858334.88 | EG22: =+EF22+(EF22*20.5%) -> 1034293.5 | EH22: =VLOOKUP(B22,[1]Hoja1!$B$9:$AX$244,49,0) -> 852513 | EI22: 3045000 | EJ22: 3197475 | EK22: 3037600 | EL22: =AVERAGE(EH22:EK22) -> 2533147 | EM22: =MEDIAN(EH22:EK22) -> 3041300 | EN22: =HARMEAN(EH22:EK22) -> 1866225.3 | EO22: =EH22*1.051 -> 895991.16 | EP22: =+EO22+(EO22*20.5%) -> 1079669.4 | EQ22: =VLOOKUP(B22,[1]Hoja1!$B$9:$AZ$244,51,0) -> 680570 | ER22: 2237000 | ES22: 3197475 | ET22: 3069600 | EU22: =AVERAGE(EQ22:ET22) -> 2296161.2 | EV22: =MEDIAN(EQ22:ET22) -> 2653300 | EW22: =HARMEAN(EQ22:ET22) -> 1565615.4 | EX22: =EQ22*1.2081 -> 822196.62 | EY22: =+EX22+(EX22*20.5%) -> 990746.92 | EZ22: =VLOOKUP(B22,'[2]RESPUESTOS '!$B$11:$BH$246,59,0) -> 451979 | FA22: 2041000 | FB22: 2333600 | FC22: 2263600 | FD22: =AVERAGE(EZ22:FC22) -> 1772544.8 | FE22: =MEDIAN(EZ22:FC22) -> 2152300 | FF22: =HARMEAN(EZ22:FC22) -> 1119587.4 | FG22: =EZ22*1.2081 -> 546035.83 | FH22: =+FG22+(FG22*20.5%) -> 657973.18 | FI22: =VLOOKUP(B22,'[2]RESPUESTOS '!$B$11:$CJ$246,87,0) -> 488269 | FJ22: 2449200 | FK22: 2541800 | FL22: 2491000 | FM22: =AVERAGE(FI22:FL22) -> 1992567.2 | FN22: =MEDIAN(FI22:FL22) -> 2470100 | FO22: =HARMEAN(FI22:FL22) -> 1230309.2 | FP22: =FI22*1.2081 -> 589877.78 | FQ22: =+FP22+(FP22*20.5%) -> 710802.72 | FR22: =VLOOKUP(B22,'[2]RESPUESTOS '!$B$11:$BX$246,75,0) -> 428680 | FS22: 2041000 | FT22: 2282200 | FU22: 2099600 | FV22: =AVERAGE(FR22:FU22) -> 1712870 | FW22: =MEDIAN(FR22:FU22) -> 2070300 | FX22: =HARMEAN(FR22:FU22) -> 1070333.4 | FY22: =FR22*1.2081 -> 517888.31 | FZ22: =+FY22+(FY22*20.5%) -> 624055.41 | GA22: =VLOOKUP(B22,'[2]RESPUESTOS '!$B$11:$CN$246,91,0) -> 525200 | GB22: 2348000 | GC22: 2842200 | GD22: 2785400 | GE22: =AVERAGE(GA22:GD22) -> 2125200 | GF22: =MEDIAN(GA22:GD22) -> 2566700 | GG22: =HARMEAN(GA22:GD22) -> 1315449.4 | GH22: =GA22*1.2081 -> 634494.12 | GI22: =+GH22+(GH22*20.5%) -> 764565.41 | GJ22: =VLOOKUP(B22,'[2]RESPUESTOS '!$B$11:$T$246,19,0) -> 487490 | GK22: 1850000 | GL22: 2265400 | GM22: 2197400 | GN22: =AVERAGE(GJ22:GM22) -> 1700072.5 | GO22: =MEDIAN(GJ22:GM22) -> 2023700 | GP22: =HARMEAN(GJ22:GM22) -> 1146667 | GQ22: =GJ22*1.2081 -> 588936.67 | GR22: =+GQ22+(GQ22*20.5%) -> 709668.69 | GS22: =VLOOKUP(B22,'[2]RESPUESTOS '!$B$11:$H$246,7,0) -> 398363 | GT22: 1450000 | GU22: 1359200 | GV22: 1304800 | GW22: =AVERAGE(GS22:GV22) -> 1128090.8 | GX22: =MEDIAN(GS22:GV22) -> 1332000 | GY22: =HARMEAN(GS22:GV22) -> 850691.63 | GZ22: =GS22*1.2081 -> 481262.34 | HA22: =+GZ22+(GZ22*20.5%) -> 579921.12 | HB22: =VLOOKUP(B22,'[2]RESPUESTOS '!$B$11:$D$246,3,0) -> 383768 | HC22: 1450000 | HD22: 1359200 | HE22: 1291200 | HF22: =AVERAGE(HB22:HE22) -> 1121042 | HG22: =MEDIAN(HB22:HE22) -> 1325200 | HH22: =HARMEAN(HB22:HE22) -> 832362.87 | HI22: =HB22*1.2081 -> 463630.12 | HJ22: =+HI22+(HI22*20.5%) -> 558674.3 | HK22: =VLOOKUP(B22,'[2]RESPUESTOS '!$B$11:$CB$246,79,0) -> 517093 | HL22: 3045000 | HM22: 2842200 | HN22: 2757000 | HO22: =AVERAGE(HK22:HN22) -> 2290323.2 | HP22: =MEDIAN(HK22:HN22) -> 2799600 | HQ22: =HARMEAN(HK22:HN22) -> 1343702.9 | HR22: =HK22*1.2081 -> 624700.05 | HS22: =+HR22+(HR22*20.5%) -> 752763.56 | HT22: 2879228.5 | HU22: 3045000 | HV22: 3552750 | HW22: 3410600 | HX22: =AVERAGE(HU22:HW22) -> 3336116.7 | HY22: =MEDIAN(HU22:HW22) -> 3410600 | HZ22: =HARMEAN(HU22:HW22) -> 3321954.3 | IA22: =HT22*1.2081 -> 3478396 | IB22: =+IA22+(IA22*20.5%) -> 4191467.1 | IC22: 3069540 | ID22: 2041000 | IE22: 3552750 | IF22: 3481700 | IG22: =AVERAGE(ID22:IF22) -> 3025150 | IH22: =MEDIAN(ID22:IF22) -> 3481700 | II22: =HARMEAN(ID22:IF22) -> 2833813.8 | IJ22: =IC22*1.2081 -> 3708311.3 | IK22: =+IJ22+(IJ22*20.5%) -> 4468515.1 | IM22: =(K22+T22+AC22+AL22+AU22+BD22+BM22+BV22+CE22+CN22+CW22+DF22+DO22+DX22+EG22+EP22+EY22+FH22+FQ22+FZ22+GI22+GR22+HA22+HJ22+HS22+IB22+IK22)/27 -> 1016564.3
A23: 16 | B23: AMORTIGUADOR TRASERO | C23: =VLOOKUP(B23,[1]Hoja1!$B$9:$D$244,3,0) -> 565198 | D23: 2068000 | E23: 3313750 | F23: 3214300 | G23: =AVERAGE(C23:F23) -> 2290312 | H23: =MEDIAN(C23:F23) -> 2641150 | I23: =HARMEAN(C23:F23) -> 1395803.4 | J23: =C23*1.051 -> 594023.1 | K23: =+J23+(J23*20.5%) -> 715797.83 | L23: =VLOOKUP(B23,[1]Hoja1!$B$9:$L$244,11,0) -> 555209 | M23: 2063000 | N23: 3313750 | O23: 3148100 | P23: =AVERAGE(L23:O23) -> 2270014.8 | Q23: =MEDIAN(L23:O23) -> 2605550 | R23: =HARMEAN(L23:O23) -> 1376803.9 | S23: =L23*1.051 -> 583524.66 | T23: =+S23+(S23*20.5%) -> 703147.21 | U23: =VLOOKUP(B23,[1]Hoja1!$B$9:$T$244,19,0) -> 553736 | V23: 2026000 | W23: 2651000 | X23: 2624500 | Y23: =AVERAGE(U23:X23) -> 1963809 | Z23: =MEDIAN(U23:X23) -> 2325250 | AA23: =HARMEAN(U23:X23) -> 1308156 | AB23: =U23*1.051 -> 581976.54 | AC23: =+AB23+(AB23*20.5%) -> 701281.73 | AD23: =VLOOKUP(B23,[1]Hoja1!$B$9:$V$244,21,0) -> 650041 | AE23: 2322000 | AF23: 2518450 | AG23: 2468100 | AH23: =AVERAGE(AD23:AG23) -> 1989647.8 | AI23: =MEDIAN(AD23:AG23) -> 2395050 | AJ23: =HARMEAN(AD23:AG23) -> 1443383 | AK23: =AD23*1.051 -> 683193.09 | AL23: =+AK23+(AK23*20.5%) -> 823247.67 | AM23: =VLOOKUP(B23,[1]Hoja1!$B$9:$X$244,23,0) -> 614461 | AN23: 2195000 | AO23: 2253350 | AP23: 2140700 | AQ23: =AVERAGE(AM23:AP23) -> 1800877.8 | AR23: =MEDIAN(AM23:AP23) -> 2167850 | AS23: =HARMEAN(AM23:AP23) -> 1336030.3 | AT23: =AM23*1.051 -> 645798.51 | AU23: =+AT23+(AT23*20.5%) -> 778187.21 | AV23: =VLOOKUP(B23,[1]Hoja1!$B$9:$Z$244,25,0) -> 499450 | AW23: 1827000 | AX23: 2253350 | AY23: 2163200 | AZ23: =AVERAGE(AV23:AY23) -> 1685750 | BA23: =MEDIAN(AV23:AY23) -> 1995100 | BB23: =HARMEAN(AV23:AY23) -> 1157538.2 | BC23: =AV23*1.051 -> 524921.95 | BD23: =+BC23+(BC23*20.5%) -> 632530.95 | BE23: =VLOOKUP(B23,[1]Hoja1!$B$9:$AB$244,27,0) -> 549395 | BF23: 2198000 | BG23: 2651000 | BH23: 2571500 | BI23: =AVERAGE(BE23:BH23) -> 1992473.8 | BJ23: =MEDIAN(BE23:BH23) -> 2384750 | BK23: =HARMEAN(BE23:BH23) -> 1315254.2 | BL23: =BE23*1.051 -> 577414.15 | BM23: =+BL23+(BL23*20.5%) -> 695784.04 | BN23: =VLOOKUP(B23,[1]Hoja1!$B$9:$AD$244,29,0) -> 549395 | BO23: 1963000 | BP23: 2651000 | BQ23: 2518500 | BR23: =AVERAGE(BN23:BQ23) -> 1920473.8 | BS23: =MEDIAN(BN23:BQ23) -> 2240750 | BT23: =HARMEAN(BN23:BQ23) -> 1288707 | BU23: =BN23*1.051 -> 577414.15 | BV23: =+BU23+(BU23*20.5%) -> 695784.04 | BW23: =VLOOKUP(B23,[1]Hoja1!$B$9:$AF$244,31,0) -> 529122 | BX23: 1520000 | BY23: 2253350 | BZ23: 2028000 | CA23: =AVERAGE(BW23:BZ23) -> 1582618 | CB23: =MEDIAN(BW23:BZ23) -> 1774000 | CC23: =HARMEAN(BW23:BZ23) -> 1147875.5 | CD23: =BW23*1.051 -> 556107.22 | CE23: =+CD23+(CD23*20.5%) -> 670109.2 | CF23: =VLOOKUP(B23,[1]Hoja1!$B$9:$AJ$244,35,0) -> 499450 | CG23: 1430000 | CH23: 1532300 | CI23: 1501700 | CJ23: =AVERAGE(CF23:CI23) -> 1240862.5 | CK23: =MEDIAN(CF23:CI23) -> 1465850 | CL23: =HARMEAN(CF23:CI23) -> 995017.75 | CM23: =CF23*1.051 -> 524921.95 | CN23: =+CM23+(CM23*20.5%) -> 632530.95 | CO23: =VLOOKUP(B23,[1]Hoja1!$B$9:$AL$244,37,0) -> 553848 | CP23: 1980000 | CQ23: 2253350 | CR23: 2095600 | CS23: =AVERAGE(CO23:CR23) -> 1720699.5 | CT23: =MEDIAN(CO23:CR23) -> 2037800 | CU23: =HARMEAN(CO23:CR23) -> 1237786.9 | CV23: =CO23*1.051 -> 582094.25 | CW23: =+CV23+(CV23*20.5%) -> 701423.57 | CX23: =VLOOKUP(B23,[1]Hoja1!$B$9:$AN$244,39,0) -> 549395 | CY23: 1810000 | CZ23: 2518450 | DA23: 2393000 | DB23: =AVERAGE(CX23:DA23) -> 1817711.2 | DC23: =MEDIAN(CX23:DA23) -> 2101500 | DD23: =HARMEAN(CX23:DA23) -> 1254852.6 | DE23: =CX23*1.051 -> 577414.15 | DF23: =+DE23+(DE23*20.5%) -> 695784.04 | DG23: =VLOOKUP(B23,[1]Hoja1!$B$9:$AR$244,43,0) -> 686449 | DH23: 2354000 | DI23: 1988250 | DJ23: 1908700 | DK23: =AVERAGE(DG23:DJ23) -> 1734349.8 | DL23: =MEDIAN(DG23:DJ23) -> 1948475 | DM23: =HARMEAN(DG23:DJ23) -> 1375301.6 | DN23: =DG23*1.051 -> 721457.9 | DO23: =+DN23+(DN23*20.5%) -> 869356.77 | DP23: =VLOOKUP(B23,[1]Hoja1!$B$9:$AT$244,45,0) -> 695888 | DQ23: 2545000 | DR23: 1988250 | DS23: 1829200 | DT23: =AVERAGE(DP23:DS23) -> 1764584.5 | DU23: =MEDIAN(DP23:DS23) -> 1908725 | DV23: =HARMEAN(DP23:DS23) -> 1389090.5 | DW23: =DP23*1.051 -> 731378.29 | DX23: =+DW23+(DW23*20.5%) -> 881310.84 | DY23: =VLOOKUP(B23,[1]Hoja1!$B$9:$AV$244,47,0) -> 788673 | DZ23: 2710000 | EA23: 2253350 | EB23: 2073100 | EC23: =AVERAGE(DY23:EB23) -> 1956280.8 | ED23: =MEDIAN(DY23:EB23) -> 2163225 | EE23: =HARMEAN(DY23:EB23) -> 1560604.5 | EF23: =DY23*1.051 -> 828895.32 | EG23: =+EF23+(EF23*20.5%) -> 998818.86 | EH23: =VLOOKUP(B23,[1]Hoja1!$B$9:$AX$244,49,0) -> 773627 | EI23: 2763000 | EJ23: 2982375 | EK23: 2684100 | EL23: =AVERAGE(EH23:EK23) -> 2300775.5 | EM23: =MEDIAN(EH23:EK23) -> 2723550 | EN23: =HARMEAN(EH23:EK23) -> 1693189.3 | EO23: =EH23*1.051 -> 813081.98 | EP23: =+EO23+(EO23*20.5%) -> 979763.78 | EQ23: =VLOOKUP(B23,[1]Hoja1!$B$9:$AZ$244,51,0) -> 686449 | ER23: 2256000 | ES23: 2982375 | ET23: 2833300 | EU23: =AVERAGE(EQ23:ET23) -> 2189531 | EV23: =MEDIAN(EQ23:ET23) -> 2544650 | EW23: =HARMEAN(EQ23:ET23) -> 1545425.8 | EX23: =EQ23*1.2081 -> 829299.04 | EY23: =+EX23+(EX23*20.5%) -> 999305.34 | EZ23: =VLOOKUP(B23,'[2]RESPUESTOS '!$B$11:$BH$246,59,0) -> 401372 | FA23: 2026000 | FB23: 2209200 | FC23: 2165000 | FD23: =AVERAGE(EZ23:FC23) -> 1700393 | FE23: =MEDIAN(EZ23:FC23) -> 2095500 | FF23: =HARMEAN(EZ23:FC23) -> 1025750.4 | FG23: =EZ23*1.2081 -> 484897.51 | FH23: =+FG23+(FG23*20.5%) -> 584301.5 | FI23: =VLOOKUP(B23,'[2]RESPUESTOS '!$B$11:$CJ$246,87,0) -> 484047 | FJ23: 2431200 | FK23: 2580200 | FL23: 2502800 | FM23: =AVERAGE(FI23:FL23) -> 1999561.8 | FN23: =MEDIAN(FI23:FL23) -> 2467000 | FO23: =HARMEAN(FI23:FL23) -> 1225357.3 | FP23: =FI23*1.2081 -> 584777.18 | FQ23: =+FP23+(FP23*20.5%) -> 704656.5 | FR23: =VLOOKUP(B23,'[2]RESPUESTOS '!$B$11:$BX$246,75,0) -> 421257 | FS23: 2026000 | FT23: 2267000 | FU23: 2221700 | FV23: =AVERAGE(FR23:FU23) -> 1733989.2 | FW23: =MEDIAN(FR23:FU23) -> 2123850 | FX23: =HARMEAN(FR23:FU23) -> 1064212.3 | FY23: =FR23*1.2081 -> 508920.58 | FZ23: =+FY23+(FY23*20.5%) -> 613249.3 | GA23: =VLOOKUP(B23,'[2]RESPUESTOS '!$B$11:$CN$246,91,0) -> 485239 | GB23: 2330000 | GC23: 2651000 | GD23: 2438900 | GE23: =AVERAGE(GA23:GD23) -> 1976284.8 | GF23: =MEDIAN(GA23:GD23) -> 2384450 | GG23: =HARMEAN(GA23:GD23) -> 1220531.1 | GH23: =GA23*1.2081 -> 586217.24 | GI23: =+GH23+(GH23*20.5%) -> 706391.77 | GJ23: =VLOOKUP(B23,'[2]RESPUESTOS '!$B$11:$T$246,19,0) -> 451081 | GK23: 1810000 | GL23: 2318800 | GM23: 2202900 | GN23: =AVERAGE(GJ23:GM23) -> 1695695.2 | GO23: =MEDIAN(GJ23:GM23) -> 2006450 | GP23: =HARMEAN(GJ23:GM23) -> 1094514.8 | GQ23: =GJ23*1.2081 -> 544950.96 | GR23: =+GQ23+(GQ23*20.5%) -> 656665.9 | GS23: =VLOOKUP(B23,'[2]RESPUESTOS '!$B$11:$H$246,7,0) -> 396902 | GT23: 1430000 | GU23: 1391300 | GV23: 1321700 | GW23: =AVERAGE(GS23:GV23) -> 1134975.5 | GX23: =MEDIAN(GS23:GV23) -> 1356500 | GY23: =HARMEAN(GS23:GV23) -> 852121.2 | GZ23: =GS23*1.2081 -> 479497.31 | HA23: =+GZ23+(GZ23*20.5%) -> 577794.25 | HB23: =VLOOKUP(B23,'[2]RESPUESTOS '!$B$11:$D$246,3,0) -> 385454 | HC23: 1430000 | HD23: 1391300 | HE23: 1349600 | HF23: =AVERAGE(HB23:HE23) -> 1139088.5 | HG23: =MEDIAN(HB23:HE23) -> 1370450 | HH23: =HARMEAN(HB23:HE23) -> 841510.62 | HI23: =HB23*1.2081 -> 465666.98 | HJ23: =+HI23+(HI23*20.5%) -> 561128.71 | HK23: =VLOOKUP(B23,'[2]RESPUESTOS '!$B$11:$CB$246,79,0) -> 496241 | HL23: 2763000 | HM23: 2651000 | HN23: 2598000 | HO23: =AVERAGE(HK23:HN23) -> 2127060.2 | HP23: =MEDIAN(HK23:HN23) -> 2624500 | HQ23: =HARMEAN(HK23:HN23) -> 1274208.8 | HR23: =HK23*1.2081 -> 599508.75 | HS23: =+HR23+(HR23*20.5%) -> 722408.05 | HT23: 2601655.6 | HU23: 2763000 | HV23: 3313750 | HW23: 3081800 | HX23: =AVERAGE(HU23:HW23) -> 3052850 | HY23: =MEDIAN(HU23:HW23) -> 3081800 | HZ23: =HARMEAN(HU23:HW23) -> 3035871.7 | IA23: =HT23*1.2081 -> 3143060.1 | IB23: =+IA23+(IA23*20.5%) -> 3787387.4 | IC23: 2773620 | ID23: 2026000 | IE23: 3313750 | IF23: 3280600 | IG23: =AVERAGE(ID23:IF23) -> 2873450 | IH23: =MEDIAN(ID23:IF23) -> 3280600 | II23: =HARMEAN(ID23:IF23) -> 2726829.9 | IJ23: =IC23*1.2081 -> 3350810.3 | IK23: =+IJ23+(IJ23*20.5%) -> 4037726.4 | IM23: =(K23+T23+AC23+AL23+AU23+BD23+BM23+BV23+CE23+CN23+CW23+DF23+DO23+DX23+EG23+EP23+EY23+FH23+FQ23+FZ23+GI23+GR23+HA23+HJ23+HS23+IB23+IK23)/27 -> 967624.96
... A52: 45 | B52: BOMBA FRENO | C52: =VLOOKUP(B52,[1]Hoja1!$B$9:$D$244,3,0) -> 972151 | D52: 3556000 | E52: 4884750 | F52: 4494000 | G52: =AVERAGE(C52:F52) -> 3476725.2 | H52: =MEDIAN(C52:F52) -> 4025000 | I52: =HARMEAN(C52:F52) -> 2302689.3 | J52: =C52*1.051 -> 1021730.7 | K52: =+J52+(J52*20.5%) -> 1231185.5 | L52: =VLOOKUP(B52,[1]Hoja1!$B$9:$L$244,11,0) -> 732183 | M52: 2720000 | N52: 4884750 | O52: 4396300 | P52: =AVERAGE(L52:O52) -> 3183308.2 | Q52: =MEDIAN(L52:O52) -> 3558150 | R52: =HARMEAN(L52:O52) -> 1847055.8 | S52: =L52*1.051 -> 769524.33 | T52: =+S52+(S52*20.5%) -> 927276.82 | U52: =VLOOKUP(B52,[1]Hoja1!$B$9:$T$244,19,0) -> 795892 | V52: 2911000 | W52: 3907800 | X52: 3595200 | Y52: =AVERAGE(U52:X52) -> 2802473 | Z52: =MEDIAN(U52:X52) -> 3253100 | AA52: =HARMEAN(U52:X52) -> 1874393.6 | AB52: =U52*1.051 -> 836482.49 | AC52: =+AB52+(AB52*20.5%) -> 1007961.4 | AD52: =VLOOKUP(B52,[1]Hoja1!$B$9:$V$244,21,0) -> 900387 | AE52: 3216000 | AF52: 3712410 | AG52: 3526800 | AH52: =AVERAGE(AD52:AG52) -> 2838899.2 | AI52: =MEDIAN(AD52:AG52) -> 3371400 | AJ52: =HARMEAN(AD52:AG52) -> 2025840.8 | AK52: =AD52*1.051 -> 946306.74 | AL52: =+AK52+(AK52*20.5%) -> 1140299.6 | AM52: =VLOOKUP(B52,[1]Hoja1!$B$9:$X$244,23,0) -> 849020 | AN52: 3033000 | AO52: 3321630 | AP52: 3188800 | AQ52: =AVERAGE(AM52:AP52) -> 2598112.5 | AR52: =MEDIAN(AM52:AP52) -> 3110900 | AS52: =HARMEAN(AM52:AP52) -> 1884845.6 | AT52: =AM52*1.051 -> 892320.02 | AU52: =+AT52+(AT52*20.5%) -> 1075245.6 | AV52: =VLOOKUP(B52,[1]Hoja1!$B$9:$Z$244,25,0) -> 659966 | AW52: 2414000 | AX52: 3321630 | AY52: 3089100 | AZ52: =AVERAGE(AV52:AY52) -> 2371174 | BA52: =MEDIAN(AV52:AY52) -> 2751550 | BB52: =HARMEAN(AV52:AY52) -> 1566013.9 | BC52: =AV52*1.051 -> 693624.27 | BD52: =+BC52+(BC52*20.5%) -> 835817.24 | BE52: =VLOOKUP(B52,[1]Hoja1!$B$9:$AB$244,27,0) -> 714560 | BF52: 2859000 | BG52: 3907800 | BH52: 3790600 | BI52: =AVERAGE(BE52:BH52) -> 2817990 | BJ52: =MEDIAN(BE52:BH52) -> 3324800 | BK52: =HARMEAN(BE52:BH52) -> 1762934.5 | BL52: =BE52*1.051 -> 751002.56 | BM52: =+BL52+(BL52*20.5%) -> 904958.08 | BN52: =VLOOKUP(B52,[1]Hoja1!$B$9:$AD$244,29,0) -> 736901 | BO52: 2632000 | BP52: 3907800 | BQ52: 3673300 | BR52: =AVERAGE(BN52:BQ52) -> 2737500.2 | BS52: =MEDIAN(BN52:BQ52) -> 3152650 | BT52: =HARMEAN(BN52:BQ52) -> 1765921.1 | BU52: =BN52*1.051 -> 774482.95 | BV52: =+BU52+(BU52*20.5%) -> 933251.96 | BW52: =VLOOKUP(B52,[1]Hoja1!$B$9:$AF$244,31,0) -> 688345 | BX52: 1970000 | BY52: 3321630 | BZ52: 3188800 | CA52: =AVERAGE(BW52:BZ52) -> 2292193.8 | CB52: =MEDIAN(BW52:BZ52) -> 2579400 | CC52: =HARMEAN(BW52:BZ52) -> 1553380.7 | CD52: =BW52*1.051 -> 723450.59 | CE52: =+CD52+(CD52*20.5%) -> 871757.97 | CF52: =VLOOKUP(B52,[1]Hoja1!$B$9:$AJ$244,35,0) -> 649600 | CG52: 1860000 | CH52: 2258700 | CI52: 2145800 | CJ52: =AVERAGE(CF52:CI52) -> 1728525 | CK52: =MEDIAN(CF52:CI52) -> 2002900 | CL52: =HARMEAN(CF52:CI52) -> 1339673.3 | CM52: =CF52*1.051 -> 682729.6 | CN52: =+CM52+(CM52*20.5%) -> 822689.17 | CO52: =VLOOKUP(B52,[1]Hoja1!$B$9:$AL$244,37,0) -> 733633 | CP52: 2630000 | CQ52: 3321630 | CR52: 3155500 | CS52: =AVERAGE(CO52:CR52) -> 2460190.8 | CT52: =MEDIAN(CO52:CR52) -> 2892750 | CU52: =HARMEAN(CO52:CR52) -> 1694002.6 | CV52: =CO52*1.051 -> 771048.28 | CW52: =+CV52+(CV52*20.5%) -> 929113.18 | CX52: =VLOOKUP(B52,[1]Hoja1!$B$9:$AN$244,39,0) -> 829696 | CY52: 2730000 | CZ52: 3712410 | DA52: 3453000 | DB52: =AVERAGE(CX52:DA52) -> 2681276.5 | DC52: =MEDIAN(CX52:DA52) -> 3091500 | DD52: =HARMEAN(CX52:DA52) -> 1877466.1 | DE52: =CX52*1.051 -> 872010.5 | DF52: =+DE52+(DE52*20.5%) -> 1050772.6 | DG52: =VLOOKUP(B52,[1]Hoja1!$B$9:$AR$244,43,0) -> 1025798 | DH52: 3518000 | DI52: 2930850 | DJ52: 2725700 | DK52: =AVERAGE(DG52:DJ52) -> 2550087 | DL52: =MEDIAN(DG52:DJ52) -> 2828275 | DM52: =HARMEAN(DG52:DJ52) -> 2033368.2 | DN52: =DG52*1.051 -> 1078113.7 | DO52: =+DN52+(DN52*20.5%) -> 1299127 | DP52: =VLOOKUP(B52,[1]Hoja1!$B$9:$AT$244,45,0) -> 1025798 | DQ52: 3752000 | DR52: 2930850 | DS52: 2872200 | DT52: =AVERAGE(DP52:DS52) -> 2645212 | DU52: =MEDIAN(DP52:DS52) -> 2901525 | DV52: =HARMEAN(DP52:DS52) -> 2071746.2 | DW52: =DP52*1.051 -> 1078113.7 | DX52: =+DW52+(DW52*20.5%) -> 1299127 | DY52: =VLOOKUP(B52,[1]Hoja1!$B$9:$AV$244,47,0) -> 1162571 | DZ52: 3990000 | EA52: 3321630 | EB52: 3255200 | EC52: =AVERAGE(DY52:EB52) -> 2932350.2 | ED52: =MEDIAN(DY52:EB52) -> 3288415 | EE52: =HARMEAN(DY52:EB52) -> 2326870.8 | EF52: =DY52*1.051 -> 1221862.1 | EG52: =+EF52+(EF52*20.5%) -> 1472343.9 | EH52: =VLOOKUP(B52,[1]Hoja1!$B$9:$AX$244,49,0) -> 1042154 | EI52: 3722000 | EJ52: 4396275 | EK52: 4220400 | EL52: =AVERAGE(EH52:EK52) -> 3345207.2 | EM52: =MEDIAN(EH52:EK52) -> 3971200 | EN52: =HARMEAN(EH52:EK52) -> 2363181.4 | EO52: =EH52*1.051 -> 1095303.9 | EP52: =+EO52+(EO52*20.5%) -> 1319841.1 | EQ52: =VLOOKUP(B52,[1]Hoja1!$B$9:$AZ$244,51,0) -> 1073157 | ER52: 3527000 | ES52: 4396275 | ET52: 4176500 | EU52: =AVERAGE(EQ52:ET52) -> 3293233 | EV52: =MEDIAN(EQ52:ET52) -> 3851750 | EW52: =HARMEAN(EQ52:ET52) -> 2377757.4 | EX52: =EQ52*1.2081 -> 1296481 | EY52: =+EX52+(EX52*20.5%) -> 1562259.6 | EZ52: =VLOOKUP(B52,'[2]RESPUESTOS '!$B$11:$BH$246,59,0) -> 549851 | FA52: 2911000 | FB52: 2991200 | FC52: 2931400 | FD52: =AVERAGE(EZ52:FC52) -> 2345862.8 | FE52: =MEDIAN(EZ52:FC52) -> 2921200 | FF52: =HARMEAN(EZ52:FC52) -> 1409618.6 | FG52: =EZ52*1.2081 -> 664274.99 | FH52: =+FG52+(FG52*20.5%) -> 800451.37 | FI52: =VLOOKUP(B52,'[2]RESPUESTOS '!$B$11:$CJ$246,87,0) -> 605308 | FJ52: 3493200 | FK52: 3264400 | FL52: 3166500 | FM52: =AVERAGE(FI52:FL52) -> 2632352 | FN52: =MEDIAN(FI52:FL52) -> 3215450 | FO52: =HARMEAN(FI52:FL52) -> 1562217.4 | FP52: =FI52*1.2081 -> 731272.59 | FQ52: =+FP52+(FP52*20.5%) -> 881183.48 | FR52: =VLOOKUP(B52,'[2]RESPUESTOS '!$B$11:$BX$246,75,0) -> 569555 | FS52: 2911000 | FT52: 3021800 | FU52: 2991600 | FV52: =AVERAGE(FR52:FU52) -> 2373488.8 | FW52: =MEDIAN(FR52:FU52) -> 2951300 | FX52: =HARMEAN(FR52:FU52) -> 1446927.2 | FY52: =FR52*1.2081 -> 688079.4 | FZ52: =+FY52+(FY52*20.5%) -> 829135.67 | GA52: =VLOOKUP(B52,'[2]RESPUESTOS '!$B$11:$CN$246,91,0) -> 740102 | GB52: 3348000 | GC52: 3907800 | GD52: 3751500 | GE52: =AVERAGE(GA52:GD52) -> 2936850.5 | GF52: =MEDIAN(GA52:GD52) -> 3549750 | GG52: =HARMEAN(GA52:GD52) -> 1841358.3 | GH52: =GA52*1.2081 -> 894117.23 | GI52: =+GH52+(GH52*20.5%) -> 1077411.3 | GJ52: =VLOOKUP(B52,'[2]RESPUESTOS '!$B$11:$T$246,19,0) -> 546984 | GK52: 2730000 | GL52: 2932200 | GM52: 2756300 | GN52: =AVERAGE(GJ52:GM52) -> 2241371 | GO52: =MEDIAN(GJ52:GM52) -> 2743150 | GP52: =HARMEAN(GJ52:GM52) -> 1380093.9 | GQ52: =GJ52*1.2081 -> 660811.37 | GR52: =+GQ52+(GQ52*20.5%) -> 796277.7 | GS52: =VLOOKUP(B52,'[2]RESPUESTOS '!$B$11:$H$246,7,0) -> 469710 | GT52: 1860000 | GU52: 1759300 | GV52: 1671300 | GW52: =AVERAGE(GS52:GV52) -> 1440077.5 | GX52: =MEDIAN(GS52:GV52) -> 1715300 | GY52: =HARMEAN(GS52:GV52) -> 1043473.1 | GZ52: =GS52*1.2081 -> 567456.65 | HA52: =+GZ52+(GZ52*20.5%) -> 683785.26 | HB52: =VLOOKUP(B52,'[2]RESPUESTOS '!$B$11:$D$246,3,0) -> 532094 | HC52: 1860000 | HD52: 1759300 | HE52: 1618600 | HF52: =AVERAGE(HB52:HE52) -> 1442498.5 | HG52: =MEDIAN(HB52:HE52) -> 1688950 | HH52: =HARMEAN(HB52:HE52) -> 1110115.9 | HI52: =HB52*1.2081 -> 642822.76 | HJ52: =+HI52+(HI52*20.5%) -> 774601.43 | HK52: =VLOOKUP(B52,'[2]RESPUESTOS '!$B$11:$CB$246,79,0) -> 707582 | HL52: 3722000 | HM52: 3907800 | HN52: 3830000 | HO52: =AVERAGE(HK52:HN52) -> 3041845.5 | HP52: =MEDIAN(HK52:HN52) -> 3776000 | HQ52: =HARMEAN(HK52:HN52) -> 1819065.2 | HR52: =HK52*1.2081 -> 854829.81 | HS52: =+HR52+(HR52*20.5%) -> 1030069.9 | HT52: 3699870.6 | HU52: 3722000 | HV52: 4884750 | HW52: 4640500 | HX52: =AVERAGE(HU52:HW52) -> 4415750 | HY52: =MEDIAN(HU52:HW52) -> 4640500 | HZ52: =HARMEAN(HU52:HW52) -> 4354859.9 | IA52: =HT52*1.2081 -> 4469813.7 | IB52: =+IA52+(IA52*20.5%) -> 5386125.5 | IC52: 3944425 | ID52: 2911000 | IE52: 4884750 | IF52: 4494000 | IG52: =AVERAGE(ID52:IF52) -> 4096583.3 | IH52: =MEDIAN(ID52:IF52) -> 4494000 | II52: =HARMEAN(ID52:IF52) -> 3892250.9 | IJ52: =IC52*1.2081 -> 4765259.8 | IK52: =+IJ52+(IJ52*20.5%) -> 5742138.1 | IM52: =(K52+T52+AC52+AL52+AU52+BD52+BM52+BV52+CE52+CN52+CW52+DF52+DO52+DX52+EG52+EP52+EY52+FH52+FQ52+FZ52+GI52+GR52+HA52+HJ52+HS52+IB52+IK52)/27 -> 1358674.4
A53: 46 | B53: BOMBA INYECCION COMBUSTIBLE | C53: =VLOOKUP(B53,[1]Hoja1!$B$9:$D$244,3,0) -> 6529600 | D53: 23880000 | E53: 32000000 | F53: 44100000 | G53: =AVERAGE(C53:F53) -> 26627400 | H53: =MEDIAN(C53:F53) -> 27940000 | I53: =HARMEAN(C53:F53) -> 16067450 | J53: =C53*1.051 -> 6862609.6 | K53: =+J53+(J53*20.5%) -> 8269444.6 | L53: =VLOOKUP(B53,[1]Hoja1!$B$9:$L$244,11,0) -> 8071048 | M53: 29979000 | N53: 38000000 | O53: 43200000 | P53: =AVERAGE(L53:O53) -> 29812512 | Q53: =MEDIAN(L53:O53) -> 33989500 | R53: =HARMEAN(L53:O53) -> 19349820 | S53: =L53*1.051 -> 8482671.4 | T53: =+S53+(S53*20.5%) -> 10221619 | U53: =VLOOKUP(B53,[1]Hoja1!$B$9:$T$244,19,0) -> 6529600 | V53: 23880000 | W53: 36000000 | X53: 35280000 | Y53: =AVERAGE(U53:X53) -> 25422400 | Z53: =MEDIAN(U53:X53) -> 29580000 | AA53: =HARMEAN(U53:X53) -> 15926912 | AB53: =U53*1.051 -> 6862609.6 | AC53: =+AB53+(AB53*20.5%) -> 8269444.6 | AD53: =VLOOKUP(B53,[1]Hoja1!$B$9:$V$244,21,0) -> 6166533 | AE53: 22024000 | AF53: 34200000 | AG53: 32832000 | AH53: =AVERAGE(AD53:AG53) -> 23805633 | AI53: =MEDIAN(AD53:AG53) -> 27428000 | AJ53: =HARMEAN(AD53:AG53) -> 14966221 | AK53: =AD53*1.051 -> 6481026.2 | AL53: =+AK53+(AK53*20.5%) -> 7809636.6 | AM53: =VLOOKUP(B53,[1]Hoja1!$B$9:$X$244,23,0) -> 5548667 | AN53: 19817000 | AO53: 30600000 | AP53: 29682000 | AQ53: =AVERAGE(AM53:AP53) -> 21411917 | AR53: =MEDIAN(AM53:AP53) -> 24749500 | AS53: =HARMEAN(AM53:AP53) -> 13465503 | AT53: =AM53*1.051 -> 5831649 | AU53: =+AT53+(AT53*20.5%) -> 7027137.1 | AV53: =VLOOKUP(B53,[1]Hoja1!$B$9:$Z$244,25,0) -> 5936000 | AW53: 21709000 | AX53: 30600000 | AY53: 29070000 | AZ53: =AVERAGE(AV53:AY53) -> 21828750 | BA53: =MEDIAN(AV53:AY53) -> 25389500 | BB53: =HARMEAN(AV53:AY53) -> 14204196 | BC53: =AV53*1.051 -> 6238736 | BD53: =+BC53+(BC53*20.5%) -> 7517676.9 | BE53: =VLOOKUP(B53,[1]Hoja1!$B$9:$AB$244,27,0) -> 6529600 | BF53: 26119000 | BG53: 36000000 | BH53: 35280000 | BI53: =AVERAGE(BE53:BH53) -> 25982150 | BJ53: =MEDIAN(BE53:BH53) -> 30699500 | BK53: =HARMEAN(BE53:BH53) -> 16157863 | BL53: =BE53*1.051 -> 6862609.6 | BM53: =+BL53+(BL53*20.5%) -> 8269444.6 | BN53: =VLOOKUP(B53,[1]Hoja1!$B$9:$AD$244,29,0) -> 6529600 | BO53: 23320000 | BP53: 36000000 | BQ53: 33120000 | BR53: =AVERAGE(BN53:BQ53) -> 24742400 | BS53: =MEDIAN(BN53:BQ53) -> 28220000 | BT53: =HARMEAN(BN53:BQ53) -> 15747945 | BU53: =BN53*1.051 -> 6862609.6 | BV53: =+BU53+(BU53*20.5%) -> 8269444.6 | BW53: =VLOOKUP(B53,[1]Hoja1!$B$9:$AF$244,31,0) -> 6292160 | BX53: 17980000 | BY53: 30600000 | BZ53: 28458000 | CA53: =AVERAGE(BW53:BZ53) -> 20832540 | CB53: =MEDIAN(BW53:BZ53) -> 23219000 | CC53: =HARMEAN(BW53:BZ53) -> 14166085 | CD53: =BW53*1.051 -> 6613060.2 | CE53: =+CD53+(CD53*20.5%) -> 7968737.5 | CF53: =VLOOKUP(B53,[1]Hoja1!$B$9:$AJ$244,35,0) -> 5936000 | CG53: 16960000 | CH53: 20808000 | CI53: 20183800 | CJ53: =AVERAGE(CF53:CI53) -> 15971950 | CK53: =MEDIAN(CF53:CI53) -> 18571900 | CL53: =HARMEAN(CF53:CI53) -> 12306594 | CM53: =CF53*1.051 -> 6238736 | CN53: =+CM53+(CM53*20.5%) -> 7517676.9 | CO53: =VLOOKUP(B53,[1]Hoja1!$B$9:$AL$244,37,0) -> 6912341 | CP53: 24690000 | CQ53: 30600000 | CR53: 27540000 | CS53: =AVERAGE(CO53:CR53) -> 22435585 | CT53: =MEDIAN(CO53:CR53) -> 26115000 | CU53: =HARMEAN(CO53:CR53) -> 15738020 | CV53: =CO53*1.051 -> 7264870.4 | CW53: =+CV53+(CV53*20.5%) -> 8754168.8 | CX53: =VLOOKUP(B53,[1]Hoja1!$B$9:$AN$244,39,0) -> 7081617 | CY53: 23270000 | CZ53: 34200000 | DA53: 31464000 | DB53: =AVERAGE(CX53:DA53) -> 24003904 | DC53: =MEDIAN(CX53:DA53) -> 27367000 | DD53: =HARMEAN(CX53:DA53) -> 16312775 | DE53: =CX53*1.051 -> 7442779.5 | DF53: =+DE53+(DE53*20.5%) -> 8968549.3 | DG53: =VLOOKUP(B53,[1]Hoja1!$B$9:$AR$244,43,0) -> 5936000 | DH53: 20352000 | DI53: 27000000 | DJ53: 25650000 | DK53: =AVERAGE(DG53:DJ53) -> 19734500 | DL53: =MEDIAN(DG53:DJ53) -> 23001000 | DM53: =HARMEAN(DG53:DJ53) -> 13622947 | DN53: =DG53*1.051 -> 6238736 | DO53: =+DN53+(DN53*20.5%) -> 7517676.9 | DP53: =VLOOKUP(B53,[1]Hoja1!$B$9:$AT$244,45,0) -> 9450000 | DQ53: 34560000 | DR53: 27000000 | DS53: 25650000 | DT53: =AVERAGE(DP53:DS53) -> 24165000 | DU53: =MEDIAN(DP53:DS53) -> 26325000 | DV53: =HARMEAN(DP53:DS53) -> 18977251 | DW53: =DP53*1.051 -> 9931950 | DX53: =+DW53+(DW53*20.5%) -> 11968000 | DY53: =VLOOKUP(B53,[1]Hoja1!$B$9:$AV$244,47,0) -> 6529600 | DZ53: 22390000 | EA53: 30600000 | EB53: 29070000 | EC53: =AVERAGE(DY53:EB53) -> 22147400 | ED53: =MEDIAN(DY53:EB53) -> 25730000 | EE53: =HARMEAN(DY53:EB53) -> 15100551 | EF53: =DY53*1.051 -> 6862609.6 | EG53: =+EF53+(EF53*20.5%) -> 8269444.6 | EH53: =VLOOKUP(B53,[1]Hoja1!$B$9:$AX$244,49,0) -> 5936000 | EI53: 21200000 | EJ53: 40500000 | EK53: 37665000 | EL53: =AVERAGE(EH53:EK53) -> 26325250 | EM53: =MEDIAN(EH53:EK53) -> 29432500 | EN53: =HARMEAN(EH53:EK53) -> 14988311 | EO53: =EH53*1.051 -> 6238736 | EP53: =+EO53+(EO53*20.5%) -> 7517676.9 | EQ53: =VLOOKUP(B53,[1]Hoja1!$B$9:$AZ$244,51,0) -> 5936000 | ER53: 19504000 | ES53: 40500000 | ET53: 37665000 | EU53: =AVERAGE(EQ53:ET53) -> 25901250 | EV53: =MEDIAN(EQ53:ET53) -> 28584500 | EW53: =HARMEAN(EQ53:ET53) -> 14761436 | EX53: =EQ53*1.2081 -> 7171281.6 | EY53: =+EX53+(EX53*20.5%) -> 8641394.3 | EZ53: =VLOOKUP(B53,'[2]RESPUESTOS '!$B$11:$BH$246,59,0) -> 6554757 | FA53: 23880000 | FB53: 36000000 | FC53: 33120000 | FD53: =AVERAGE(EZ53:FC53) -> 24888689 | FE53: =MEDIAN(EZ53:FC53) -> 28500000 | FF53: =HARMEAN(EZ53:FC53) -> 15847357 | FG53: =EZ53*1.2081 -> 7918801.9 | FH53: =+FG53+(FG53*20.5%) -> 9542156.3 | FI53: =VLOOKUP(B53,'[2]RESPUESTOS '!$B$11:$CJ$246,87,0) -> 5410230 | FJ53: 28656000 | FK53: 30000000 | FL53: 28500000 | FM53: =AVERAGE(FI53:FL53) -> 23141558 | FN53: =MEDIAN(FI53:FL53) -> 28578000 | FO53: =HARMEAN(FI53:FL53) -> 13881525 | FP53: =FI53*1.2081 -> 6536098.9 | FQ53: =+FP53+(FP53*20.5%) -> 7875999.1 | FR53: 0 | FS53: 23880000 | FT53: NO APLICA | FU53: NO APLICA | FV53: =AVERAGE(FR53:FU53) -> 11940000 | FW53: =MEDIAN(FR53:FU53) -> 11940000 | FX53: =HARMEAN(FS53:FU53) -> 23880000 | FY53: =FR53*1.2081 -> 0 | FZ53: =+FY53+(FY53*20.5%) -> 0 | GA53: =VLOOKUP(B53,'[2]RESPUESTOS '!$B$11:$CN$246,91,0) -> 6185764 | GB53: 27462000 | GC53: 34000000 | GD53: 33660000 | GE53: =AVERAGE(GA53:GD53) -> 25326941 | GF53: =MEDIAN(GA53:GD53) -> 30561000 | GG53: =HARMEAN(GA53:GD53) -> 15552336 | GH53: =GA53*1.2081 -> 7473021.5 | GI53: =+GH53+(GH53*20.5%) -> 9004990.9 | GJ53: 0 | GK53: 23270000 | GL53: NO APLICA | GM53: NO APLICA | GN53: =AVERAGE(GJ53:GM53) -> 11635000 | GO53: =MEDIAN(GJ53:GM53) -> 11635000 | GP53: =HARMEAN(GK53:GM53) -> 23270000 | GQ53: =GJ53*1.2081 -> 0 | GR53: =+GQ53+(GQ53*20.5%) -> 0 | GS53: 0 | GT53: 16960000 | GU53: NO APLICA | GV53: NO APLICA | GW53: =AVERAGE(GS53:GV53) -> 8480000 | GX53: =MEDIAN(GS53:GV53) -> 8480000 | GY53: =HARMEAN(GT53:GV53) -> 16960000 | GZ53: =GS53*1.2081 -> 0 | HA53: =+GZ53+(GZ53*20.5%) -> 0 | HB53: 0 | HC53: 16960000 | HD53: NO APLICA | HE53: NO APLICA | HF53: =AVERAGE(HB53:HE53) -> 8480000 | HG53: =MEDIAN(HB53:HE53) -> 8480000 | HH53: =HARMEAN(HC53:HE53) -> 16960000 | HI53: =HB53*1.2081 -> 0 | HJ53: =+HI53+(HI53*20.5%) -> 0 | HK53: =VLOOKUP(B53,'[2]RESPUESTOS '!$B$11:$CB$246,79,0) -> 5869900 | HL53: 21200000 | HM53: 32000000 | HN53: 29440000 | HO53: =AVERAGE(HK53:HN53) -> 22127475 | HP53: =MEDIAN(HK53:HN53) -> 25320000 | HQ53: =HARMEAN(HK53:HN53) -> 14146880 | HR53: =HK53*1.2081 -> 7091426.2 | HS53: =+HR53+(HR53*20.5%) -> 8545168.6 | HT53: 28491750 | HU53: 21200000 | HV53: 45000000 | HW53: 40500000 | HX53: =AVERAGE(HU53:HW53) -> 35566667 | HY53: =MEDIAN(HU53:HW53) -> 40500000 | HZ53: =HARMEAN(HU53:HW53) -> 31886606 | IA53: =HT53*1.2081 -> 34420883 | IB53: =+IA53+(IA53*20.5%) -> 41477164 | IC53: 30375000 | ID53: 23880000 | IE53: 45000000 | IF53: 44100000 | IG53: =AVERAGE(ID53:IF53) -> 37660000 | IH53: =MEDIAN(ID53:IF53) -> 44100000 | II53: =HARMEAN(ID53:IF53) -> 34572565 | IJ53: =IC53*1.2081 -> 36696038 | IK53: =+IJ53+(IJ53*20.5%) -> 44218725 | IM53: =(K53+T53+AC53+AL53+AU53+BD53+BM53+BV53+CE53+CN53+CW53+DF53+DO53+DX53+EG53+EP53+EY53+FH53+FQ53+FZ53+GI53+GR53+HA53+HJ53+HS53+IB53+IK53)/27 -> 9757088
A54: 47 | B54: BOMBILLO 1 FILAMENTO | C54: =VLOOKUP(B54,[1]Hoja1!$B$9:$D$244,3,0) -> 11688 | D54: 43000 | E54: 65000 | F54: 59800 | G54: =AVERAGE(C54:F54) -> 44872 | H54: =MEDIAN(C54:F54) -> 51400 | I54: =HARMEAN(C54:F54) -> 28384.763 | J54: =C54*1.051 -> 12284.088 | K54: =+J54+(J54*20.5%) -> 14802.326 | L54: =VLOOKUP(B54,[1]Hoja1!$B$9:$L$244,11,0) -> 10696 | M54: 40000 | N54: 65000 | O54: 58500 | P54: =AVERAGE(L54:O54) -> 43549 | Q54: =MEDIAN(L54:O54) -> 49250 | R54: =HARMEAN(L54:O54) -> 26495.062 | S54: =L54*1.051 -> 11241.496 | T54: =+S54+(S54*20.5%) -> 13546.003 | U54: =VLOOKUP(B54,[1]Hoja1!$B$9:$T$244,19,0) -> 11023 | V54: 41000 | W54: 52000 | X54: 50400 | Y54: =AVERAGE(U54:X54) -> 38605.75 | Z54: =MEDIAN(U54:X54) -> 45700 | AA54: =HARMEAN(U54:X54) -> 25943.418 | AB54: =U54*1.051 -> 11585.173 | AC54: =+AB54+(AB54*20.5%) -> 13960.133 | AD54: =VLOOKUP(B54,[1]Hoja1!$B$9:$V$244,21,0) -> 12005 | AE54: 43000 | AF54: 49400 | AG54: 47900 | AH54: =AVERAGE(AD54:AG54) -> 38076.25 | AI54: =MEDIAN(AD54:AG54) -> 45450 | AJ54: =HARMEAN(AD54:AG54) -> 27086.658 | AK54: =AD54*1.051 -> 12617.255 | AL54: =+AK54+(AK54*20.5%) -> 15203.792 | AM54: =VLOOKUP(B54,[1]Hoja1!$B$9:$X$244,23,0) -> 11296 | AN54: 41000 | AO54: 44200 | AP54: 43300 | AQ54: =AVERAGE(AM54:AP54) -> 34949 | AR54: =MEDIAN(AM54:AP54) -> 42150 | AS54: =HARMEAN(AM54:AP54) -> 25214.913 | AT54: =AM54*1.051 -> 11872.096 | AU54: =+AT54+(AT54*20.5%) -> 14305.876 | AV54: =VLOOKUP(B54,[1]Hoja1!$B$9:$Z$244,25,0) -> 9100 | AW54: 34000 | AX54: 44200 | AY54: 42400 | AZ54: =AVERAGE(AV54:AY54) -> 32425 | BA54: =MEDIAN(AV54:AY54) -> 38200 | BB54: =HARMEAN(AV54:AY54) -> 21562.039 | BC54: =AV54*1.051 -> 9564.1 | BD54: =+BC54+(BC54*20.5%) -> 11524.74 | BE54: =VLOOKUP(B54,[1]Hoja1!$B$9:$AB$244,27,0) -> 10010 | BF54: 41000 | BG54: 52000 | BH54: 49400 | BI54: =AVERAGE(BE54:BH54) -> 38102.5 | BJ54: =MEDIAN(BE54:BH54) -> 45200 | BK54: =HARMEAN(BE54:BH54) -> 24425.388 | BL54: =BE54*1.051 -> 10520.51 | BM54: =+BL54+(BL54*20.5%) -> 12677.215 | BN54: =VLOOKUP(B54,[1]Hoja1!$B$9:$AD$244,29,0) -> 10010 | BO54: 36000 | BP54: 52000 | BQ54: 51000 | BR54: =AVERAGE(BN54:BQ54) -> 37252.5 | BS54: =MEDIAN(BN54:BQ54) -> 43500 | BT54: =HARMEAN(BN54:BQ54) -> 24021.645 | BU54: =BN54*1.051 -> 10520.51 | BV54: =+BU54+(BU54*20.5%) -> 12677.215 | BW54: =VLOOKUP(B54,[1]Hoja1!$B$9:$AF$244,31,0) -> 9527 | BX54: 30000 | BY54: 44200 | BZ54: 41500 | CA54: =AVERAGE(BW54:BZ54) -> 31306.75 | CB54: =MEDIAN(BW54:BZ54) -> 35750 | CC54: =HARMEAN(BW54:BZ54) -> 21619.402 | CD54: =BW54*1.051 -> 10012.877 | CE54: =+CD54+(CD54*20.5%) -> 12065.517 | CF54: =VLOOKUP(B54,[1]Hoja1!$B$9:$AJ$244,35,0) -> 9100 | CG54: 30000 | CH54: 30100 | CI54: 27700 | CJ54: =AVERAGE(CF54:CI54) -> 24225 | CK54: =MEDIAN(CF54:CI54) -> 28850 | CL54: =HARMEAN(CF54:CI54) -> 18819.357 | CM54: =CF54*1.051 -> 9564.1 | CN54: =+CM54+(CM54*20.5%) -> 11524.74 | CO54: =VLOOKUP(B54,[1]Hoja1!$B$9:$AL$244,37,0) -> 9372 | CP54: 40000 | CQ54: 44200 | CR54: 42400 | CS54: =AVERAGE(CO54:CR54) -> 33993 | CT54: =MEDIAN(CO54:CR54) -> 41200 | CU54: =HARMEAN(CO54:CR54) -> 22483.259 | CV54: =CO54*1.051 -> 9849.972 | CW54: =+CV54+(CV54*20.5%) -> 11869.216 | CX54: =VLOOKUP(B54,[1]Hoja1!$B$9:$AN$244,39,0) -> 10952 | CY54: 40000 | CZ54: 49400 | DA54: 44000 | DB54: =AVERAGE(CX54:DA54) -> 36088 | DC54: =MEDIAN(CX54:DA54) -> 42000 | DD54: =HARMEAN(CX54:DA54) -> 25113.369 | DE54: =CX54*1.051 -> 11510.552 | DF54: =+DE54+(DE54*20.5%) -> 13870.215 | DG54: =VLOOKUP(B54,[1]Hoja1!$B$9:$AR$244,43,0) -> 13318 | DH54: 46000 | DI54: 39000 | DJ54: 35100 | DK54: =AVERAGE(DG54:DJ54) -> 33354.5 | DL54: =MEDIAN(DG54:DJ54) -> 37050 | DM54: =HARMEAN(DG54:DJ54) -> 26497.694 | DN54: =DG54*1.051 -> 13997.218 | DO54: =+DN54+(DN54*20.5%) -> 16866.648 | DP54: =VLOOKUP(B54,[1]Hoja1!$B$9:$AT$244,45,0) -> 13650 | DQ54: 50000 | DR54: 39000 | DS54: 37400 | DT54: =AVERAGE(DP54:DS54) -> 35012.5 | DU54: =MEDIAN(DP54:DS54) -> 38200 | DV54: =HARMEAN(DP54:DS54) -> 27465.158 | DW54: =DP54*1.051 -> 14346.15 | DX54: =+DW54+(DW54*20.5%) -> 17287.111 | DY54: =VLOOKUP(B54,[1]Hoja1!$B$9:$AV$244,47,0) -> 15470 | DZ54: 60000 | EA54: 44200 | EB54: 42400 | EC54: =AVERAGE(DY54:EB54) -> 40517.5 | ED54: =MEDIAN(DY54:EB54) -> 43300 | EE54: =HARMEAN(DY54:EB54) -> 31368.306 | EF54: =DY54*1.051 -> 16258.97 | EG54: =+EF54+(EF54*20.5%) -> 19592.059 | EH54: =VLOOKUP(B54,[1]Hoja1!$B$9:$AX$244,49,0) -> 15705 | EI54: 57000 | EJ54: 58500 | EK54: 55000 | EL54: =AVERAGE(EH54:EK54) -> 46551.25 | EM54: =MEDIAN(EH54:EK54) -> 56000 | EN54: =HARMEAN(EH54:EK54) -> 34336.625 | EO54: =EH54*1.051 -> 16505.955 | EP54: =+EO54+(EO54*20.5%) -> 19889.676 | EQ54: =VLOOKUP(B54,[1]Hoja1!$B$9:$AZ$244,51,0) -> 13318 | ER54: 44000 | ES54: 58500 | ET54: 55000 | EU54: =AVERAGE(EQ54:ET54) -> 42704.5 | EV54: =MEDIAN(EQ54:ET54) -> 49500 | EW54: =HARMEAN(EQ54:ET54) -> 30054.973 | EX54: =EQ54*1.2081 -> 16089.476 | EY54: =+EX54+(EX54*20.5%) -> 19387.818 | EZ54: =VLOOKUP(B54,'[2]RESPUESTOS '!$B$11:$BH$246,59,0) -> 8007 | FA54: 41000 | FB54: 44400 | FC54: 43500 | FD54: =AVERAGE(EZ54:FC54) -> 34226.75 | FE54: =MEDIAN(EZ54:FC54) -> 42250 | FF54: =HARMEAN(EZ54:FC54) -> 20534.725 | FG54: =EZ54*1.2081 -> 9673.2567 | FH54: =+FG54+(FG54*20.5%) -> 11656.274 | FI54: =VLOOKUP(B54,'[2]RESPUESTOS '!$B$11:$CJ$246,87,0) -> 8088 | FJ54: 49200 | FK54: 44000 | FL54: 42200 | FM54: =AVERAGE(FI54:FL54) -> 35872 | FN54: =MEDIAN(FI54:FL54) -> 43100 | FO54: =HARMEAN(FI54:FL54) -> 21009.604 | FP54: =FI54*1.2081 -> 9771.1128 | FQ54: =+FP54+(FP54*20.5%) -> 11774.191 | FR54: =VLOOKUP(B54,'[2]RESPUESTOS '!$B$11:$BX$246,75,0) -> 7360 | FS54: 41000 | FT54: 39800 | FU54: 37800 | FV54: =AVERAGE(FR54:FU54) -> 31490 | FW54: =MEDIAN(FR54:FU54) -> 38800 | FX54: =HARMEAN(FR54:FU54) -> 18882.134 | FY54: =FR54*1.2081 -> 8891.616 | FZ54: =+FY54+(FY54*20.5%) -> 10714.397 | GA54: =VLOOKUP(B54,'[2]RESPUESTOS '!$B$11:$CN$246,91,0) -> 9666 | GB54: 48000 | GC54: 52000 | GD54: 50400 | GE54: =AVERAGE(GA54:GD54) -> 40016.5 | GF54: =MEDIAN(GA54:GD54) -> 49200 | GG54: =HARMEAN(GA54:GD54) -> 24485.681 | GH54: =GA54*1.2081 -> 11677.495 | GI54: =+GH54+(GH54*20.5%) -> 14071.381 | GJ54: =VLOOKUP(B54,'[2]RESPUESTOS '!$B$11:$T$246,19,0) -> 8237 | GK54: 40000 | GL54: 40600 | GM54: 39800 | GN54: =AVERAGE(GJ54:GM54) -> 32159.25 | GO54: =MEDIAN(GJ54:GM54) -> 39900 | GP54: =HARMEAN(GJ54:GM54) -> 20391.559 | GQ54: =GJ54*1.2081 -> 9951.1197 | GR54: =+GQ54+(GQ54*20.5%) -> 11991.099 | GS54: =VLOOKUP(B54,'[2]RESPUESTOS '!$B$11:$H$246,7,0) -> 6926 | GT54: 30000 | GU54: 24400 | GV54: 22900 | GW54: =AVERAGE(GS54:GV54) -> 21056.5 | GX54: =MEDIAN(GS54:GV54) -> 23650 | GY54: =HARMEAN(GS54:GV54) -> 15245.73 | GZ54: =GS54*1.2081 -> 8367.3006 | HA54: =+GZ54+(GZ54*20.5%) -> 10082.597 | HB54: =VLOOKUP(B54,'[2]RESPUESTOS '!$B$11:$D$246,3,0) -> 6453 | HC54: 30000 | HD54: 24400 | HE54: 22400 | HF54: =AVERAGE(HB54:HE54) -> 20813.25 | HG54: =MEDIAN(HB54:HE54) -> 23400 | HH54: =HARMEAN(HB54:HE54) -> 14602.458 | HI54: =HB54*1.2081 -> 7795.8693 | HJ54: =+HI54+(HI54*20.5%) -> 9394.0225 | HK54: =VLOOKUP(B54,'[2]RESPUESTOS '!$B$11:$CB$246,79,0) -> 9606 | HL54: 57000 | HM54: 52000 | HN54: 51000 | HO54: =AVERAGE(HK54:HN54) -> 42401.5 | HP54: =MEDIAN(HK54:HN54) -> 51500 | HQ54: =HARMEAN(HK54:HN54) -> 24924.591 | HR54: =HK54*1.2081 -> 11605.009 | HS54: =+HR54+(HR54*20.5%) -> 13984.035 | HT54: 52678.08 | HU54: 57000 | HV54: 65000 | HW54: 62400 | HX54: =AVERAGE(HU54:HW54) -> 61466.667 | HY54: =MEDIAN(HU54:HW54) -> 62400 | HZ54: =HARMEAN(HU54:HW54) -> 61281.875 | IA54: =HT54*1.2081 -> 63640.388 | IB54: =+IA54+(IA54*20.5%) -> 76686.668 | IC54: 56160 | ID54: 41000 | IE54: 65000 | IF54: 63100 | IG54: =AVERAGE(ID54:IF54) -> 56366.667 | IH54: =MEDIAN(ID54:IF54) -> 63100 | II54: =HARMEAN(ID54:IF54) -> 53934.795 | IJ54: =IC54*1.2081 -> 67846.896 | IK54: =+IJ54+(IJ54*20.5%) -> 81755.51 | IM54: =(K54+T54+AC54+AL54+AU54+BD54+BM54+BV54+CE54+CN54+CW54+DF54+DO54+DX54+EG54+EP54+EY54+FH54+FQ54+FZ54+GI54+GR54+HA54+HJ54+HS54+IB54+IK54)/27 -> 18635.573
A55: 48 | B55: BOMBILLO 2 FILAMENTOS | C55: =VLOOKUP(B55,[1]Hoja1!$B$9:$D$244,3,0) -> 11940 | D55: 44000 | E55: 67500 | F55: 66200 | G55: =AVERAGE(C55:F55) -> 47410 | H55: =MEDIAN(C55:F55) -> 55100 | I55: =HARMEAN(C55:F55) -> 29325.53 | J55: =C55*1.051 -> 12548.94 | K55: =+J55+(J55*20.5%) -> 15121.473 | L55: =VLOOKUP(B55,[1]Hoja1!$B$9:$L$244,11,0) -> 10629 | M55: 40000 | N55: 67500 | O55: 64800 | P55: =AVERAGE(L55:O55) -> 45732.25 | Q55: =MEDIAN(L55:O55) -> 52400 | R55: =HARMEAN(L55:O55) -> 26786.466 | S55: =L55*1.051 -> 11171.079 | T55: =+S55+(S55*20.5%) -> 13461.15 | U55: =VLOOKUP(B55,[1]Hoja1!$B$9:$T$244,19,0) -> 10920 | V55: 40000 | W55: 54000 | X55: 52900 | Y55: =AVERAGE(U55:X55) -> 39455 | Z55: =MEDIAN(U55:X55) -> 46450 | AA55: =HARMEAN(U55:X55) -> 25974.498 | AB55: =U55*1.051 -> 11476.92 | AC55: =+AB55+(AB55*20.5%) -> 13829.689 | AD55: =VLOOKUP(B55,[1]Hoja1!$B$9:$V$244,21,0) -> 12258 | AE55: 44000 | AF55: 51300 | AG55: 50300 | AH55: =AVERAGE(AD55:AG55) -> 39464.5 | AI55: =MEDIAN(AD55:AG55) -> 47150 | AJ55: =HARMEAN(AD55:AG55) -> 27839.539 | AK55: =AD55*1.051 -> 12883.158 | AL55: =+AK55+(AK55*20.5%) -> 15524.205 | AM55: =VLOOKUP(B55,[1]Hoja1!$B$9:$X$244,23,0) -> 11548 | AN55: 42000 | AO55: 45900 | AP55: 43600 | AQ55: =AVERAGE(AM55:AP55) -> 35762 | AR55: =MEDIAN(AM55:AP55) -> 42800 | AS55: =HARMEAN(AM55:AP55) -> 25785.345 | AT55: =AM55*1.051 -> 12136.948 | AU55: =+AT55+(AT55*20.5%) -> 14625.022 | AV55: =VLOOKUP(B55,[1]Hoja1!$B$9:$Z$244,25,0) -> 8750 | AW55: 32000 | AX55: 45900 | AY55: 44500 | AZ55: =AVERAGE(AV55:AY55) -> 32787.5 | BA55: =MEDIAN(AV55:AY55) -> 38250 | BB55: =HARMEAN(AV55:AY55) -> 21075.469 | BC55: =AV55*1.051 -> 9196.25 | BD55: =+BC55+(BC55*20.5%) -> 11081.481 | BE55: =VLOOKUP(B55,[1]Hoja1!$B$9:$AB$244,27,0) -> 9625 | BF55: 39000 | BG55: 54000 | BH55: 51800 | BI55: =AVERAGE(BE55:BH55) -> 38606.25 | BJ55: =MEDIAN(BE55:BH55) -> 45400 | BK55: =HARMEAN(BE55:BH55) -> 23900.478 | BL55: =BE55*1.051 -> 10115.875 | BM55: =+BL55+(BL55*20.5%) -> 12189.629 | BN55: =VLOOKUP(B55,[1]Hoja1!$B$9:$AD$244,29,0) -> 9625 | BO55: 35000 | BP55: 54000 | BQ55: 51300 | BR55: =AVERAGE(BN55:BQ55) -> 37481.25 | BS55: =MEDIAN(BN55:BQ55) -> 43150 | BT55: =HARMEAN(BN55:BQ55) -> 23463.269 | BU55: =BN55*1.051 -> 10115.875 | BV55: =+BU55+(BU55*20.5%) -> 12189.629 | BW55: =VLOOKUP(B55,[1]Hoja1!$B$9:$AF$244,31,0) -> 8943 | BX55: 30000 | BY55: 45900 | BZ55: 44500 | CA55: =AVERAGE(BW55:BZ55) -> 32335.75 | CB55: =MEDIAN(BW55:BZ55) -> 37250 | CC55: =HARMEAN(BW55:BZ55) -> 21118.094 | CD55: =BW55*1.051 -> 9399.093 | CE55: =+CD55+(CD55*20.5%) -> 11325.907 | CF55: =VLOOKUP(B55,[1]Hoja1!$B$9:$AJ$244,35,0) -> 8750 | CG55: 30000 | CH55: 31200 | CI55: 30600 | CJ55: =AVERAGE(CF55:CI55) -> 25137.5 | CK55: =MEDIAN(CF55:CI55) -> 30300 | CL55: =HARMEAN(CF55:CI55) -> 18836.82 | CM55: =CF55*1.051 -> 9196.25 | CN55: =+CM55+(CM55*20.5%) -> 11081.481 | CO55: =VLOOKUP(B55,[1]Hoja1!$B$9:$AL$244,37,0) -> 9434 | CP55: 40000 | CQ55: 45900 | CR55: 41300 | CS55: =AVERAGE(CO55:CR55) -> 34158.5 | CT55: =MEDIAN(CO55:CR55) -> 40650 | CU55: =HARMEAN(CO55:CR55) -> 22598.979 | CV55: =CO55*1.051 -> 9915.134 | CW55: =+CV55+(CV55*20.5%) -> 11947.736 | CX55: =VLOOKUP(B55,[1]Hoja1!$B$9:$AN$244,39,0) -> 11641 | CY55: 40000 | CZ55: 51300 | DA55: 49000 | DB55: =AVERAGE(CX55:DA55) -> 37985.25 | DC55: =MEDIAN(CX55:DA55) -> 44500 | DD55: =HARMEAN(CX55:DA55) -> 26524.387 | DE55: =CX55*1.051 -> 12234.691 | DF55: =+DE55+(DE55*20.5%) -> 14742.803 | DG55: =VLOOKUP(B55,[1]Hoja1!$B$9:$AR$244,43,0) -> 13514 | DH55: 47000 | DI55: 40500 | DJ55: 38900 | DK55: =AVERAGE(DG55:DJ55) -> 34978.5 | DL55: =MEDIAN(DG55:DJ55) -> 39700 | DM55: =HARMEAN(DG55:DJ55) -> 27458.905 | DN55: =DG55*1.051 -> 14203.214 | DO55: =+DN55+(DN55*20.5%) -> 17114.873 | DP55: =VLOOKUP(B55,[1]Hoja1!$B$9:$AT$244,45,0) -> 14175 | DQ55: 52000 | DR55: 40500 | DS55: 40100 | DT55: =AVERAGE(DP55:DS55) -> 36693.75 | DU55: =MEDIAN(DP55:DS55) -> 40300 | DV55: =HARMEAN(DP55:DS55) -> 28693.062 | DW55: =DP55*1.051 -> 14897.925 | DX55: =+DW55+(DW55*20.5%) -> 17952 | DY55: =VLOOKUP(B55,[1]Hoja1!$B$9:$AV$244,47,0) -> 16065 | DZ55: 60000 | EA55: 45900 | EB55: 45400 | EC55: =AVERAGE(DY55:EB55) -> 41841.25 | ED55: =MEDIAN(DY55:EB55) -> 45650 | EE55: =HARMEAN(DY55:EB55) -> 32592.742 | EF55: =DY55*1.051 -> 16884.315 | EG55: =+EF55+(EF55*20.5%) -> 20345.6 | EH55: =VLOOKUP(B55,[1]Hoja1!$B$9:$AX$244,49,0) -> 15433 | EI55: 56000 | EJ55: 60750 | EK55: 58900 | EL55: =AVERAGE(EH55:EK55) -> 47770.75 | EM55: =MEDIAN(EH55:EK55) -> 57450 | EN55: =HARMEAN(EH55:EK55) -> 34455.375 | EO55: =EH55*1.051 -> 16220.083 | EP55: =+EO55+(EO55*20.5%) -> 19545.2 | EQ55: =VLOOKUP(B55,[1]Hoja1!$B$9:$AZ$244,51,0) -> 13514 | ER55: 45000 | ES55: 60750 | ET55: 57700 | EU55: =AVERAGE(EQ55:ET55) -> 44241 | EV55: =MEDIAN(EQ55:ET55) -> 51350 | EW55: =HARMEAN(EQ55:ET55) -> 30766.512 | EX55: =EQ55*1.2081 -> 16326.263 | EY55: =+EX55+(EX55*20.5%) -> 19673.147 | EZ55: =VLOOKUP(B55,'[2]RESPUESTOS '!$B$11:$BH$246,59,0) -> 7977 | FA55: 40000 | FB55: 43400 | FC55: 42100 | FD55: =AVERAGE(EZ55:FC55) -> 33369.25 | FE55: =MEDIAN(EZ55:FC55) -> 41050 | FF55: =HARMEAN(EZ55:FC55) -> 20288.62 | FG55: =EZ55*1.2081 -> 9637.0137 | FH55: =+FG55+(FG55*20.5%) -> 11612.602 | FI55: =VLOOKUP(B55,'[2]RESPUESTOS '!$B$11:$CJ$246,87,0) -> 8132 | FJ55: 48000 | FK55: 43000 | FL55: 41700 | FM55: =AVERAGE(FI55:FL55) -> 35208 | FN55: =MEDIAN(FI55:FL55) -> 42350 | FO55: =HARMEAN(FI55:FL55) -> 20937.92 | FP55: =FI55*1.2081 -> 9824.2692 | FQ55: =+FP55+(FP55*20.5%) -> 11838.244 | FR55: =VLOOKUP(B55,'[2]RESPUESTOS '!$B$11:$BX$246,75,0) -> 7279 | FS55: 40000 | FT55: 39200 | FU55: 37600 | FV55: =AVERAGE(FR55:FU55) -> 31019.75 | FW55: =MEDIAN(FR55:FU55) -> 38400 | FX55: =HARMEAN(FR55:FU55) -> 18649.109 | FY55: =FR55*1.2081 -> 8793.7599 | FZ55: =+FY55+(FY55*20.5%) -> 10596.481 | GA55: =VLOOKUP(B55,'[2]RESPUESTOS '!$B$11:$CN$246,91,0) -> 9258 | GB55: 46000 | GC55: 51200 | GD55: 48600 | GE55: =AVERAGE(GA55:GD55) -> 38764.5 | GF55: =MEDIAN(GA55:GD55) -> 47300 | GG55: =HARMEAN(GA55:GD55) -> 23548.638 | GH55: =GA55*1.2081 -> 11184.59 | GI55: =+GH55+(GH55*20.5%) -> 13477.431 | GJ55: =VLOOKUP(B55,'[2]RESPUESTOS '!$B$11:$T$246,19,0) -> 7663 | GK55: 40000 | GL55: 39800 | GM55: 37800 | GN55: =AVERAGE(GJ55:GM55) -> 31315.75 | GO55: =MEDIAN(GJ55:GM55) -> 38800 | GP55: =HARMEAN(GJ55:GM55) -> 19316.407 | GQ55: =GJ55*1.2081 -> 9257.6703 | GR55: =+GQ55+(GQ55*20.5%) -> 11155.493 | GS55: =VLOOKUP(B55,'[2]RESPUESTOS '!$B$11:$H$246,7,0) -> 6722 | GT55: 30000 | GU55: 23900 | GV55: 22700 | GW55: =AVERAGE(GS55:GV55) -> 20830.5 | GX55: =MEDIAN(GS55:GV55) -> 23300 | GY55: =HARMEAN(GS55:GV55) -> 14925.794 | GZ55: =GS55*1.2081 -> 8120.8482 | HA55: =+GZ55+(GZ55*20.5%) -> 9785.6221 | HB55: =VLOOKUP(B55,'[2]RESPUESTOS '!$B$11:$D$246,3,0) -> 6209 | HC55: 30000 | HD55: 23900 | HE55: 23400 | HF55: =AVERAGE(HB55:HE55) -> 20877.25 | HG55: =MEDIAN(HB55:HE55) -> 23650 | HH55: =HARMEAN(HB55:HE55) -> 14338.669 | HI55: =HB55*1.2081 -> 7501.0929 | HJ55: =+HI55+(HI55*20.5%) -> 9038.8169 | HK55: =VLOOKUP(B55,'[2]RESPUESTOS '!$B$11:$CB$246,79,0) -> 9314 | HL55: 56000 | HM55: 51200 | HN55: 50000 | HO55: =AVERAGE(HK55:HN55) -> 41628.5 | HP55: =MEDIAN(HK55:HN55) -> 50600 | HQ55: =HARMEAN(HK55:HN55) -> 24278.673 | HR55: =HK55*1.2081 -> 11252.243 | HS55: =+HR55+(HR55*20.5%) -> 13558.953 | HT55: 51327.36 | HU55: 56000 | HV55: 67500 | HW55: 60800 | HX55: =AVERAGE(HU55:HW55) -> 61433.333 | HY55: =MEDIAN(HU55:HW55) -> 60800 | HZ55: =HARMEAN(HU55:HW55) -> 61075.757 | IA55: =HT55*1.2081 -> 62008.584 | IB55: =+IA55+(IA55*20.5%) -> 74720.343 | IC55: 54720 | ID55: 40000 | IE55: 67500 | IF55: 66200 | IG55: =AVERAGE(ID55:IF55) -> 57900 | IH55: =MEDIAN(ID55:IF55) -> 66200 | II55: =HARMEAN(ID55:IF55) -> 54624.357 | IJ55: =IC55*1.2081 -> 66107.232 | IK55: =+IJ55+(IJ55*20.5%) -> 79659.215 | IM55: =(K55+T55+AC55+AL55+AU55+BD55+BM55+BV55+CE55+CN55+CW55+DF55+DO55+DX55+EG55+EP55+EY55+FH55+FQ55+FZ55+GI55+GR55+HA55+HJ55+HS55+IB55+IK55)/27 -> 18414.601
A56: 49 | B56: BOMBILLO COCUYO | C56: =VLOOKUP(B56,[1]Hoja1!$B$9:$D$244,3,0) -> 10954 | D56: 41000 | E56: 61000 | F56: 59200 | G56: =AVERAGE(C56:F56) -> 43038.5 | H56: =MEDIAN(C56:F56) -> 50100 | I56: =HARMEAN(C56:F56) -> 26851.687 | J56: =C56*1.051 -> 11512.654 | K56: =+J56+(J56*20.5%) -> 13872.748 | L56: =VLOOKUP(B56,[1]Hoja1!$B$9:$L$244,11,0) -> 10200 | M56: 38000 | N56: 61000 | O56: 58000 | P56: =AVERAGE(L56:O56) -> 41800 | Q56: =MEDIAN(L56:O56) -> 48000 | R56: =HARMEAN(L56:O56) -> 25318.086 | S56: =L56*1.051 -> 10720.2 | T56: =+S56+(S56*20.5%) -> 12917.841 | U56: =VLOOKUP(B56,[1]Hoja1!$B$9:$T$244,19,0) -> 10686 | V56: 40000 | W56: 48800 | X56: 46400 | Y56: =AVERAGE(U56:X56) -> 36471.5 | Z56: =MEDIAN(U56:X56) -> 43200 | AA56: =HARMEAN(U56:X56) -> 24902.892 | AB56: =U56*1.051 -> 11230.986 | AC56: =+AB56+(AB56*20.5%) -> 13533.338 | AD56: =VLOOKUP(B56,[1]Hoja1!$B$9:$V$244,21,0) -> 11739 | AE56: 42000 | AF56: 46360 | AG56: 44000 | AH56: =AVERAGE(AD56:AG56) -> 36024.75 | AI56: =MEDIAN(AD56:AG56) -> 43000 | AJ56: =HARMEAN(AD56:AG56) -> 26093.778 | AK56: =AD56*1.051 -> 12337.689 | AL56: =+AK56+(AK56*20.5%) -> 14866.915 | AM56: =VLOOKUP(B56,[1]Hoja1!$B$9:$X$244,23,0) -> 11094 | AN56: 40000 | AO56: 41480 | AP56: 39000 | AQ56: =AVERAGE(AM56:AP56) -> 32893.5 | AR56: =MEDIAN(AM56:AP56) -> 39500 | AS56: =HARMEAN(AM56:AP56) -> 24258.914 | AT56: =AM56*1.051 -> 11659.794 | AU56: =+AT56+(AT56*20.5%) -> 14050.052 | AV56: =VLOOKUP(B56,[1]Hoja1!$B$9:$Z$244,25,0) -> 8765 | AW56: 33000 | AX56: 41480 | AY56: 38600 | AZ56: =AVERAGE(AV56:AY56) -> 30461.25 | BA56: =MEDIAN(AV56:AY56) -> 35800 | BB56: =HARMEAN(AV56:AY56) -> 20575.295 | BC56: =AV56*1.051 -> 9212.015 | BD56: =+BC56+(BC56*20.5%) -> 11100.478 | BE56: =VLOOKUP(B56,[1]Hoja1!$B$9:$AB$244,27,0) -> 9625 | BF56: 39000 | BG56: 48800 | BH56: 48300 | BI56: =AVERAGE(BE56:BH56) -> 36431.25 | BJ56: =MEDIAN(BE56:BH56) -> 43650 | BK56: =HARMEAN(BE56:BH56) -> 23428.412 | BL56: =BE56*1.051 -> 10115.875 | BM56: =+BL56+(BL56*20.5%) -> 12189.629 | BN56: =VLOOKUP(B56,[1]Hoja1!$B$9:$AD$244,29,0) -> 9625 | BO56: 35000 | BP56: 48800 | BQ56: 47300 | BR56: =AVERAGE(BN56:BQ56) -> 35181.25 | BS56: =MEDIAN(BN56:BQ56) -> 41150 | BT56: =HARMEAN(BN56:BQ56) -> 22975.172 | BU56: =BN56*1.051 -> 10115.875 | BV56: =+BU56+(BU56*20.5%) -> 12189.629 | BW56: =VLOOKUP(B56,[1]Hoja1!$B$9:$AF$244,31,0) -> 9169 | BX56: 30000 | BY56: 41480 | BZ56: 39400 | CA56: =AVERAGE(BW56:BZ56) -> 30012.25 | CB56: =MEDIAN(BW56:BZ56) -> 34700 | CC56: =HARMEAN(BW56:BZ56) -> 20845.798 | CD56: =BW56*1.051 -> 9636.619 | CE56: =+CD56+(CD56*20.5%) -> 11612.126 | CF56: =VLOOKUP(B56,[1]Hoja1!$B$9:$AJ$244,35,0) -> 8920 | CG56: 30000 | CH56: 28200 | CI56: 25900 | CJ56: =AVERAGE(CF56:CI56) -> 23255 | CK56: =MEDIAN(CF56:CI56) -> 27050 | CL56: =HARMEAN(CF56:CI56) -> 18222.239 | CM56: =CF56*1.051 -> 9374.92 | CN56: =+CM56+(CM56*20.5%) -> 11296.779 | CO56: =VLOOKUP(B56,[1]Hoja1!$B$9:$AL$244,37,0) -> 9085 | CP56: 40000 | CQ56: 41480 | CR56: 39800 | CS56: =AVERAGE(CO56:CR56) -> 32591.25 | CT56: =MEDIAN(CO56:CR56) -> 39900 | CU56: =HARMEAN(CO56:CR56) -> 21703.134 | CV56: =CO56*1.051 -> 9548.335 | CW56: =+CV56+(CV56*20.5%) -> 11505.744 | CX56: =VLOOKUP(B56,[1]Hoja1!$B$9:$AN$244,39,0) -> 10655 | CY56: 40000 | CZ56: 46360 | DA56: 43000 | DB56: =AVERAGE(CX56:DA56) -> 35003.75 | DC56: =MEDIAN(CX56:DA56) -> 41500 | DD56: =HARMEAN(CX56:DA56) -> 24438.109 | DE56: =CX56*1.051 -> 11198.405 | DF56: =+DE56+(DE56*20.5%) -> 13494.078 | DG56: =VLOOKUP(B56,[1]Hoja1!$B$9:$AR$244,43,0) -> 12810 | DH56: 44000 | DI56: 36600 | DJ56: 32900 | DK56: =AVERAGE(DG56:DJ56) -> 31577.5 | DL56: =MEDIAN(DG56:DJ56) -> 34750 | DM56: =HARMEAN(DG56:DJ56) -> 25235.188 | DN56: =DG56*1.051 -> 13463.31 | DO56: =+DN56+(DN56*20.5%) -> 16223.289 | DP56: =VLOOKUP(B56,[1]Hoja1!$B$9:$AT$244,45,0) -> 12810 | DQ56: 47000 | DR56: 36600 | DS56: 35500 | DT56: =AVERAGE(DP56:DS56) -> 32977.5 | DU56: =MEDIAN(DP56:DS56) -> 36050 | DV56: =HARMEAN(DP56:DS56) -> 25834.448 | DW56: =DP56*1.051 -> 13463.31 | DX56: =+DW56+(DW56*20.5%) -> 16223.289 | DY56: =VLOOKUP(B56,[1]Hoja1!$B$9:$AV$244,47,0) -> 14518 | DZ56: 50000 | EA56: 41480 | EB56: 40200 | EC56: =AVERAGE(DY56:EB56) -> 36549.5 | ED56: =MEDIAN(DY56:EB56) -> 40840 | EE56: =HARMEAN(DY56:EB56) -> 29014.177 | EF56: =DY56*1.051 -> 15258.418 | EG56: =+EF56+(EF56*20.5%) -> 18386.394 | EH56: =VLOOKUP(B56,[1]Hoja1!$B$9:$AX$244,49,0) -> 14415 | EI56: 52000 | EJ56: 54900 | EK56: 52200 | EL56: =AVERAGE(EH56:EK56) -> 43378.75 | EM56: =MEDIAN(EH56:EK56) -> 52100 | EN56: =HARMEAN(EH56:EK56) -> 31752.338 | EO56: =EH56*1.051 -> 15150.165 | EP56: =+EO56+(EO56*20.5%) -> 18255.949 | EQ56: =VLOOKUP(B56,[1]Hoja1!$B$9:$AZ$244,51,0) -> 13535 | ER56: 45000 | ES56: 54900 | ET56: 52700 | EU56: =AVERAGE(EQ56:ET56) -> 41533.75 | EV56: =MEDIAN(EQ56:ET56) -> 48850 | EW56: =HARMEAN(EQ56:ET56) -> 30008.624 | EX56: =EQ56*1.2081 -> 16351.633 | EY56: =+EX56+(EX56*20.5%) -> 19703.718 | EZ56: =VLOOKUP(B56,'[2]RESPUESTOS '!$B$11:$BH$246,59,0) -> 7754 | FA56: 40000 | FB56: 41000 | FC56: 40200 | FD56: =AVERAGE(EZ56:FC56) -> 32238.5 | FE56: =MEDIAN(EZ56:FC56) -> 40100 | FF56: =HARMEAN(EZ56:FC56) -> 19681.982 | FG56: =EZ56*1.2081 -> 9367.6074 | FH56: =+FG56+(FG56*20.5%) -> 11287.967 | FI56: =VLOOKUP(B56,'[2]RESPUESTOS '!$B$11:$CJ$246,87,0) -> 8280 | FJ56: 48000 | FK56: 44200 | FL56: 43300 | FM56: =AVERAGE(FI56:FL56) -> 35945 | FN56: =MEDIAN(FI56:FL56) -> 43750 | FO56: =HARMEAN(FI56:FL56) -> 21353.217 | FP56: =FI56*1.2081 -> 10003.068 | FQ56: =+FP56+(FP56*20.5%) -> 12053.697 | FR56: =VLOOKUP(B56,'[2]RESPUESTOS '!$B$11:$BX$246,75,0) -> 7783 | FS56: 40000 | FT56: 40600 | FU56: 39400 | FV56: =AVERAGE(FR56:FU56) -> 31945.75 | FW56: =MEDIAN(FR56:FU56) -> 39700 | FX56: =HARMEAN(FR56:FU56) -> 19656.366 | FY56: =FR56*1.2081 -> 9402.6423 | FZ56: =+FY56+(FY56*20.5%) -> 11330.184 | GA56: =VLOOKUP(B56,'[2]RESPUESTOS '!$B$11:$CN$246,91,0) -> 8860 | GB56: 46000 | GC56: 48800 | GD56: 46800 | GE56: =AVERAGE(GA56:GD56) -> 37615 | GF56: =MEDIAN(GA56:GD56) -> 46400 | GG56: =HARMEAN(GA56:GD56) -> 22667.349 | GH56: =GA56*1.2081 -> 10703.766 | GI56: =+GH56+(GH56*20.5%) -> 12898.038 | GJ56: =VLOOKUP(B56,'[2]RESPUESTOS '!$B$11:$T$246,19,0) -> 7388 | GK56: 40000 | GL56: 39200 | GM56: 38000 | GN56: =AVERAGE(GJ56:GM56) -> 31147 | GO56: =MEDIAN(GJ56:GM56) -> 38600 | GP56: =HARMEAN(GJ56:GM56) -> 18851.863 | GQ56: =GJ56*1.2081 -> 8925.4428 | GR56: =+GQ56+(GQ56*20.5%) -> 10755.159 | GS56: =VLOOKUP(B56,'[2]RESPUESTOS '!$B$11:$H$246,7,0) -> 7131 | GT56: 30000 | GU56: 23500 | GV56: 22600 | GW56: =AVERAGE(GS56:GV56) -> 20807.75 | GX56: =MEDIAN(GS56:GV56) -> 23050 | GY56: =HARMEAN(GS56:GV56) -> 15362.924 | GZ56: =GS56*1.2081 -> 8614.9611 | HA56: =+GZ56+(GZ56*20.5%) -> 10381.028 | HB56: =VLOOKUP(B56,'[2]RESPUESTOS '!$B$11:$D$246,3,0) -> 6258 | HC56: 30000 | HD56: 23500 | HE56: 22800 | HF56: =AVERAGE(HB56:HE56) -> 20639.5 | HG56: =MEDIAN(HB56:HE56) -> 23150 | HH56: =HARMEAN(HB56:HE56) -> 14309.139 | HI56: =HB56*1.2081 -> 7560.2898 | HJ56: =+HI56+(HI56*20.5%) -> 9110.1492 | HK56: =VLOOKUP(B56,'[2]RESPUESTOS '!$B$11:$CB$246,79,0) -> 8963 | HL56: 52000 | HM56: 48800 | HN56: 48000 | HO56: =AVERAGE(HK56:HN56) -> 39440.75 | HP56: =MEDIAN(HK56:HN56) -> 48400 | HQ56: =HARMEAN(HK56:HN56) -> 23238.832 | HR56: =HK56*1.2081 -> 10828.2 | HS56: =+HR56+(HR56*20.5%) -> 13047.981 | HT56: 49470.12 | HU56: 52000 | HV56: 61000 | HW56: 58600 | HX56: =AVERAGE(HU56:HW56) -> 57200 | HY56: =MEDIAN(HU56:HW56) -> 58600 | HZ56: =HARMEAN(HU56:HW56) -> 56937.818 | IA56: =HT56*1.2081 -> 59764.852 | IB56: =+IA56+(IA56*20.5%) -> 72016.647 | IC56: 52740 | ID56: 40000 | IE56: 61000 | IF56: 58000 | IG56: =AVERAGE(ID56:IF56) -> 53000 | IH56: =MEDIAN(ID56:IF56) -> 58000 | II56: =HARMEAN(ID56:IF56) -> 51164.136 | IJ56: =IC56*1.2081 -> 63715.194 | IK56: =+IJ56+(IJ56*20.5%) -> 76776.809 | IM56: =(K56+T56+AC56+AL56+AU56+BD56+BM56+BV56+CE56+CN56+CW56+DF56+DO56+DX56+EG56+EP56+EY56+FH56+FQ56+FZ56+GI56+GR56+HA56+HJ56+HS56+IB56+IK56)/27 -> 17817.765
A57: 50 | B57: BOMBILLO DIRECCIONAL | C57: =VLOOKUP(B57,[1]Hoja1!$B$9:$D$244,3,0) -> 28312 | D57: 104000 | E57: 157250 | F57: 154100 | G57: =AVERAGE(C57:F57) -> 110915.5 | H57: =MEDIAN(C57:F57) -> 129050 | I57: =HARMEAN(C57:F57) -> 69222.488 | J57: =C57*1.051 -> 29755.912 | K57: =+J57+(J57*20.5%) -> 35855.874 | L57: =VLOOKUP(B57,[1]Hoja1!$B$9:$L$244,11,0) -> 25810 | M57: 96000 | N57: 157250 | O57: 151000 | P57: =AVERAGE(L57:O57) -> 107515 | Q57: =MEDIAN(L57:O57) -> 123500 | R57: =HARMEAN(L57:O57) -> 64367.506 | S57: =L57*1.051 -> 27126.31 | T57: =+S57+(S57*20.5%) -> 32687.204 | U57: =VLOOKUP(B57,[1]Hoja1!$B$9:$T$244,19,0) -> 25124 | V57: 92000 | W57: 125800 | X57: 120800 | Y57: =AVERAGE(U57:X57) -> 90931 | Z57: =MEDIAN(U57:X57) -> 106400 | AA57: =HARMEAN(U57:X57) -> 59791.255 | AB57: =U57*1.051 -> 26405.324 | AC57: =+AB57+(AB57*20.5%) -> 31818.415 | AD57: =VLOOKUP(B57,[1]Hoja1!$B$9:$V$244,21,0) -> 28592 | AE57: 103000 | AF57: 119510 | AG57: 112300 | AH57: =AVERAGE(AD57:AG57) -> 90850.5 | AI57: =MEDIAN(AD57:AG57) -> 107650 | AJ57: =HARMEAN(AD57:AG57) -> 64562.18 | AK57: =AD57*1.051 -> 30050.192 | AL57: =+AK57+(AK57*20.5%) -> 36210.481 | AM57: =VLOOKUP(B57,[1]Hoja1!$B$9:$X$244,23,0) -> 26906 | AN57: 97000 | AO57: 106930 | AP57: 98400 | AQ57: =AVERAGE(AM57:AP57) -> 82309 | AR57: =MEDIAN(AM57:AP57) -> 97700 | AS57: =HARMEAN(AM57:AP57) -> 59710.205 | AT57: =AM57*1.051 -> 28278.206 | AU57: =+AT57+(AT57*20.5%) -> 34075.238 | AV57: =VLOOKUP(B57,[1]Hoja1!$B$9:$Z$244,25,0) -> 21000 | AW57: 77000 | AX57: 106930 | AY57: 101600 | AZ57: =AVERAGE(AV57:AY57) -> 76632.5 | BA57: =MEDIAN(AV57:AY57) -> 89300 | BB57: =HARMEAN(AV57:AY57) -> 50125.004 | BC57: =AV57*1.051 -> 22071 | BD57: =+BC57+(BC57*20.5%) -> 26595.555 | BE57: =VLOOKUP(B57,[1]Hoja1!$B$9:$AB$244,27,0) -> 23100 | BF57: 93000 | BG57: 125800 | BH57: 122000 | BI57: =AVERAGE(BE57:BH57) -> 90975 | BJ57: =MEDIAN(BE57:BH57) -> 107500 | BK57: =HARMEAN(BE57:BH57) -> 56989.329 | BL57: =BE57*1.051 -> 24278.1 | BM57: =+BL57+(BL57*20.5%) -> 29255.11 | BN57: =VLOOKUP(B57,[1]Hoja1!$B$9:$AD$244,29,0) -> 23100 | BO57: 83000 | BP57: 125800 | BQ57: 123300 | BR57: =AVERAGE(BN57:BQ57) -> 88800 | BS57: =MEDIAN(BN57:BQ57) -> 103150 | BT57: =HARMEAN(BN57:BQ57) -> 56024.244 | BU57: =BN57*1.051 -> 24278.1 | BV57: =+BU57+(BU57*20.5%) -> 29255.11 | BW57: =VLOOKUP(B57,[1]Hoja1!$B$9:$AF$244,31,0) -> 22150 | BX57: 70000 | BY57: 106930 | BZ57: 99400 | CA57: =AVERAGE(BW57:BZ57) -> 74620 | CB57: =MEDIAN(BW57:BZ57) -> 84700 | CC57: =HARMEAN(BW57:BZ57) -> 50732.633 | CD57: =BW57*1.051 -> 23279.65 | CE57: =+CD57+(CD57*20.5%) -> 28051.978 | CF57: =VLOOKUP(B57,[1]Hoja1!$B$9:$AJ$244,35,0) -> 22263 | CG57: 70000 | CH57: 72700 | CI57: 71200 | CJ57: =AVERAGE(CF57:CI57) -> 59040.75 | CK57: =MEDIAN(CF57:CI57) -> 70600 | CL57: =HARMEAN(CF57:CI57) -> 45975.219 | CM57: =CF57*1.051 -> 23398.413 | CN57: =+CM57+(CM57*20.5%) -> 28195.088 | CO57: =VLOOKUP(B57,[1]Hoja1!$B$9:$AL$244,37,0) -> 22240 | CP57: 80000 | CQ57: 106930 | CR57: 101600 | CS57: =AVERAGE(CO57:CR57) -> 77692.5 | CT57: =MEDIAN(CO57:CR57) -> 90800 | CU57: =HARMEAN(CO57:CR57) -> 52179.498 | CV57: =CO57*1.051 -> 23374.24 | CW57: =+CV57+(CV57*20.5%) -> 28165.959 | CX57: =VLOOKUP(B57,[1]Hoja1!$B$9:$AN$244,39,0) -> 26924 | CY57: 90000 | CZ57: 119510 | DA57: 114000 | DB57: =AVERAGE(CX57:DA57) -> 87608.5 | DC57: =MEDIAN(CX57:DA57) -> 102000 | DD57: =HARMEAN(CX57:DA57) -> 61169.445 | DE57: =CX57*1.051 -> 28297.124 | DF57: =+DE57+(DE57*20.5%) -> 34098.034 | DG57: =VLOOKUP(B57,[1]Hoja1!$B$9:$AR$244,43,0) -> 32002 | DH57: 110000 | DI57: 94350 | DJ57: 90600 | DK57: =AVERAGE(DG57:DJ57) -> 81738 | DL57: =MEDIAN(DG57:DJ57) -> 92475 | DM57: =HARMEAN(DG57:DJ57) -> 64541.823 | DN57: =DG57*1.051 -> 33634.102 | DO57: =+DN57+(DN57*20.5%) -> 40529.093 | DP57: =VLOOKUP(B57,[1]Hoja1!$B$9:$AT$244,45,0) -> 33023 | DQ57: 121000 | DR57: 94350 | DS57: 89600 | DT57: =AVERAGE(DP57:DS57) -> 84493.25 | DU57: =MEDIAN(DP57:DS57) -> 91975 | DV57: =HARMEAN(DP57:DS57) -> 66328.462 | DW57: =DP57*1.051 -> 34707.173 | DX57: =+DW57+(DW57*20.5%) -> 41822.143 | DY57: =VLOOKUP(B57,[1]Hoja1!$B$9:$AV$244,47,0) -> 37426 | DZ57: 130000 | EA57: 106930 | EB57: 101600 | EC57: =AVERAGE(DY57:EB57) -> 93989 | ED57: =MEDIAN(DY57:EB57) -> 104265 | EE57: =HARMEAN(DY57:EB57) -> 74618.328 | EF57: =DY57*1.051 -> 39334.726 | EG57: =+EF57+(EF57*20.5%) -> 47398.345 | EH57: =VLOOKUP(B57,[1]Hoja1!$B$9:$AX$244,49,0) -> 41392 | EI57: 148000 | EJ57: 141525 | EK57: 131600 | EL57: =AVERAGE(EH57:EK57) -> 115629.25 | EM57: =MEDIAN(EH57:EK57) -> 136562.5 | EN57: =HARMEAN(EH57:EK57) -> 87756.463 | EO57: =EH57*1.051 -> 43502.992 | EP57: =+EO57+(EO57*20.5%) -> 52421.105 | EQ57: =VLOOKUP(B57,[1]Hoja1!$B$9:$AZ$244,51,0) -> 32002 | ER57: 106000 | ES57: 141525 | ET57: 131600 | EU57: =AVERAGE(EQ57:ET57) -> 102781.75 | EV57: =MEDIAN(EQ57:ET57) -> 118800 | EW57: =HARMEAN(EQ57:ET57) -> 72271.721 | EX57: =EQ57*1.2081 -> 38661.616 | EY57: =+EX57+(EX57*20.5%) -> 46587.248 | EZ57: =VLOOKUP(B57,'[2]RESPUESTOS '!$B$11:$BH$246,59,0) -> 20383 | FA57: 92000 | FB57: 108800 | FC57: 103400 | FD57: =AVERAGE(EZ57:FC57) -> 81145.75 | FE57: =MEDIAN(EZ57:FC57) -> 97700 | FF57: =HARMEAN(EZ57:FC57) -> 50766.309 | FG57: =EZ57*1.2081 -> 24624.702 | FH57: =+FG57+(FG57*20.5%) -> 29672.766 | FI57: =VLOOKUP(B57,'[2]RESPUESTOS '!$B$11:$CJ$246,87,0) -> 21306 | FJ57: 110400 | FK57: 107800 | FL57: 102400 | FM57: =AVERAGE(FI57:FL57) -> 85476.5 | FN57: =MEDIAN(FI57:FL57) -> 105100 | FO57: =HARMEAN(FI57:FL57) -> 53308.336 | FP57: =FI57*1.2081 -> 25739.779 | FQ57: =+FP57+(FP57*20.5%) -> 31016.433 | FR57: =VLOOKUP(B57,'[2]RESPUESTOS '!$B$11:$BX$246,75,0) -> 17829 | FS57: 92000 | FT57: 94000 | FU57: 92100 | FV57: =AVERAGE(FR57:FU57) -> 73982.25 | FW57: =MEDIAN(FR57:FU57) -> 92050 | FX57: =HARMEAN(FR57:FU57) -> 45221.234 | FY57: =FR57*1.2081 -> 21539.215 | FZ57: =+FY57+(FY57*20.5%) -> 25954.754 | GA57: =VLOOKUP(B57,'[2]RESPUESTOS '!$B$11:$CN$246,91,0) -> 23204 | GB57: 106000 | GC57: 125800 | GD57: 122000 | GE57: =AVERAGE(GA57:GD57) -> 94251 | GF57: =MEDIAN(GA57:GD57) -> 114000 | GG57: =HARMEAN(GA57:GD57) -> 58244.657 | GH57: =GA57*1.2081 -> 28032.752 | GI57: =+GH57+(GH57*20.5%) -> 33779.467 | GJ57: =VLOOKUP(B57,'[2]RESPUESTOS '!$B$11:$T$246,19,0) -> 19012 | GK57: 90000 | GL57: 96800 | GM57: 94900 | GN57: =AVERAGE(GJ57:GM57) -> 75178 | GO57: =MEDIAN(GJ57:GM57) -> 92450 | GP57: =HARMEAN(GJ57:GM57) -> 47293.926 | GQ57: =GJ57*1.2081 -> 22968.397 | GR57: =+GQ57+(GQ57*20.5%) -> 27676.919 | GS57: =VLOOKUP(B57,'[2]RESPUESTOS '!$B$11:$H$246,7,0) -> 16573 | GT57: 70000 | GU57: 58100 | GV57: 54000 | GW57: =AVERAGE(GS57:GV57) -> 49668.25 | GX57: =MEDIAN(GS57:GV57) -> 56050 | GY57: =HARMEAN(GS57:GV57) -> 36246.645 | GZ57: =GS57*1.2081 -> 20021.841 | HA57: =+GZ57+(GZ57*20.5%) -> 24126.319 | HB57: =VLOOKUP(B57,'[2]RESPUESTOS '!$B$11:$D$246,3,0) -> 15846 | HC57: 70000 | HD57: 58100 | HE57: 56900 | HF57: =AVERAGE(HB57:HE57) -> 50211.5 | HG57: =MEDIAN(HB57:HE57) -> 57500 | HH57: =HARMEAN(HB57:HE57) -> 35657.133 | HI57: =HB57*1.2081 -> 19143.553 | HJ57: =+HI57+(HI57*20.5%) -> 23067.981 | HK57: =VLOOKUP(B57,'[2]RESPUESTOS '!$B$11:$CB$246,79,0) -> 23304 | HL57: 148000 | HM57: 125800 | HN57: 120000 | HO57: =AVERAGE(HK57:HN57) -> 104276 | HP57: =MEDIAN(HK57:HN57) -> 122900 | HQ57: =HARMEAN(HK57:HN57) -> 60651.73 | HR57: =HK57*1.2081 -> 28153.562 | HS57: =+HR57+(HR57*20.5%) -> 33925.043 | HT57: 126123.48 | HU57: 148000 | HV57: 157250 | HW57: 149400 | HX57: =AVERAGE(HU57:HW57) -> 151550 | HY57: =MEDIAN(HU57:HW57) -> 149400 | HZ57: =HARMEAN(HU57:HW57) -> 151442.51 | IA57: =HT57*1.2081 -> 152369.78 | IB57: =+IA57+(IA57*20.5%) -> 183605.58 | IC57: 134460 | ID57: 92000 | IE57: 157250 | IF57: 151000 | IG57: =AVERAGE(ID57:IF57) -> 133416.67 | IH57: =MEDIAN(ID57:IF57) -> 151000 | II57: =HARMEAN(ID57:IF57) -> 125778.87 | IJ57: =IC57*1.2081 -> 162441.13 | IK57: =+IJ57+(IJ57*20.5%) -> 195741.56 | IM57: =(K57+T57+AC57+AL57+AU57+BD57+BM57+BV57+CE57+CN57+CW57+DF57+DO57+DX57+EG57+EP57+EY57+FH57+FQ57+FZ57+GI57+GR57+HA57+HJ57+HS57+IB57+IK57)/27 -> 44873.659
A58: 51 | B58: BOMBILLO EXPLORADORA | C58: =VLOOKUP(B58,[1]Hoja1!$B$9:$D$244,3,0) -> 29725 | D58: 109000 | E58: 162000 | F58: 153900 | G58: =AVERAGE(C58:F58) -> 113656.25 | H58: =MEDIAN(C58:F58) -> 131450 | I58: =HARMEAN(C58:F58) -> 72089.487 | J58: =C58*1.051 -> 31240.975 | K58: =+J58+(J58*20.5%) -> 37645.375 | L58: =VLOOKUP(B58,[1]Hoja1!$B$9:$L$244,11,0) -> 24791 | M58: 93000 | N58: 162000 | O58: 150700 | P58: =AVERAGE(L58:O58) -> 107622.75 | Q58: =MEDIAN(L58:O58) -> 121850 | R58: =HARMEAN(L58:O58) -> 62599.331 | S58: =L58*1.051 -> 26055.341 | T58: =+S58+(S58*20.5%) -> 31396.686 | U58: =VLOOKUP(B58,[1]Hoja1!$B$9:$T$244,19,0) -> 25859 | V58: 95000 | W58: 129600 | X58: 128300 | Y58: =AVERAGE(U58:X58) -> 94689.75 | Z58: =MEDIAN(U58:X58) -> 111650 | AA58: =HARMEAN(U58:X58) -> 61816.299 | AB58: =U58*1.051 -> 27177.809 | AC58: =+AB58+(AB58*20.5%) -> 32749.26 | AD58: =VLOOKUP(B58,[1]Hoja1!$B$9:$V$244,21,0) -> 29726 | AE58: 107000 | AF58: 123120 | AG58: 113300 | AH58: =AVERAGE(AD58:AG58) -> 93286.5 | AI58: =MEDIAN(AD58:AG58) -> 110150 | AJ58: =HARMEAN(AD58:AG58) -> 66739.345 | AK58: =AD58*1.051 -> 31242.026 | AL58: =+AK58+(AK58*20.5%) -> 37646.641 | AM58: =VLOOKUP(B58,[1]Hoja1!$B$9:$X$244,23,0) -> 28086 | AN58: 101000 | AO58: 110160 | AP58: 108000 | AQ58: =AVERAGE(AM58:AP58) -> 86811.5 | AR58: =MEDIAN(AM58:AP58) -> 104500 | AS58: =HARMEAN(AM58:AP58) -> 62653.813 | AT58: =AM58*1.051 -> 29518.386 | AU58: =+AT58+(AT58*20.5%) -> 35569.655 | AV58: =VLOOKUP(B58,[1]Hoja1!$B$9:$Z$244,25,0) -> 20300 | AW58: 75000 | AX58: 110160 | AY58: 99100 | AZ58: =AVERAGE(AV58:AY58) -> 76140 | BA58: =MEDIAN(AV58:AY58) -> 87050 | BB58: =HARMEAN(AV58:AY58) -> 48921.92 | BC58: =AV58*1.051 -> 21335.3 | BD58: =+BC58+(BC58*20.5%) -> 25709.036 | BE58: =VLOOKUP(B58,[1]Hoja1!$B$9:$AB$244,27,0) -> 22481 | BF58: 90000 | BG58: 129600 | BH58: 123100 | BI58: =AVERAGE(BE58:BH58) -> 91295.25 | BJ58: =MEDIAN(BE58:BH58) -> 106550 | BK58: =HARMEAN(BE58:BH58) -> 55996.807 | BL58: =BE58*1.051 -> 23627.531 | BM58: =+BL58+(BL58*20.5%) -> 28471.175 | BN58: =VLOOKUP(B58,[1]Hoja1!$B$9:$AD$244,29,0) -> 22330 | BO58: 80000 | BP58: 129600 | BQ58: 128300 | BR58: =AVERAGE(BN58:BQ58) -> 90057.5 | BS58: =MEDIAN(BN58:BQ58) -> 104150 | BT58: =HARMEAN(BN58:BQ58) -> 54950.274 | BU58: =BN58*1.051 -> 23468.83 | BV58: =+BU58+(BU58*20.5%) -> 28279.94 | BW58: =VLOOKUP(B58,[1]Hoja1!$B$9:$AF$244,31,0) -> 21479 | BX58: 70000 | BY58: 110160 | BZ58: 103600 | CA58: =AVERAGE(BW58:BZ58) -> 76309.75 | CB58: =MEDIAN(BW58:BZ58) -> 86800 | CC58: =HARMEAN(BW58:BZ58) -> 50268.287 | CD58: =BW58*1.051 -> 22574.429 | CE58: =+CD58+(CD58*20.5%) -> 27202.187 | CF58: =VLOOKUP(B58,[1]Hoja1!$B$9:$AJ$244,35,0) -> 21634 | CG58: 70000 | CH58: 74900 | CI58: 72700 | CJ58: =AVERAGE(CF58:CI58) -> 59808.5 | CK58: =MEDIAN(CF58:CI58) -> 71350 | CL58: =HARMEAN(CF58:CI58) -> 45653.999 | CM58: =CF58*1.051 -> 22737.334 | CN58: =+CM58+(CM58*20.5%) -> 27398.487 | CO58: =VLOOKUP(B58,[1]Hoja1!$B$9:$AL$244,37,0) -> 22590 | CP58: 90000 | CQ58: 110160 | CR58: 105800 | CS58: =AVERAGE(CO58:CR58) -> 82137.5 | CT58: =MEDIAN(CO58:CR58) -> 97900 | CU58: =HARMEAN(CO58:CR58) -> 54121.35 | CV58: =CO58*1.051 -> 23742.09 | CW58: =+CV58+(CV58*20.5%) -> 28609.218 | CX58: =VLOOKUP(B58,[1]Hoja1!$B$9:$AN$244,39,0) -> 30981 | CY58: 110000 | CZ58: 123120 | DA58: 118000 | DB58: =AVERAGE(CX58:DA58) -> 95525.25 | DC58: =MEDIAN(CX58:DA58) -> 114000 | DD58: =HARMEAN(CX58:DA58) -> 69006.576 | DE58: =CX58*1.051 -> 32561.031 | DF58: =+DE58+(DE58*20.5%) -> 39236.042 | DG58: =VLOOKUP(B58,[1]Hoja1!$B$9:$AR$244,43,0) -> 31089 | DH58: 107000 | DI58: 97200 | DJ58: 92300 | DK58: =AVERAGE(DG58:DJ58) -> 81897.25 | DL58: =MEDIAN(DG58:DJ58) -> 94750 | DM58: =HARMEAN(DG58:DJ58) -> 63863.267 | DN58: =DG58*1.051 -> 32674.539 | DO58: =+DN58+(DN58*20.5%) -> 39372.819 | DP58: =VLOOKUP(B58,[1]Hoja1!$B$9:$AT$244,45,0) -> 34020 | DQ58: 125000 | DR58: 97200 | DS58: 93300 | DT58: =AVERAGE(DP58:DS58) -> 87380 | DU58: =MEDIAN(DP58:DS58) -> 95250 | DV58: =HARMEAN(DP58:DS58) -> 68492.384 | DW58: =DP58*1.051 -> 35755.02 | DX58: =+DW58+(DW58*20.5%) -> 43084.799 | DY58: =VLOOKUP(B58,[1]Hoja1!$B$9:$AV$244,47,0) -> 37307 | DZ58: 130000 | EA58: 110160 | EB58: 105800 | EC58: =AVERAGE(DY58:EB58) -> 95816.75 | ED58: =MEDIAN(DY58:EB58) -> 107980 | EE58: =HARMEAN(DY58:EB58) -> 75434.081 | EF58: =DY58*1.051 -> 39209.657 | EG58: =+EF58+(EF58*20.5%) -> 47247.637 | EH58: =VLOOKUP(B58,[1]Hoja1!$B$9:$AX$244,49,0) -> 40452 | EI58: 145000 | EJ58: 145800 | EK58: 137100 | EL58: =AVERAGE(EH58:EK58) -> 117088 | EM58: =MEDIAN(EH58:EK58) -> 141050 | EN58: =HARMEAN(EH58:EK58) -> 87393.747 | EO58: =EH58*1.051 -> 42515.052 | EP58: =+EO58+(EO58*20.5%) -> 51230.638 | EQ58: =VLOOKUP(B58,[1]Hoja1!$B$9:$AZ$244,51,0) -> 31089 | ER58: 103000 | ES58: 145800 | ET58: 134100 | EU58: =AVERAGE(EQ58:ET58) -> 103497.25 | EV58: =MEDIAN(EQ58:ET58) -> 118550 | EW58: =HARMEAN(EQ58:ET58) -> 71186.679 | EX58: =EQ58*1.2081 -> 37558.621 | EY58: =+EX58+(EX58*20.5%) -> 45258.138 | EZ58: =VLOOKUP(B58,'[2]RESPUESTOS '!$B$11:$BH$246,59,0) -> 19726 | FA58: 95000 | FB58: 104800 | FC58: 100600 | FD58: =AVERAGE(EZ58:FC58) -> 80031.5 | FE58: =MEDIAN(EZ58:FC58) -> 97800 | FF58: =HARMEAN(EZ58:FC58) -> 49564.346 | FG58: =EZ58*1.2081 -> 23830.981 | FH58: =+FG58+(FG58*20.5%) -> 28716.332 | FI58: =VLOOKUP(B58,'[2]RESPUESTOS '!$B$11:$CJ$246,87,0) -> 19763 | FJ58: 114000 | FK58: 101600 | FL58: 95500 | FM58: =AVERAGE(FI58:FL58) -> 82715.75 | FN58: =MEDIAN(FI58:FL58) -> 98550 | FO58: =HARMEAN(FI58:FL58) -> 50197.49 | FP58: =FI58*1.2081 -> 23875.68 | FQ58: =+FP58+(FP58*20.5%) -> 28770.195 | FR58: =VLOOKUP(B58,'[2]RESPUESTOS '!$B$11:$BX$246,75,0) -> 16596 | FS58: 95000 | FT58: 92600 | FU58: 88000 | FV58: =AVERAGE(FR58:FU58) -> 73049 | FW58: =MEDIAN(FR58:FU58) -> 90300 | FX58: =HARMEAN(FR58:FU58) -> 43036.403 | FY58: =FR58*1.2081 -> 20049.628 | FZ58: =+FY58+(FY58*20.5%) -> 24159.801 | GA58: =VLOOKUP(B58,'[2]RESPUESTOS '!$B$11:$CN$246,91,0) -> 23451 | GB58: 110000 | GC58: 124000 | GD58: 121500 | GE58: =AVERAGE(GA58:GD58) -> 94737.75 | GF58: =MEDIAN(GA58:GD58) -> 115750 | GG58: =HARMEAN(GA58:GD58) -> 58799.333 | GH58: =GA58*1.2081 -> 28331.153 | GI58: =+GH58+(GH58*20.5%) -> 34139.039 | GJ58: =VLOOKUP(B58,'[2]RESPUESTOS '!$B$11:$T$246,19,0) -> 18171 | GK58: 110000 | GL58: 94000 | GM58: 93100 | GN58: =AVERAGE(GJ58:GM58) -> 78817.75 | GO58: =MEDIAN(GJ58:GM58) -> 93550 | GP58: =HARMEAN(GJ58:GM58) -> 46781.935 | GQ58: =GJ58*1.2081 -> 21952.385 | GR58: =+GQ58+(GQ58*20.5%) -> 26452.624 | GS58: =VLOOKUP(B58,'[2]RESPUESTOS '!$B$11:$H$246,7,0) -> 15281 | GT58: 70000 | GU58: 56400 | GV58: 51900 | GW58: =AVERAGE(GS58:GV58) -> 48395.25 | GX58: =MEDIAN(GS58:GV58) -> 54150 | GY58: =HARMEAN(GS58:GV58) -> 34268.645 | GZ58: =GS58*1.2081 -> 18460.976 | HA58: =+GZ58+(GZ58*20.5%) -> 22245.476 | HB58: =VLOOKUP(B58,'[2]RESPUESTOS '!$B$11:$D$246,3,0) -> 15979 | HC58: 70000 | HD58: 56400 | HE58: 53600 | HF58: =AVERAGE(HB58:HE58) -> 48994.75 | HG58: =MEDIAN(HB58:HE58) -> 55000 | HH58: =HARMEAN(HB58:HE58) -> 35318.508 | HI58: =HB58*1.2081 -> 19304.23 | HJ58: =+HI58+(HI58*20.5%) -> 23261.597 | HK58: =VLOOKUP(B58,'[2]RESPUESTOS '!$B$11:$CB$246,79,0) -> 23211 | HL58: 145000 | HM58: 124000 | HN58: 119000 | HO58: =AVERAGE(HK58:HN58) -> 102802.75 | HP58: =MEDIAN(HK58:HN58) -> 121500 | HQ58: =HARMEAN(HK58:HN58) -> 60197.946 | HR58: =HK58*1.2081 -> 28041.209 | HS58: =+HR58+(HR58*20.5%) -> 33789.657 | HT58: 131273.1 | HU58: 145000 | HV58: 162000 | HW58: 155500 | HX58: =AVERAGE(HU58:HW58) -> 154166.67 | HY58: =MEDIAN(HU58:HW58) -> 155500 | HZ58: =HARMEAN(HU58:HW58) -> 153844.11 | IA58: =HT58*1.2081 -> 158591.03 | IB58: =+IA58+(IA58*20.5%) -> 191102.19 | IC58: 139950 | ID58: 95000 | IE58: 162000 | IF58: 160400 | IG58: =AVERAGE(ID58:IF58) -> 139133.33 | IH58: =MEDIAN(ID58:IF58) -> 160400 | II58: =HARMEAN(ID58:IF58) -> 130812.61 | IJ58: =IC58*1.2081 -> 169073.6 | IK58: =+IJ58+(IJ58*20.5%) -> 203733.68 | IM58: =(K58+T58+AC58+AL58+AU58+BD58+BM58+BV58+CE58+CN58+CW58+DF58+DO58+DX58+EG58+EP58+EY58+FH58+FQ58+FZ58+GI58+GR58+HA58+HJ58+HS58+IB58+IK58)/27 -> 45276.975
A59: 52 | B59: BOMBILLO FAROLA ALTA | C59: =VLOOKUP(B59,[1]Hoja1!$B$9:$D$244,3,0) -> 58628 | D59: 215000 | E59: 318500 | F59: 305800 | G59: =AVERAGE(C59:F59) -> 224482 | H59: =MEDIAN(C59:F59) -> 260400 | I59: =HARMEAN(C59:F59) -> 142259.21 | J59: =C59*1.051 -> 61618.028 | K59: =+J59+(J59*20.5%) -> 74249.724 | L59: =VLOOKUP(B59,[1]Hoja1!$B$9:$L$244,11,0) -> 50392 | M59: 188000 | N59: 318500 | O59: 299400 | P59: =AVERAGE(L59:O59) -> 214073 | Q59: =MEDIAN(L59:O59) -> 243700 | R59: =HARMEAN(L59:O59) -> 126409.07 | S59: =L59*1.051 -> 52961.992 | T59: =+S59+(S59*20.5%) -> 63819.2 | U59: =VLOOKUP(B59,[1]Hoja1!$B$9:$T$244,19,0) -> 49334 | V59: 181000 | W59: 254800 | X59: 247200 | Y59: =AVERAGE(U59:X59) -> 183083.5 | Z59: =MEDIAN(U59:X59) -> 214100 | AA59: =HARMEAN(U59:X59) -> 118466.53 | AB59: =U59*1.051 -> 51850.034 | AC59: =+AB59+(AB59*20.5%) -> 62479.291 | AD59: =VLOOKUP(B59,[1]Hoja1!$B$9:$V$244,21,0) -> 58772 | AE59: 210000 | AF59: 242060 | AG59: 237200 | AH59: =AVERAGE(AD59:AG59) -> 187008 | AI59: =MEDIAN(AD59:AG59) -> 223600 | AJ59: =HARMEAN(AD59:AG59) -> 132785.07 | AK59: =AD59*1.051 -> 61769.372 | AL59: =+AK59+(AK59*20.5%) -> 74432.093 | AM59: =VLOOKUP(B59,[1]Hoja1!$B$9:$X$244,23,0) -> 55386 | AN59: 198000 | AO59: 216580 | AP59: 205800 | AQ59: =AVERAGE(AM59:AP59) -> 168941.5 | AR59: =MEDIAN(AM59:AP59) -> 201900 | AS59: =HARMEAN(AM59:AP59) -> 122767.45 | AT59: =AM59*1.051 -> 58210.686 | AU59: =+AT59+(AT59*20.5%) -> 70143.877 | AV59: =VLOOKUP(B59,[1]Hoja1!$B$9:$Z$244,25,0) -> 43050 | AW59: 158000 | AX59: 216580 | AY59: 207900 | AZ59: =AVERAGE(AV59:AY59) -> 156382.5 | BA59: =MEDIAN(AV59:AY59) -> 182950 | BB59: =HARMEAN(AV59:AY59) -> 102603.16 | BC59: =AV59*1.051 -> 45245.55 | BD59: =+BC59+(BC59*20.5%) -> 54520.888 | BE59: =VLOOKUP(B59,[1]Hoja1!$B$9:$AB$244,27,0) -> 49167 | BF59: 197000 | BG59: 254800 | BH59: 244600 | BI59: =AVERAGE(BE59:BH59) -> 186391.75 | BJ59: =MEDIAN(BE59:BH59) -> 220800 | BK59: =HARMEAN(BE59:BH59) -> 119660.37 | BL59: =BE59*1.051 -> 51674.517 | BM59: =+BL59+(BL59*20.5%) -> 62267.793 | BN59: =VLOOKUP(B59,[1]Hoja1!$B$9:$AD$244,29,0) -> 47355 | BO59: 170000 | BP59: 254800 | BQ59: 242100 | BR59: =AVERAGE(BN59:BQ59) -> 178563.75 | BS59: =MEDIAN(BN59:BQ59) -> 206050 | BT59: =HARMEAN(BN59:BQ59) -> 114107.65 | BU59: =BN59*1.051 -> 49770.105 | BV59: =+BU59+(BU59*20.5%) -> 59972.977 | BW59: =VLOOKUP(B59,[1]Hoja1!$B$9:$AF$244,31,0) -> 45411 | BX59: 130000 | BY59: 216580 | BZ59: 205800 | CA59: =AVERAGE(BW59:BZ59) -> 149447.75 | CB59: =MEDIAN(BW59:BZ59) -> 167900 | CC59: =HARMEAN(BW59:BZ59) -> 102067.58 | CD59: =BW59*1.051 -> 47726.961 | CE59: =+CD59+(CD59*20.5%) -> 57510.988 | CF59: =VLOOKUP(B59,[1]Hoja1!$B$9:$AJ$244,35,0) -> 43050 | CG59: 130000 | CH59: 147300 | CI59: 144400 | CJ59: =AVERAGE(CF59:CI59) -> 116187.5 | CK59: =MEDIAN(CF59:CI59) -> 137200 | CL59: =HARMEAN(CF59:CI59) -> 89615.4 | CM59: =CF59*1.051 -> 45245.55 | CN59: =+CM59+(CM59*20.5%) -> 54520.888 | CO59: =VLOOKUP(B59,[1]Hoja1!$B$9:$AL$244,37,0) -> 46463 | CP59: 170000 | CQ59: 216580 | CR59: 201400 | CS59: =AVERAGE(CO59:CR59) -> 158610.75 | CT59: =MEDIAN(CO59:CR59) -> 185700 | CU59: =HARMEAN(CO59:CR59) -> 108145.14 | CV59: =CO59*1.051 -> 48832.613 | CW59: =+CV59+(CV59*20.5%) -> 58843.299 | CX59: =VLOOKUP(B59,[1]Hoja1!$B$9:$AN$244,39,0) -> 60147 | CY59: 200000 | CZ59: 242060 | DA59: 235000 | DB59: =AVERAGE(CX59:DA59) -> 184301.75 | DC59: =MEDIAN(CX59:DA59) -> 217500 | DD59: =HARMEAN(CX59:DA59) -> 133277.98 | DE59: =CX59*1.051 -> 63214.497 | DF59: =+DE59+(DE59*20.5%) -> 76173.469 | DG59: =VLOOKUP(B59,[1]Hoja1!$B$9:$AR$244,43,0) -> 60039 | DH59: 206000 | DI59: 191100 | DJ59: 183500 | DK59: =AVERAGE(DG59:DJ59) -> 160159.75 | DL59: =MEDIAN(DG59:DJ59) -> 187300 | DM59: =HARMEAN(DG59:DJ59) -> 124251.91 | DN59: =DG59*1.051 -> 63100.989 | DO59: =+DN59+(DN59*20.5%) -> 76036.692 | DP59: =VLOOKUP(B59,[1]Hoja1!$B$9:$AT$244,45,0) -> 66885 | DQ59: 245000 | DR59: 191100 | DS59: 185400 | DT59: =AVERAGE(DP59:DS59) -> 172096.25 | DU59: =MEDIAN(DP59:DS59) -> 188250 | DV59: =HARMEAN(DP59:DS59) -> 134865.07 | DW59: =DP59*1.051 -> 70296.135 | DX59: =+DW59+(DW59*20.5%) -> 84706.843 | DY59: =VLOOKUP(B59,[1]Hoja1!$B$9:$AV$244,47,0) -> 72047 | DZ59: 250000 | EA59: 216580 | EB59: 210100 | EC59: =AVERAGE(DY59:EB59) -> 187181.75 | ED59: =MEDIAN(DY59:EB59) -> 213340 | EE59: =HARMEAN(DY59:EB59) -> 146752.92 | EF59: =DY59*1.051 -> 75721.397 | EG59: =+EF59+(EF59*20.5%) -> 91244.283 | EH59: =VLOOKUP(B59,[1]Hoja1!$B$9:$AX$244,49,0) -> 74374 | EI59: 266000 | EJ59: 286650 | EK59: 272300 | EL59: =AVERAGE(EH59:EK59) -> 224831 | EM59: =MEDIAN(EH59:EK59) -> 269150 | EN59: =HARMEAN(EH59:EK59) -> 164163.5 | EO59: =EH59*1.051 -> 78167.074 | EP59: =+EO59+(EO59*20.5%) -> 94191.324 | EQ59: =VLOOKUP(B59,[1]Hoja1!$B$9:$AZ$244,51,0) -> 60039 | ER59: 198000 | ES59: 286650 | ET59: 258000 | EU59: =AVERAGE(EQ59:ET59) -> 200672.25 | EV59: =MEDIAN(EQ59:ET59) -> 228000 | EW59: =HARMEAN(EQ59:ET59) -> 137594.69 | EX59: =EQ59*1.2081 -> 72533.116 | EY59: =+EX59+(EX59*20.5%) -> 87402.405 | EZ59: =VLOOKUP(B59,'[2]RESPUESTOS '!$B$11:$BH$246,59,0) -> 39347 | FA59: 181000 | FB59: 212400 | FC59: 210300 | FD59: =AVERAGE(EZ59:FC59) -> 160761.75 | FE59: =MEDIAN(EZ59:FC59) -> 195650 | FF59: =HARMEAN(EZ59:FC59) -> 99002.623 | FG59: =EZ59*1.2081 -> 47535.111 | FH59: =+FG59+(FG59*20.5%) -> 57279.808 | FI59: =VLOOKUP(B59,'[2]RESPUESTOS '!$B$11:$CJ$246,87,0) -> 39665 | FJ59: 217200 | FK59: 207600 | FL59: 191000 | FM59: =AVERAGE(FI59:FL59) -> 163866.25 | FN59: =MEDIAN(FI59:FL59) -> 199300 | FO59: =HARMEAN(FI59:FL59) -> 100331.72 | FP59: =FI59*1.2081 -> 47919.286 | FQ59: =+FP59+(FP59*20.5%) -> 57742.74 | FR59: =VLOOKUP(B59,'[2]RESPUESTOS '!$B$11:$BX$246,75,0) -> 34830 | FS59: 181000 | FT59: 193800 | FU59: 182200 | FV59: =AVERAGE(FR59:FU59) -> 147957.5 | FW59: =MEDIAN(FR59:FU59) -> 181600 | FX59: =HARMEAN(FR59:FU59) -> 89118.267 | FY59: =FR59*1.2081 -> 42078.123 | FZ59: =+FY59+(FY59*20.5%) -> 50704.138 | GA59: =VLOOKUP(B59,'[2]RESPUESTOS '!$B$11:$CN$246,91,0) -> 50674 | GB59: 209000 | GC59: 254800 | GD59: 242100 | GE59: =AVERAGE(GA59:GD59) -> 189143.5 | GF59: =MEDIAN(GA59:GD59) -> 225550 | GG59: =HARMEAN(GA59:GD59) -> 122797.9 | GH59: =GA59*1.2081 -> 61219.259 | GI59: =+GH59+(GH59*20.5%) -> 73769.208 | GJ59: =VLOOKUP(B59,'[2]RESPUESTOS '!$B$11:$T$246,19,0) -> 35649 | GK59: 200000 | GL59: 192400 | GM59: 182800 | GN59: =AVERAGE(GJ59:GM59) -> 152712.25 | GO59: =MEDIAN(GJ59:GM59) -> 187600 | GP59: =HARMEAN(GJ59:GM59) -> 91492.894 | GQ59: =GJ59*1.2081 -> 43067.557 | GR59: =+GQ59+(GQ59*20.5%) -> 51896.406 | GS59: =VLOOKUP(B59,'[2]RESPUESTOS '!$B$11:$H$246,7,0) -> 31874 | GT59: 130000 | GU59: 115400 | GV59: 103900 | GW59: =AVERAGE(GS59:GV59) -> 95293.5 | GX59: =MEDIAN(GS59:GV59) -> 109650 | GY59: =HARMEAN(GS59:GV59) -> 69739.881 | GZ59: =GS59*1.2081 -> 38506.979 | HA59: =+GZ59+(GZ59*20.5%) -> 46400.91 | HB59: =VLOOKUP(B59,'[2]RESPUESTOS '!$B$11:$D$246,3,0) -> 32870 | HC59: 130000 | HD59: 115400 | HE59: 110800 | HF59: =AVERAGE(HB59:HE59) -> 97267.5 | HG59: =MEDIAN(HB59:HE59) -> 113100 | HH59: =HARMEAN(HB59:HE59) -> 71676.922 | HI59: =HB59*1.2081 -> 39710.247 | HJ59: =+HI59+(HI59*20.5%) -> 47850.848 | HK59: =VLOOKUP(B59,'[2]RESPUESTOS '!$B$11:$CB$246,79,0) -> 47899 | HL59: 266000 | HM59: 254800 | HN59: 252000 | HO59: =AVERAGE(HK59:HN59) -> 205174.75 | HP59: =MEDIAN(HK59:HN59) -> 253400 | HQ59: =HARMEAN(HK59:HN59) -> 122965.07 | HR59: =HK59*1.2081 -> 57866.782 | HS59: =+HR59+(HR59*20.5%) -> 69729.472 | HT59: 250052.04 | HU59: 266000 | HV59: 318500 | HW59: 296200 | HX59: =AVERAGE(HU59:HW59) -> 293566.67 | HY59: =MEDIAN(HU59:HW59) -> 296200 | HZ59: =HARMEAN(HU59:HW59) -> 291964.75 | IA59: =HT59*1.2081 -> 302087.87 | IB59: =+IA59+(IA59*20.5%) -> 364015.88 | IC59: 266580 | ID59: 181000 | IE59: 318500 | IF59: 308900 | IG59: =AVERAGE(ID59:IF59) -> 269466.67 | IH59: =MEDIAN(ID59:IF59) -> 308900 | II59: =HARMEAN(ID59:IF59) -> 252061.17 | IJ59: =IC59*1.2081 -> 322055.3 | IK59: =+IJ59+(IJ59*20.5%) -> 388076.63 | IM59: =(K59+T59+AC59+AL59+AU59+BD59+BM59+BV59+CE59+CN59+CW59+DF59+DO59+DX59+EG59+EP59+EY59+FH59+FQ59+FZ59+GI59+GR59+HA59+HJ59+HS59+IB59+IK59)/27 -> 89258.596
